Workbook
Name inf: #REF!
Name inf: #REF!
Name inf: #REF!
Name inf: #REF!

Sheet PRESUPUESTO FINAL
A1: COMPONENTE 1
A2: PROYECTO: FORTALECIMIENTO DEL ORDENAMIENTO TERRITORIAL PARA LA CONSTRUCCION DE VISION REGIONAL EN EL DEPARTAMENTO DEL HUILA
B3: OBJETIVOS (TRES OBJETIVOS)
A4: COMPONENTE | B4: CAPITULO | C4: ITEM | D4: ACTIVIDAD | E4: TIEMPO DE EJECUCION (MESES) | F4: MANO DE OBRA CALIFICADA | G4: MANO DE OBRA NO CALIFICADA | H4: TRANSPORTE | I4: MAQUINARIA, EQUIPOS Y SOFTWARE | J4: ESTUDIOS COMPLEMETARIOS | K4: OTROS GASTOS GENERALES | L4: SUBTOTAL | M4: VALOR TOTAL CAPITULO
A5: 1 | B5: ALISTAMIENTO INSTITUCIONAL | C5: 1 | D5: Determinar la ESTRUCTURA INSTITUCIONAL y articulación de los municipios para la recopilación de información secundaria como insumo para la formulación del plan. | E5: 2 | F5: =#REF! -> #REF! | G5: =#REF!*2 -> #REF! | H5: =#REF!*15 -> #REF! | L5: =SUM(F5:K5) -> #REF! | M5: =SUM(L5:L9) -> #REF!
C6: 2 | D6: Incentivar la PARTICIPACIÓN de actores públicos (asamblea, concejos, CAM, alcaldías) y privados en los procesos de planeación territorial. | F6: =#REF! -> #REF! | L6: =SUM(F6:K6) -> #REF!
C7: 3 | D7: Fortalecer el Sistema de Información Geográfica del Huila – SIR - SIGDEHU y demás métodos de difusión virtual. | F7: =#REF!*2 -> #REF! | G7: =#REF!*2 -> #REF! | I7: =#REF! -> #REF! | L7: =SUM(F7:K7) -> #REF! | N7: NO VA
C8: 4 | D8: Analizar la conveniencia de las diferentes alternativas de asociación que brinda la Ley Orgánica de Ordenamiento Territorial (Ley 1454 de 2011). | F8: =#REF! -> #REF! | K8: =#REF!*4 -> #REF! | L8: =SUM(F8:K8) -> #REF! | N8: 18 MESES
C9: 5 | D9: Definir mecanismos de gestión y financiación para el POD y/o esquemas asociativos que se requieran para la implementación del plan en el marco de las normas vigentes (Ley 1454 de 2011). | F9: =#REF!*E5 -> #REF! | L9: =SUM(F9:K9) -> #REF!
B10: DIAGNÓSTICO TERRITORIAL | C10: 1 | D10: Analizar el territorio e identificar los elementos estructurantes del ordenamiento territorial, identificando el estado actual de ordenamiento. | E10: 3 | F10: =#REF!+#REF!*E10 -> #REF! | L10: =SUM(F10:K10) -> #REF! | M10: =SUM(L10:L20) -> #REF!
C11: 2 | D11: Realizar de manera dinámica el diagnostico, de modo que se cuente con los elementos básicos para entender la forma cómo ha evolucionado el departamento en cada uno de los aspectos identificados como elementos estructurales. | F11: =#REF!*E10 -> #REF! | G11: =#REF!*4 -> #REF! | H11: =#REF!*10 -> #REF! | K11: =#REF!*4+#REF! -> #REF! | L11: =SUM(F11:K11) -> #REF!
C12: 3 | D12: Análisis de la problemática minera-energética en el territorio. | F12: =#REF!+#REF!*4 -> #REF! | G12: =#REF!*2 -> #REF! | L12: =SUM(F12:K12) -> #REF!
C13: 4 | D13: Identificación del Subsistema Ambiental Biofísico. | F13: =#REF!+#REF!+#REF! -> #REF! | G13: =#REF!*2 -> #REF! | J13: =#REF! -> #REF! | L13: =SUM(F13:K13) -> #REF!
C14: 5 | D14: Identificación del Subsistema Productivo-competitivo. | F14: =#REF!+#REF!+#REF!+#REF!*2 -> #REF! | G14: =#REF!*2 -> #REF! | J14: =#REF! -> #REF! | L14: =SUM(F14:K14) -> #REF!
C15: 6 | D15: Identificación del Subsistema Socio Cultural. | F15: =#REF!+#REF!*2 -> #REF! | L15: =SUM(F15:K15) -> #REF!
C16: 7 | D16: Identificación del Subsistema Poblacional. | F16: =#REF!+#REF!+#REF!*2 -> #REF! | J16: =#REF! -> #REF! | L16: =SUM(F16:K16) -> #REF!
C17: 8 | D17: Identificación del Subsistema de Asentamientos Poblaciones. | F17: =#REF!*2 -> #REF! | L17: =SUM(F17:K17) -> #REF!
C18: 9 | D18: Identificación del Subsistema Infraestructura. | F18: =#REF!*2 -> #REF! | L18: =SUM(F18:K18) -> #REF!
C19: 10 | D19: Identificación del Elemento Transversal Riesgo Natural y Cambio Climático. | F19: =#REF!+#REF!+#REF!+#REF!*2 -> #REF! | G19: =#REF!*2 -> #REF! | L19: =SUM(F19:K19) -> #REF!
C20: 11 | D20: Identificación del Subsistema de movilidad y comunicaciones. | F20: =#REF!+#REF!*2 -> #REF! | H20: =#REF!*5 -> #REF! | L20: =SUM(F20:K20) -> #REF!
B21: FORMULACION | C21: 1 | D21: Elaboración de directrices y orientaciones con el fin de determinar los escenarios de uso y ocupación del espacio, especialmente en áreas de conurbación, relacionadas con: | E21: 6 | M21: =SUM(L21:L38) -> #REF!
C22: 1.1 | D22: La conservación y protección del medio ambiente, la biodiversidad y los recursos naturales, de modo que se busque garantizar la protección de los recursos naturales y, en particular, áreas protegidas, ecosistemas estratégicos y sus servicios ecosistémicos asociados y conservación de la estructura ecológica departamental. | F22: =#REF!+#REF!+#REF!*5 -> #REF! | H22: =#REF!*4 -> #REF! | J22: =#REF! -> #REF! | L22: =SUM(F22:K22) -> #REF!
C23: 1.2 | D23: La gestión del riesgo de desastres, así como acciones para la adaptación al cambio climático. La identificación de áreas de amenazas de origen socio-natural, tecnológico, biosanitario o humanos no intencional, que generen riesgo para la localización de asentamientos humanos y para el desarrollo de infraestructuras, servicios y equipamientos regionales y la orientación de medidas de planificación y la definición de proyectos de mitigación que permitan controlar y/o reducir el riesgo existente y que eviten la generación de nuevo riesgo. | F23: =#REF!+#REF!+#REF!*5 -> #REF! | L23: =SUM(F23:K23) -> #REF!
C24: 1.3 | D24: La conservación, preservación y uso de las áreas e inmuebles consideradas como patrimonio cultural de la Nación y de los departamentos, incluyendo, entre otros, los sitios históricos y arqueológicos y las construcciones o restos de ellas que hayan sido declarados como bienes de interés cultural. | F24: =#REF!*3 -> #REF! | G24: =#REF!*3 -> #REF! | K24: =#REF! -> #REF! | L24: =SUM(F24:K24) -> #REF!
C25: 1.4 | D25: La definición y delimitación de las categorías de protección y desarrollo restringido del suelo rural, patrones de suburbanización, la delimitación de las unidades de planificación rural y el sistema de centros poblados rurales. | F25: =#REF!+#REF!*5 -> #REF! | H25: =#REF!*4 -> #REF! | K25: =#REF! -> #REF! | L25: =SUM(F25:K25) -> #REF!
C26: 1.5 | D26: El desarrollo rural con enfoque territorial sustentado en el ordenamiento productivo agropecuario, el ordenamiento social de la propiedad rural, y de las áreas para la producción agropecuaria y el aprovechamiento sostenible de los recursos naturales. | F26: =#REF!*5+#REF! -> #REF! | L26: =SUM(F26:K26) -> #REF!
C27: 2 | D27: Políticas de asentamientos poblacionales y centros urbanos, de tal manera que facilite el desarrollo de su territorio, particularmente con relación a los siguientes temas:
C28: 2.1 | D28: Políticas de gestión del riesgo de desastres que incorporen el riesgo de desastre como condicionante para el uso y ocupación del territorio y como determinante del ordenamiento territorial departamental, en búsqueda de garantizar su desarrollo seguro. | F28: =#REF!+#REF!*5 -> #REF! | L28: =SUM(F28:K28) -> #REF!
C29: 2.2 | D29: Políticas de mediano y largo plazo y orientaciones dirigidas a los municipios en su jurisdicción que les permitan identificar acciones prioritarias en materia de adaptación al cambio climático. | F29: =#REF!+#REF!*5 -> #REF! | K29: =#REF! -> #REF! | L29: =SUM(F29:K29) -> #REF!
C30: 2.3 | D30: Conservación, preservación y uso de las áreas e inmuebles consideradas como patrimonio cultural de la Nación y de los departamentos, incluyendo, entre otros, los sitios históricos y arqueológicos y las construcciones o restos de ellas que hayan sido declarados como bienes de interés cultural. | F30: =#REF!*3 -> #REF! | G30: =#REF!*3 -> #REF! | L30: =SUM(F30:K30) -> #REF!
C31: 2.4 | D31: Ordenamiento del suelo rural, rural suburbano y centros poblados rurales. | F31: =#REF!+#REF!*5 -> #REF! | H31: =#REF!*5 -> #REF! | K31: =#REF! -> #REF! | L31: =SUM(F31:K31) -> #REF!
C32: 3 | D32: Directrices y orientaciones para la localización de la infraestructura física-social de manera que se aprovechen las ventajas competitivas regionales y se promueva la equidad en el desarrollo departamental y municipal, con respecto a:
C33: 3.1 | D33: Las infraestructuras básicas relativas a la red vial nacional y regional, puertos y aeropuertos, así como los sistemas de comunicación entre municipios y su articulación con los diferentes sistemas regionales de transporte. | F33: =#REF!+#REF!*5 -> #REF! | G33: =#REF!*2 -> #REF! | L33: =SUM(F33:K33) -> #REF!
C34: 3.2 | D34: Los corredores viales suburbanos. | F34: =#REF!*5 -> #REF! | L34: =SUM(F34:K34) -> #REF!
C35: 3.3 | D35: Los sistemas de abastecimiento de agua, saneamiento y suministro de energía. Así mismo deberán señalarse las áreas para la realización de actividades referidas al manejo, tratamiento y/o disposición final de residuos sólidos o líquidos, tales como rellenos sanitarios, estaciones de transferencia, plantas incineradoras de residuos, plantas de tratamiento de aguas residuales, y/o estaciones de bombeo necesarias para resolver los requerimientos propios de varios municipios y que se definan de conformidad con la normativa vigente. | F35: =#REF!*5 -> #REF! | L35: =SUM(F35:K35) -> #REF!
C36: 3.4 | D36: Los equipamientos de escala regional y departamental que puedan ser localizados en el suelo rural de los municipios. | F36: =#REF!*5 -> #REF! | H36: =#REF!*4 -> #REF! | L36: =SUM(F36:K36) -> #REF!
C37: 4 | D37: Integración y orientación del POD, en la proyección espacial de los planes sectoriales departamentales con los planes de los municipios y de los grupos étnicos. | F37: =#REF!+#REF!*5 -> #REF! | K37: =#REF!*4 -> #REF! | L37: =SUM(F37:K37) -> #REF!
C38: 5 | D38: Programa de ejecución del POD, estableciendo cronograma para el corto, mediano y largo plazo | F38: =#REF!+#REF!+#REF!*3+#REF! -> #REF! | L38: =SUM(F38:K38) -> #REF!
B39: CARTOGRAFÍA | C39: 1 | D39: Elaboración de cartografía para los diferentes análisis que se realicen en el proceso de diagnóstico, formulación, aprobación e implementación de los POD. | E39: 2 | F39: =#REF!+#REF!*2 -> #REF! | G39: =#REF!*4*2 -> #REF! | I39: =#REF!*2 -> #REF! | J39: =#REF! -> #REF! | K39: =#REF! -> #REF! | L39: =SUM(F39:K39) -> #REF! | M39: =SUM(L39:L40) -> #REF!
C40: 2 | D40: Elaboración y estructuración de las cartografías temáticas que deberán seguir los parámetros establecidos por la Infraestructura Colombiana de Datos Espaciales (ICDE). | F40: =#REF!+#REF!*2 -> #REF! | G40: =#REF!*4*2 -> #REF! | I40: =#REF!*2 -> #REF! | J40: =#REF! -> #REF! | K40: =#REF! -> #REF! | L40: =SUM(F40:K40) -> #REF!
B41: CONFORMACION Y PUESTA EN MARCHA DE LA CROT | C41: 1 | D41: Instalación y puesta en operación su CROT Departamental. | E41: 2 | F41: =#REF!*2 -> #REF! | G41: =#REF!*2 -> #REF! | K41: =#REF! -> #REF! | L41: =SUM(F41:K41) -> #REF! | M41: =SUM(L41) -> #REF! | N41: NO VA
E42: =SUM(E5:E41) -> 15 | F42: =SUM(F5:F41) -> #REF! | G42: =SUM(G5:G41) -> #REF! | H42: =SUM(H5:H41) -> #REF! | I42: =SUM(I5:I41) -> #REF! | J42: =SUM(J5:J41) -> #REF! | K42: =SUM(K5:K41) -> #REF! | M42: =SUM(M5:M41) -> #REF!
M44: =SUM(F42:K42) -> #REF!

Sheet INTERVENTORIA
A2: DESGLOSE DE INTERVENTORIA
A3: ='PRESUPUESTO FINAL'!A3 -> 0
A4: CARGO/OFICIO | E4: CANTIDAD MES | F4: SUELDO Y/O JORNAL MENSUAL | G4: DEDICACION MES | H4: VALOR PARCIAL
A5: COSTO DIRECTO PERSONAL
A6: ARQUITECTO experto en planificación y ordenamiento territorial | E6: 15 | F6: 4500000 | G6: 0.5 | H6: =+E6*F6*G6 -> 33750000
A7: INGENIERO AMBIENTAL EXPERTO EN GESTION DEL RIESGO | E7: =+E6 -> 15 | F7: 4500000 | G7: 0.5 | H7: =+E7*F7*G7 -> 33750000
A8: INGENIERO ESP. SISTEMAS INFORMACION GEOGRAFICA | E8: =+E7 -> 15 | F8: 3500000 | G8: 0.3 | H8: =+E8*F8*G8 -> 15750000
A9: ABOGADO | E9: SUBTOTAL COSTO DE PERSONAL | H9: =SUM(H6:H8) -> 83250000
A10: CONTADOR | E10: FACTOR MULTIPLICADOR | H10: 2.18
A11: PROFESIONAL DE APOYO | E11: TOTAL COSTO DE PERSONAL | H11: =+H9*H10 -> 181485000
A13: CARGO/OFICIO | E13: UNIDAD | F13: VALOR DEL MES | G13: No. MESES | H13: VALOR PARCIAL
A14: OTROS COSTOS DIRECTOS
A15: COSTOS DE ALQUILER DE EQUIPOS
A16: Transporte | E16: Mes | F16: 4000000 | G16: 9 | H16: =+F16*G16 -> 36000000
E17: SUBTOTAL OTROS COSTOS DIRECTOS | H17: =SUM(H16:H16) -> 36000000
E19: TOTAL COSTOS DIRECTOS | H19: =+H11+H17 -> 217485000
E20: IVA 16% | H20: =+H19*0.16 -> 34797600
E21: COSTO TOTAL | H21: =+H20+H19 -> 252282600
H23: PRESUPUESTO GENERAL 5.500.000.000
A27: ____________________________________

Sheet PRESUPUESTO  CONSULTORIA 
A1: GOBERNACIÓN DEL HUILA
A2: DEPARTAMENTO ADMINISTRATIVO DE PLANEACIÓN DEL HUILA
A3: CONSULTORIA ESPECIALIZADA PARA EVALUACIÓN Y EMISIÓN DE CONCEPTOS DE VIABILIDAD PARA PROYECTOS EN EL MARCO DEL MECANISMO DEPARTAMENTAL DE VIABILIZACION EN EL SECTOR DE AGUA POTABLE Y SANEAMIENTO”
A4: ÍTEM | B4: CONCEPTO | C4: CANTIDAD | D4: CATEGORÍA | E4: COSTO MES | F4: FACTOR MULTIPLICADOR | G4: COSTO TOTAL MENSUAL | H4: DEDICACIÓN | M4: VALOR PARCIAL
H5: 1 | I5: 2 | J5: 3 | K5: 4 | L5: TOTAL MESES
A6: A | B6: PERSONAL PROFESIONAL
A7: 1.1 | B7: LIDER DE PROYECTO | C7: 1 | D7: Profesional | F7: 1.96 | G7: =ROUNDUP(E7*F7*C7,0) -> 0 | H7: 1 | I7: 1 | J7: 1 | L7: =SUM(H7:K7) -> 3 | M7: =G7*L7 -> 0
A8: 1.2 | B8: ESPECIALISTA HIDRÁULICO SANITARIO EN DISEÑO DE REDES Y ESTRUCTURAS DE SISTEMAS DE ACUEDUCTO Y ALCANTARILLADO | C8: 1 | D8: Profesional | F8: 1.96 | G8: =ROUNDUP(E8*F8*C8,0) -> 0 | H8: 1 | I8: 1 | J8: 1 | L8: =SUM(H8:K8) -> 3 | M8: =G8*L8 -> 0
A9: 1.3 | B9: ESPECIALISTA EN DISEÑO ESTRUCTURAL | C9: 1 | D9: Profesional | F9: 1.96 | G9: =ROUNDUP(E9*F9*C9,0) -> 0 | H9: 1 | I9: 1 | J9: 1 | L9: =SUM(H9:K9) -> 3 | M9: =G9*L9 -> 0
A10: 1.4 | B10: ASESOR TOPÓGRAFO | C10: 1 | D10: Profesional | F10: 1.96 | G10: =ROUNDUP(E10*F10*C10,0) -> 0 | H10: 1 | I10: 1 | J10: 1 | L10: =SUM(H10:K10) -> 3 | M10: =G10*L10 -> 0 | N10: =+M10/#REF! -> #REF! | O10: =+N10*#REF! -> #REF!
A11: 1.5 | B11: ASESOR EN GEOTECNIA | C11: 1 | D11: Profesional | F11: 1.96 | G11: =ROUNDUP(E11*F11*C11,0) -> 0 | H11: 1 | I11: 1 | J11: 1 | L11: =SUM(H11:K11) -> 3 | M11: =G11*L11 -> 0
A12: 1.6 | B12: PROFESIONAL EN FORTALECIMIENTO INSTITUCIONAL | C12: 1 | D12: Profesional | F12: 1.96 | G12: =ROUNDUP(E12*F12*C12,0) -> 0 | H12: 1 | I12: 1 | J12: 1 | L12: =SUM(H12:K12) -> 3 | M12: =G12*L12 -> 0 | N12: =+M12/#REF! -> #REF! | O12: =+N12*#REF! -> #REF!
A14: SUBTOTAL PERSONAL PROFESIONAL | M14: =M12+M11+M10+M9+M7+M8 -> 0 | N14: =1-N22 -> #DIV/0! | O14: =+N14*O24 -> #DIV/0!
A16: ÍTEM | B16: CONCEPTO | C16: CANTIDAD | D16: CATEGORÍA | E16: =+E4 -> COSTO MES | F16: =+F4 -> FACTOR MULTIPLICADOR | G16: =+G4 -> COSTO TOTAL MENSUAL | H16: DEDICACIÓN | M16: VALOR
H17: 1 | I17: 2 | J17: 3 | K17: 4 | L17: TOTAL MESES | M17: PARCIAL
A18: B | B18: PERSONAL TECNICO AUXILIAR
A19: B1 | B19: SECRETARIA | C19: 2 | D19: Tecnico | F19: 1.96 | G19: =ROUNDUP(E19*F19*C19,0) -> 0 | H19: 1 | I19: 1 | J19: 1 | L19: =SUM(H19:K19) -> 3 | M19: =G19*L19 -> 0 | N19: =+M19/$M$22 -> #DIV/0! | O19: =+N19*$O$22 -> #DIV/0!
A20: B2 | B20: MENSAJERO-CONDUCTOIR | C20: 1 | D20: Tecnico | F20: 1.96 | G20: =ROUNDUP(E20*F20*C20,0) -> 0 | H20: 1 | I20: 1 | J20: 1 | L20: =SUM(H20:K20) -> 3 | M20: =G20*L20 -> 0
A22: SUBTOTAL PERSONAL TECNICO AUXILIAR | M22: =M19+M20 -> 0 | N22: =+M22/M24 -> #DIV/0! | O22: =+N22*O24 -> #DIV/0!
A24: TOTAL COSTOS DEL PERSONAL | M24: =+M14+M22 -> 0 | N24: =+M24/M39 -> #DIV/0! | O24: =+N24*O39 -> #DIV/0!
A26: COSTOS DE INSUMOS, ADMINISTRACION Y OTROS COSTOS (*)
A27: ITEM | B27: CONCEPTO | C27: CANTIDAD | D27: UNIDAD | F27: VALOR UNITARIO | G27: COSTO TOTAL MENSUAL | H27: DEDICACIÓN | M27: VALOR
H28: 1 | I28: 2 | J28: 3 | L28: TOTAL MESES | M28: PARCIAL
A29: C | B29: INSUMOS (OTROS COSTOS)
A30: C1 | B30: ALQUILER DE OFICINA | C30: 1 | D30: MES | G30: =F30 -> 0 | H30: 1 | I30: 1 | J30: 1 | L30: =SUM(H30:K30) -> 3 | M30: =G30*L30 -> 0 | N30: =+#REF!/$M$37 -> #REF! | O30: =+N30*$O$37 -> #REF!
A31: C2 | B31: VEHICULO DE 1300 -2000 C.C. | C31: 1 | D31: MES | G31: =+F31*C31 -> 0 | H31: 1 | I31: 1 | J31: 1 | L31: =SUM(H31:K31) -> 3 | M31: =+G31*L31 -> 0
A32: C3 | B32: EDICION DE INFORMES, DOCUMENTACION, FOTOCOPIAS, PAPELERIA Y PLOTTEADA DE PLANOS. | C32: 8 | D32: UNIDAD | G32: =+F32*C32 -> 0 | H32: 1 | I32: 1 | J32: 1 | L32: =SUM(H32:K32) -> 3 | M32: =ROUND(+G32*L32,0) -> 0
A33: C4 | B33: ALQUILER EQUIPOS TOPOGRAFIA, RTK y ESTACION | C33: 1 | D33: MES | G33: =+F33*C33 -> 0 | H33: 1 | I33: 1 | J33: 1 | L33: =SUM(H33:K33) -> 3 | M33: =+G33*L33 -> 0
A34: C5 | B34: ALQUILER EQUIPOS DE COMPUTO Y MOBILIARIO DE OFICINA, INCLUYE MANTENIMIENTOS PREVENTIVOS Y CORRECTIVOS | C34: 1 | D34: MES | G34: =+F34*C34 -> 0 | H34: 1 | I34: 1 | J34: 1 | L34: =SUM(H34:K34) -> 3 | M34: =+G34*L34 -> 0
A35: C6 | B35: GASTOS DE REPRESENTACION. | C35: 1 | D35: MES | G35: =+F35*C35 -> 0 | H35: 1 | I35: 1 | J35: 1 | L35: =SUM(H35:K35) -> 3 | M35: =+G35*L35 -> 0
A37: * TOTAL INSUMOS, ADMINISTRACION Y OTROS COSTOS | M37: =SUM(M30:M35) -> 0 | N37: =+M37/M39 -> #DIV/0! | O37: =+N37*O39 -> #DIV/0!
A39: TOTAL COSTOS DIRECTOS | M39: =M37+M24 -> 0 | N39: 312321546 | O39: 2.6010188e+08
A40: IVA 19% | M40: =ROUND(M39*19%,0) -> 0 | N40: 59341094 | O40: 49419358
A41: TOTAL COSTOS | M41: =M39+M40 -> 0 | N41: 371662640 | O41: =+O39+O40 -> 309521242
A43: FIRMA PROPONENTE
G52: =3219*0.06 -> 193.14

Sheet PRESUPUESTO DEFINITIVO
A1: GOBERNACION DEL HUILA
A2: DEPARTAMENTO ADMINISTRATIVO DE PLANEACION DEL HUILA
A3: FORTALECIMIENTO DEL ORDENAMIENTO TERRITORIAL PARA LA CONSTRUCCION DE VISION REGIONAL DEL DEPARTAMENTO DEL HUILA
A5: PROYECTO | B5: OBJETIVO GENERAL | C5: OBJETIVOS ESPECIFICOS | D5: COMPONENTE | E5: CAPITULO | F5: PRODUCTO | G5: INDICADORES | H5: META | I5: ACTIVIDADES | J5: TIEMPO DE EJECUCION (MESES) | K5: MANO DE OBRA CALIFICADA | L5: MANO DE OBRA NO CALIFICADA | M5: TRANSPORTE | N5: MAQUINARIA, EQUIPOS Y SOFTWARE | O5: ESTUDIOS COMPLEMETARIOS | P5: OTROS GASTOS GENERALES | Q5: SUBTOTAL | R5: IVA 16% | S5: VALOR TOTAL CAPITULO
A6: FORTALECIMIENTO DEL ORDENAMIENTO TERRITORIAL PARA LA CONSTRUCCION DE VISION REGIONAL EN EL DEPARTAMENTO DEL HUILA | B6: Formular el Plan de Ordenamiento Departamental POD, como una política pública integral y de largo plazo, para planear, ordenar y gestionar las actuaciones sobre el territorio y orientar los POT Municipales, en procura del desarrollo económico, social, sostenible y armónico, con el propósito de mejorar la calidad de vida de la población, teniendo en cuenta el impacto y resultados de las propuestas, ejecuciones y evaluación del POTD | C6: 1. Elaborar el diagnóstico del territorio del departamento del Huila, mediante del análisis de sus elementos estructurantes, el estado actual de su ordenamiento, de modo tal que permita entender la evolución de cada uno de estos elementos y su incidencia en el desarrollo integral del departamento. 2.Formular el Plan de Ordenamiento Departamental mediante la construcción de escenarios, la definición de directrices para el uso y ocupación, la gestión integral del riesgo de las áreas de conurbanizacion, localización de infraestructura física y social, políticas que faciliten las relaciones y la gestión del riesgo entre los centros urbanos y asentamientos poblacionales, la armonización en la proyección espacial de los planes sectoriales entre el departamento y los municipios. 3.Elaboración de la cartografía temática y especifica mediante la espacializacion de las problemáticas actuales y las propuestas de organización de sus sistemas estructurantes, que permita visualizar su organización físico espacial y funcional. | D6: 1 | E6: DIAGNÓSTICO TERRITORIAL | F6: Documento de recopilación y análisis de información y acuerdo de plan de trabajo | G6: DOCUMENTO REALIZADO | H6: 1 | I6: Analizar el territorio mediante la identificacion de los elementos estructurantes del ordenamiento territorial, identificando el estado actual de ordenamiento. | J6: 9 | K6: =#REF!+#REF!*J6 -> #REF! | Q6: =SUM(K6:P6) -> #REF! | S6: =SUM(Q6:Q8) -> #REF!
F7: Documento Diagnóstico territorial y escenarios actual y tendencial | G7: DOCUMENTO REALIZADO | H7: 1 | I7: Realizar de manera dinámica el diagnostico, de modo que se cuente con los elementos básicos para entender la forma cómo ha evolucionado el departamento en cada uno de los aspectos ecomicos, sociales, ambientales y fisicos espaciales. | K7: =#REF!*J6 -> #REF! | L7: =#REF!*4 -> #REF! | M7: =#REF!*10 -> #REF! | P7: =#REF!*4+#REF! -> #REF! | Q7: =SUM(K7:P7) -> #REF!
I8: Identificacion de los sistemas estructurantes. | K8: ='[1]PRESUPUESTO FINAL'!$F$12+'[1]PRESUPUESTO FINAL'!$F$13+'[1]PRESUPUESTO FINAL'!$F$14+'[1]PRESUPUESTO FINAL'!$F$15+'[1]PRESUPUESTO FINAL'!$F$16+'[1]PRESUPUESTO FINAL'!$F$17+'[1]PRESUPUESTO FINAL'!$F$18+'[1]PRESUPUESTO FINAL'!$F$19+'[1]PRESUPUESTO FINAL'!$F$20 -> 137115000 | L8: ='[1]PRESUPUESTO FINAL'!$G$12+'[1]PRESUPUESTO FINAL'!$G$13+'[1]PRESUPUESTO FINAL'!$G$14+'[1]PRESUPUESTO FINAL'!$G$19 -> 10560000 | M8: ='[1]PRESUPUESTO FINAL'!$H$20 -> 17500000 | O8: ='[1]PRESUPUESTO FINAL'!$J$13+'[1]PRESUPUESTO FINAL'!$J$14+'[1]PRESUPUESTO FINAL'!$J$16 -> 225000000 | Q8: =SUM(K8:P8) -> 390175000
E9: FORMULACION TERRITORIAL | F9: Documento de formulación con su correspondiente modelo de territorio deseado y directrices. | G9: DOCUMENTO REALIZADO | H9: 1 | I9: Elaboración de directrices y orientaciones con el fin de determinar los escenarios de uso y ocupación del espacio, especialmente en áreas de conurbación. | J9: 4 | K9: ='[1]PRESUPUESTO FINAL'!$F$22+'[1]PRESUPUESTO FINAL'!$F$23+'[1]PRESUPUESTO FINAL'!$F$24+'[1]PRESUPUESTO FINAL'!$F$25+'[1]PRESUPUESTO FINAL'!$F$26 -> 127462500 | L9: ='[1]PRESUPUESTO FINAL'!$G$24 -> 3960000 | M9: ='[1]PRESUPUESTO FINAL'!$H$22+'[1]PRESUPUESTO FINAL'!$H$25 -> 28000000 | O9: ='[1]PRESUPUESTO FINAL'!$J$22 -> 75000000 | P9: ='[1]PRESUPUESTO FINAL'!$K$24+'[1]PRESUPUESTO FINAL'!$K$25 -> 95000000 | Q9: =SUM(K9:P9) -> 329422500 | S9: =SUM(Q9:Q14) -> #REF!
F10: Documento de formulación con sus correspondientes estrategias, programas y proyectos. | G10: DOCUMENTO REALIZADO | H10: 1 | I10: Políticas de asentamientos poblacionales y centros urbanos, de tal manera que facilite el desarrollo de su territorio. | K10: ='[1]PRESUPUESTO FINAL'!$F$28+'[1]PRESUPUESTO FINAL'!$F$29+'[1]PRESUPUESTO FINAL'!$F$30+'[1]PRESUPUESTO FINAL'!$F$31 -> 104912500 | L10: ='[1]PRESUPUESTO FINAL'!$G$30 -> 3960000 | M10: ='[1]PRESUPUESTO FINAL'!$H$31 -> 17500000 | P10: ='[1]PRESUPUESTO FINAL'!$K$29+'[1]PRESUPUESTO FINAL'!$K$31 -> 95000000 | Q10: =SUM(K10:P10) -> 221372500
F11: Documentos Técnicos de Soporte | G11: DOCUMENTO REALIZADO | H11: 1 | I11: Directrices y orientaciones para la localización de la infraestructura física-social de manera que se aprovechen las ventajas competitivas regionales y se promueva la equidad en el desarrollo departamental y municipal. | K11: ='[1]PRESUPUESTO FINAL'!$F$33+'[1]PRESUPUESTO FINAL'!$F$34+'[1]PRESUPUESTO FINAL'!$F$35+'[1]PRESUPUESTO FINAL'!$F$36+'[1]PRESUPUESTO FINAL'!$F$37+'[1]PRESUPUESTO FINAL'!$F$38 -> 162525000 | L11: ='[1]PRESUPUESTO FINAL'!$G$33 -> 1980000 | M11: ='[1]PRESUPUESTO FINAL'!$H$36 -> 14000000 | P11: ='[1]PRESUPUESTO FINAL'!$K$37 -> 16000000 | Q11: =SUM(K11:P11) -> 194505000
I12: Integración y orientación del POD, en la proyección espacial de los planes sectoriales departamentales con los planes de los municipios y de los grupos étnicos. | K12: =#REF!+#REF!*5 -> #REF! | P12: =#REF!*4 -> #REF! | Q12: =SUM(K12:P12) -> #REF!
F13: Proyecto de Ordenanza | G13: DOCUMENTO REALIZADO | H13: 1 | I13: Programa de ejecución del POD, estableciendo cronograma para el corto, mediano y largo plazo | K13: =#REF!+#REF!+#REF!*3 -> #REF! | Q13: =SUM(K13:P13) -> #REF!
I14: Elaboración del proyecto de Ordenanza. | K14: =#REF! -> #REF! | Q14: =SUM(K14:P14) -> #REF!
E15: CARTOGRAFÍA PROCESO DE DIAGNOSTICO Y FORMULACION POD | F15: Cartografía digital e impresa, aerofotografías, base de datos | G15: CARTOGRAFIA PARA ELABORACION DEL DIAGNOSTICO | H15: 1 | I15: Elaboración de cartografía para los diferentes análisis que se realicen en el proceso de diagnóstico del POD, que deberán seguir los parámetros establecidos por la Infraestructura Colombiana de Datos Espaciales (ICDE). | J15: 3 | K15: =#REF!+#REF!*2 -> #REF! | L15: =#REF!*4*2 -> #REF! | N15: =#REF!*2+'[1]MANO DE OBRA'!$D$59 -> #REF! | O15: =#REF! -> #REF! | P15: =#REF! -> #REF! | Q15: =SUM(K15:P15) -> #REF! | S15: =SUM(Q15:Q16) -> #REF!
G16: CARTOGRAFIA PARA ELABORACION DE LA FORMULACION | H16: 1 | I16: Elaboración y estructuración de las cartografías temáticas para el proceso de formulacion que deberán seguir los parámetros establecidos por la Infraestructura Colombiana de Datos Espaciales (ICDE). | K16: =#REF!+#REF!*2 -> #REF! | L16: =#REF!*4*2 -> #REF! | N16: =#REF!*2 -> #REF! | O16: =#REF! -> #REF! | P16: =#REF! -> #REF! | Q16: =SUM(K16:P16) -> #REF!
D17: VALOR TOTAL COMPONENTE 1-PLAN DE ORDENAMIENTO DEPARTAMENTAL | S17: =SUM(S6:S16) -> #REF!
D18: 2 | E18: EXPLORACIÓN DEL SUBSUELO Y ENSAYOS DE LABORATORIO | F18: INFORME FINAL DE RESULTADOS DE LOS ENSAYOS Y EXPLORACION DEL SUBSUELO | G18: ENSAYOS DE LABORATORIO REALIZADOS PARA ESTUDIOS BASICOS | H18: 1 | I18: Ejecutar apiques, perforaciones, trincheras y lineas de refraccion sismica y geoelectrica | J18: 1 | K18: ='[2]VALOR TOTAL 2809'!$H$5+'[2]VALOR TOTAL 2809'!$H$6+'[2]VALOR TOTAL 2809'!$H$7 -> 798424000 | L18: ='[2]VALOR TOTAL 2809'!$H$8+'[2]VALOR TOTAL 2809'!$H$9 -> 73315000 | O18: ='[2]VALOR TOTAL 2809'!$H$10+'[2]VALOR TOTAL 2809'!$H$11 -> 3.8786e+08 | Q18: =SUM(K18:P18) -> 1259599000 | R18: =Q18*16% -> 201535840 | S18: =Q18+R18 -> 1461134840
G19: EXPLORACION DEL SUBSUELO | H19: 1 | I19: Elaboracion de diferentes ensayos de laboratorios requeridos para los estudios basicos | J19: 1 | O19: ='[2]VALOR TOTAL 2809'!$H$14+'[2]VALOR TOTAL 2809'!$H$15+'[2]VALOR TOTAL 2809'!$H$16+'[2]VALOR TOTAL 2809'!$H$17+'[2]VALOR TOTAL 2809'!$H$18+'[2]VALOR TOTAL 2809'!$H$19+'[2]VALOR TOTAL 2809'!$H$20+'[2]VALOR TOTAL 2809'!$H$21+'[2]VALOR TOTAL 2809'!$H$22+'[2]VALOR TOTAL 2809'!$H$23 -> 239598150 | Q19: =SUM(K19:P19) -> 239598150 | R19: =Q19*16% -> 38335704 | S19: =Q19+R19 -> 277933854
E20: CARTOGRAFIA ESTUDIOS BASICOS | F20: CARTOGRAFÍA DIGITAL E IMPRESA, AEROFOTOGRAFÍAS, BASE DE DATOS | G20: CARTOGRAFIA PARA LA ELABORACION DE ESTUDIOS BASICOS | H20: 1 | I20: Elaborar la cartografia requeria por el DECRETO 1807 DE 2014 Y 1077 DE 2015, para los estudios basicos ambientales | J20: 2 | K20: ='[2]VALOR TOTAL 2809'!$H$26+'[2]VALOR TOTAL 2809'!$H$27 -> 156090000 | L20: ='[2]VALOR TOTAL 2809'!$H$28+'[2]VALOR TOTAL 2809'!$H$29 -> 476027200 | P20: ='[2]VALOR TOTAL 2809'!$H$30+'[2]VALOR TOTAL 2809'!$H$31 -> 70713500 | Q20: =SUM(K20:P20) -> 702830700 | R20: =Q20*16% -> 112452912 | S20: =Q20+R20 -> 815283612
E21: ACTIVIDADES Y ESTUDIOS DE APOYO | F21: INFORME FINAL CON RESULTADOS DE ACTIVAIDADES DE APOYO Y SOPORTES | G21: DOCUMENTO REALIZADO | H21: 1 | I21: Elaboracion de la Metodologia, Cronograma y Plan de Trabajo | J21: 1.5 | K21: ='[2]VALOR TOTAL 2809'!$H$33 -> 24821955 | Q21: =SUM(K21:P21) -> 24821955 | R21: =Q21*16% -> 3971512.8 | S21: =SUM(Q21:R32) -> 9.9499881e+08
I22: Recopilación, Revisión y Analisis de Información Secundaria | K22: ='[2]VALOR TOTAL 2809'!$H$34 -> 42868261 | Q22: =SUM(K22:P22) -> 42868261 | R22: =Q22*16% -> 6858921.8
I23: Elaboracion de la Geologia y Geomorfologia Rural y Local | K23: ='[2]VALOR TOTAL 2809'!$H$35 -> 58774678 | O23: ='[2]VALOR TOTAL 2809'!$H$36 -> 58774678 | Q23: =SUM(K23:P23) -> 1.1754936e+08 | R23: =Q23*16% -> 18807897
I24: Elaboracion de la Sismologia | O24: ='[2]VALOR TOTAL 2809'!$H$37 -> 27197321 | Q24: =SUM(K24:P24) -> 27197321 | R24: =Q24*16% -> 4351571.3
I25: Analisis de la Cobertura del Suelo Local y rural | K25: ='[2]VALOR TOTAL 2809'!$H$38 -> 34770824 | O25: ='[2]VALOR TOTAL 2809'!$H$39 -> 27353324 | Q25: =SUM(K25:P25) -> 62124148 | R25: =Q25*16% -> 9939863.6
I26: Elaboracion del Modelo Geologico Geotecnico Rural y urbano | K26: ='[2]VALOR TOTAL 2809'!$H$40 -> 35857546 | O26: ='[2]VALOR TOTAL 2809'!$H$41 -> 53945757 | Q26: =SUM(K26:P26) -> 89803303 | R26: =Q26*16% -> 14368529
I27: Elaboracion del Estudio Hidrologico e hidraulicoRural, local y cabeceras municipales | K27: ='[2]VALOR TOTAL 2809'!$H$42+'[2]VALOR TOTAL 2809'!$H$45 -> 58227017 | O27: ='[2]VALOR TOTAL 2809'!$H$43+'[2]VALOR TOTAL 2809'!$H$44 -> 60487588 | Q27: =SUM(K27:P27) -> 1.187146e+08 | R27: =Q27*16% -> 18994337
I28: Analisis de las Amenazas en zona Urbana (Escala 1:2000)y zona rural (Escala 1:25,000) | K28: ='[2]VALOR TOTAL 2809'!$H$46 -> 68342236 | O28: ='[2]VALOR TOTAL 2809'!$H$47 -> 37908009 | Q28: =SUM(K28:P28) -> 1.0625025e+08 | R28: =Q28*16% -> 17000039
I29: Analisis de la Vulnerabilidad zona Urbana (Escala 1:2000) y zona Rural (Escala 1:25,000) | K29: ='[2]VALOR TOTAL 2809'!$H$48 -> 73091630 | O29: ='[2]VALOR TOTAL 2809'!$H$49 -> 39264405 | Q29: =SUM(K29:P29) -> 1.1235604e+08 | R29: =Q29*16% -> 17976966
I30: Elaboracion de la Medidas de Reduccion del Riesgo - Zona Rural y Zona Urbana | K30: ='[2]VALOR TOTAL 2809'!$H$50 -> 34523574 | O30: ='[2]VALOR TOTAL 2809'!$H$51 -> 59177931 | Q30: =SUM(K30:P30) -> 93701505 | R30: =Q30*16% -> 14992241
I31: Elaboracion de Talleres de Socialización | K31: ='[2]VALOR TOTAL 2809'!$H$52 -> 25054487 | Q31: =SUM(K31:P31) -> 25054487 | R31: =Q31*16% -> 4008718
I32: Elaboracion del informe final | K32: ='[2]VALOR TOTAL 2809'!$H$53 -> 37316375 | Q32: =SUM(K32:P32) -> 37316375 | R32: =Q32*16% -> 5970620
E33: EQUIPO Y OTROS GASTOS | F33: DOCUMENTOS SOPORTES DE ESTUDIOS BASICOS | G33: DOCUMENTO IMPRESO FINAL DE ESTUDIO BASICO | H33: 1 | I33: Desplazamiento a la zona rural y urbana | J33: 1.5 | M33: ='[2]VALOR TOTAL 2809'!$H$54 -> 28758400 | Q33: =SUM(K33:P33) -> 28758400 | R33: =Q33*16% -> 4601344 | S33: =Q33+R33 -> 33359744
I34: Impresión y presentación de informes, ploteo de planos, fotocopias y otros gastos de papelería | J34: 0.5 | P34: ='[2]VALOR TOTAL 2809'!$H$55 -> 16555000 | Q34: =SUM(K34:P34) -> 16555000 | R34: =Q34*16% -> 2648800 | S34: =Q34+R34 -> 19203800
D35: VALOR TOTAL COMPONENTE 2-ESTUDIOS BASICOS | S35: =SUM(S18:S34) -> 3.6019147e+09
D36: TOTAL COMPONENTE 1 + 2 | S36: =S17+S35 -> #REF!
D37: VALOR INTERVENTORIA 7% | S37: =S36*7% -> #REF!
D38: GRAN TOTAL | S38: =S36+S37 -> #REF!

Sheet PROGRAMACION FINAL
J2: MESES
A4: PROYECTO | B4: OBJETIVO GENERAL | C4: OBJETIVOS ESPECIFICOS | D4: COMPONENTE | E4: CAPITULO | F4: PRODUCTO | G4: INDICADORES | H4: META | I4: ACTIVIDADES | J4: TIEMPO DE EJECUCION (MESES) | K4: 1 | M4: 2 | N4: 3 | O4: 4 | P4: 5 | Q4: 6 | R4: 7 | S4: 8 | U4: 9 | V4: 10 | W4: 11 | X4: 12 | Y4: 13 | Z4: 14
A5: FORTALECIMIENTO DEL ORDENAMIENTO TERRITORIAL PARA LA CONSTRUCCION DE VISION REGIONAL EN EL DEPARTAMENTO DEL HUILA | B5: Formular el Plan de Ordenamiento Departamental POD, como una política pública integral y de largo plazo, para planear, ordenar y gestionar las actuaciones sobre el territorio y orientar los POT Municipales, en procura del desarrollo económico, social, sostenible y armónico, con el propósito de mejorar la calidad de vida de la población, teniendo en cuenta el impacto y resultados de las propuestas, ejecuciones y evaluación del POTD | C5: 1. Elaborar el diagnóstico del territorio del departamento del Huila, mediante del análisis de sus elementos estructurantes, el estado actual de su ordenamiento, de modo tal que permita entender la evolución de cada uno de estos elementos y su incidencia en el desarrollo integral del departamento. 2.Formular el Plan de Ordenamiento Departamental mediante la construcción de escenarios, la definición de directrices para el uso y ocupación, la gestión integral del riesgo de las áreas de conurbanizacion, localización de infraestructura física y social, políticas que faciliten las relaciones y la gestión del riesgo entre los centros urbanos y asentamientos poblacionales, la armonización en la proyección espacial de los planes sectoriales entre el departamento y los municipios. 3.Elaboración de la cartografía temática y especifica mediante la espacializacion de las problemáticas actuales y las propuestas de organización de sus sistemas estructurantes, que permita visualizar su organización físico espacial y funcional. | D5: 1 | E5: DIAGNÓSTICO TERRITORIAL | F5: DOCUMENTO DIAGNOSTICO CON SUS CORRESPONDIENTES SOPORTES | G5: DOCUMENTO REALIZADO | H5: 1 | I5: Analizar el territorio mediante la identificacion de los elementos estructurantes del ordenamiento territorial, identificando el estado actual de ordenamiento. | J5: 4
I6: Realizar de manera dinámica el diagnostico, de modo que se cuente con los elementos básicos para entender la forma cómo ha evolucionado el departamento en cada uno de los aspectos ecomicos, sociales, ambientales y fisicos espaciales.
I7: Identificar y determinar los sistemas estructurantes regionales.
E8: FORMULACION TERRITORIAL | F8: DOCUMENTO DE FORMULACION CON SUS CORRESPONDIENTES SOPORTES | G8: DOCUMENTO REALIZADO | H8: 1 | I8: Elaboración de directrices y orientaciones con el fin de determinar los escenarios de uso y ocupación del espacio, especialmente en áreas de conurbación. | J8: 6
I9: Políticas de asentamientos poblacionales y centros urbanos, de tal manera que facilite el desarrollo de su territorio.
I10: Directrices y orientaciones para la localización de la infraestructura física-social de manera que se aprovechen las ventajas competitivas regionales y se promueva la equidad en el desarrollo departamental y municipal.
I11: Integración y orientación del POD, en la proyección espacial de los planes sectoriales departamentales con los planes de los municipios y de los grupos étnicos.
I12: Programa de ejecución del POD, estableciendo cronograma para el corto, mediano y largo plazo
E13: CARTOGRAFÍA PROCESO DE DIAGNOSTICO Y FORMULACION POD | F13: CARTOGRAFÍA DIGITAL E IMPRESA, AEROFOTOGRAFÍAS, BASE DE DATOS | G13: CARTOGRAFIA PARA ELABORACION DEL DIAGNOSTICO | H13: 1 | I13: Elaboración de cartografía para los diferentes análisis que se realicen en el proceso de diagnóstico del POD, que deberán seguir los parámetros establecidos por la Infraestructura Colombiana de Datos Espaciales (ICDE). | J13: 3
G14: CARTOGRAFIA PARA ELABORACION DE LA FORMULACION | H14: 1 | I14: Elaboración y estructuración de las cartografías temáticas para el proceso de formulacion que deberán seguir los parámetros establecidos por la Infraestructura Colombiana de Datos Espaciales (ICDE).
D15: 2 | E15: EXPLORACIÓN DEL SUBSUELO Y ENSAYOS DE LABORATORIO | F15: INFORME FINAL DE RESULTADOS DE LOS ENSAYOS Y EXPLORACION DEL SUBSUELO | G15: ENSAYOS DE LABORATORIO REALIZADOS PARA ESTUDIOS BASICOS | H15: 1 | I15: Ejecutar apiques, perforaciones, trincheras y lineas de refraccion sismica y geoelectrica | J15: 2
G16: EXPLORACION DEL SUBSUELO | H16: 1 | I16: Elaboracion de diferentes ensayos de laboratorios requeridos para los estudios basicos | J16: 2
E17: CARTOGRAFIA ESTUDIOS BASICOS | F17: CARTOGRAFÍA DIGITAL E IMPRESA, AEROFOTOGRAFÍAS, BASE DE DATOS | G17: CARTOGRAFIA PARA LA ELABORACION DE ESTUDIOS BASICOS | H17: 1 | I17: Elaborar la cartografia requeria por el DECRETO 1807 DE 2014 Y 1077 DE 2015, para los estudios basicos ambientales | J17: 3
E18: ACTIVIDADES Y ESTUDIOS DE APOYO | F18: INFORME FINAL CON RESULTADOS DE ACTIVAIDADES DE APOYO Y SOPORTES | G18: DOCUMENTO REALIZADO | H18: 1 | I18: Elaboracion de la Metodologia, Cronograma y Plan de Trabajo | J18: 4
I19: Recopilación, Revisión y Analisis de Información Secundaria
I20: Elaboracion de la Geologia y Geomorfologia Rural y Local
I21: Elaboracion de la Sismologia
I22: Analisis de la Cobertura del Suelo Local y rural
I23: Elaboracion del Modelo Geologico Geotecnico Rural y urbano
I24: Elaboracion del Estudio Hidrologico e hidraulicoRural, local y cabeceras municipales
I25: Analisis de las Amenazas en zona Urbana (Escala 1:2000)y zona rural (Escala 1:25,000)
I26: Analisis de la Vulnerabilidad zona Urbana (Escala 1:2000) y zona Rural (Escala 1:25,000)
I27: Elaboracion de la Medidas de Reduccion del Riesgo - Zona Rural y Zona Urbana
I28: Elaboracion de Talleres de Socialización
I29: Elaboracion del informe final
E30: EQUIPO Y OTROS GASTOS | F30: DOCUMENTOS SOPORTES DE ESTUDIOS BASICOS | G30: DOCUMENTO IMPRESO FINAL DE ESTUDIO BASICO | H30: 1 | I30: Desplazamiento a la zona rural y urbana | J30: 1.5
I31: Impresión y presentación de informes, ploteo de planos, fotocopias y otros gastos de papelería | J31: 0.5

Sheet PRESUPUESTO INTERVENTORIA
C1: GOBERNACION DEL HUILA
C2: DEPARTAMENTO ADMINISTRATIVO DE PLANEACION DEL HUILA
C3: REALIZAR LA INTERVENTORIA TECNICA ADMINISTRATIVA Y FINANCIERA AL CONTRATO CUYO OBJETO ES: “FORTALECIMIENTO DEL ORDENAMIENTO TERRITORIAL PARA LA CONSTRUCCION DE VISION REGIONAL DEL DEPARTAMENTO DEL HUILA”
A4: ÍTEM | B4: CONCEPTO | C4: CANTIDAD | D4: CATEGORÍA | E4: COSTO MES | F4: FACTOR MULTIPLICADOR | G4: COSTO TOTAL MENSUAL | H4: DEDICACIÓN | W4: VALOR PARCIAL
H5: 1 | I5: 2 | J5: 3 | K5: 4 | L5: 5 | M5: 6 | N5: 7 | O5: 8 | P5: 9 | Q5: 10 | R5: 11 | S5: 12 | T5: 13 | U5: 14 | V5: TOTAL MESES | AF5: 8730000
A6: A | B6: PERSONAL PROFESIONAL | AF6: 0.0402
A7: 1 | B7: DIRECTOR DE INTERVENTORIA | AF7: =+AF5*(1+AF6) -> 9080946
A8: 1.1 | B8: DIRECTOR DE CONSULTORIA - ARQUITECTO ESPECIALISTA EN PLANIFICACION TERRITORIAL Y/O ORDENAMIENTO TERRITORIAL | C8: 1 | D8: Profesional Grado 17 | E8: =G8/F8 -> 5043017.5 | F8: 2.1 | G8: =W8/V8 -> 10590337 | H8: 0.5 | I8: 0.5 | J8: 0.5 | K8: 0.5 | L8: 0.5 | M8: 0.5 | N8: 0.5 | O8: 0.5 | P8: 0.5 | Q8: 0.5 | R8: 0.5 | S8: 0.5 | T8: 0.5 | U8: 0.5 | V8: =SUM(H8:U8) -> 7 | W8: =W9 -> 74132357 | X8: 74132357
A9: SUBTOTAL PERSONAL PROFESIONAL DIRECCION INTERVENTORIA | W9: =73294200+Z15 -> 74132357 | X9: 74132357
A10: 2 | B10: GESTION DEL RIESGO
A11: 2.1 | B11: INGENIERO CIVIL Y/O AMBIENTAL Y/O GEOLOGO CON EXPERIENCIA EN GESTION DEL RIESGO | C11: 1 | D11: Profesional Grado 5 | E11: =G11/F11 -> 2593514.6 | F11: =F8 -> 2.1 | G11: =W11/V11 -> 5446380.6 | H11: 0.6 | I11: 0.6 | J11: 0.6 | K11: 0.6 | L11: 0.6 | M11: 0.6 | N11: 0.6 | O11: 0.6 | P11: 0.6 | Q11: 0.6 | R11: 0.6 | S11: 0.6 | T11: 0.6 | U11: 0.6 | V11: =SUM(H11:U11) -> 8.4 | W11: =W12 -> 45749597 | X11: 45749597
A12: SUBTOTAL PERSONAL PROFESIONAL INSPECTOR DE OBRA | W12: =44911440+Z15 -> 45749597 | X12: 45749597
A13: 3 | B13: EQUIPO PROFESIONAL ADICIONAL
A14: 3.1 | B14: ABOGADO CON EXPERIENCIA EN PROCESOS DE ORDENAMIENTO TERRITORIAL Y/O GESTION DEL RIESGO | C14: 1 | D14: Profesional Grado 6 | E14: =G14/F14 -> 3133271.9 | F14: 2.1 | G14: =W14/V14 -> 6579871 | H14: 0.2 | I14: 0.2 | J14: 0.2 | K14: 0.2 | L14: 0.2 | M14: 0.2 | N14: 0.2 | O14: 0.2 | P14: 0.2 | Q14: 0.2 | R14: 0.2 | S14: 0.2 | T14: 0.2 | U14: 0.2 | V14: =SUM(H14:U14) -> 2.8 | W14: =18004560+Z14 -> 18423639 | X14: 18423639 | Z14: =Z15/2 -> 419078.67
A15: 3.2 | B15: CONTADOR | C15: 1 | D15: Profesional Grado 5 | E15: =G15/F15 -> 2388271.9 | F15: 2.1 | G15: =W15/V15 -> 5015371 | H15: 0.2 | I15: 0.2 | J15: 0.2 | K15: 0.2 | L15: 0.2 | M15: 0.2 | N15: 0.2 | O15: 0.2 | P15: 0.2 | Q15: 0.2 | R15: 0.2 | S15: 0.2 | T15: 0.2 | U15: 0.2 | V15: =SUM(H15:U15) -> 2.8 | W15: =13623960+Z14 -> 14043039 | X15: 14043039 | Z15: =Z19/3 -> 838157.34
A16: SUBTOTAL PERSONAL PROFESIONAL INSPECTOR DE OBRA | W16: =31628520+Z15 -> 32466677 | X16: 32466677 | Z16: 149834160
A18: TOTAL PERSONAL PROFESIONAL | W18: =Z16+Z19 -> 1.5234863e+08 | X18: 1.5234863e+08 | Z18: 5028944.1 | AA18: =W9+W12+W16 -> 1.5234863e+08
Z19: =Z18/2 -> 2514472
A20: ÍTEM | B20: CONCEPTO | C20: CANTIDAD | D20: CATEGORÍA | E20: =+E4 -> COSTO MES | F20: =+F4 -> FACTOR MULTIPLICADOR | G20: =+G4 -> COSTO TOTAL MENSUAL | H20: DEDICACIÓN | W20: VALOR
H21: 1 | I21: 2 | J21: 3 | K21: 4 | L21: 5 | M21: 6 | N21: 7 | O21: =N21+1 -> 8 | P21: =O21+1 -> 9 | Q21: =P21+1 -> 10 | R21: =Q21+1 -> 11 | S21: =R21+1 -> 12 | T21: =S21+1 -> 13 | U21: =T21+1 -> 14 | V21: TOTAL MESES | W21: PARCIAL
A22: B | B22: PERSONAL TECNICO AUXILIAR
A23: B1 | B23: SECRETARIA | C23: 1 | D23: Tecnico 01 | E23: =G23/F23 -> 1544763.1 | F23: =F11 -> 2.1 | G23: =W23/V23 -> 3244002.6 | H23: 0.5 | I23: 0.5 | J23: 0.5 | K23: 0.5 | L23: 0.5 | M23: 0.5 | N23: 0.5 | O23: 0.5 | P23: 0.5 | Q23: 0.5 | R23: 0.5 | S23: 0.5 | T23: 0.5 | U23: 0.5 | V23: =SUM(H23:U23) -> 7 | W23: =22079400+Z26 -> 22708018 | X23: 22708018
A24: B2 | B24: TECNICO AMBIENTAL | C24: 2 | D24: Tecnico 01 | E24: =G24/F24 -> 1541912.3 | F24: =F11 -> 2.1 | G24: =W24/V24 -> 3238015.7 | H24: 1 | I24: 1 | J24: 1 | K24: 1 | L24: 1 | M24: 1 | N24: 1 | O24: 0.5 | P24: 0 | Q24: 0 | R24: 0 | S24: 0 | T24: 0 | U24: 0 | V24: =SUM(H24:U24) -> 7.5 | W24: =23656500+Z26 -> 24285118 | X24: 24285118 | AB24: =G24*H24 -> 3238015.7 | AC24: =G24*I24 -> 3238015.7 | AD24: =G24*K24 -> 3238015.7 | AE24: =G24*#REF! -> #REF! | AF24: =AE24+AD24+AC24+AB24 -> #REF!
A25: B3 | B25: TECNICO EN SIG | C25: 1 | D25: Tecnico 03 | E25: =G25/F25 -> 1980526.3 | F25: 2.1 | G25: =W25/V25 -> 4159105.1 | H25: 0.25 | I25: 0.25 | J25: 0.25 | K25: 0.25 | L25: 0.25 | M25: 0.25 | N25: 0.25 | O25: 0.25 | P25: 0.25 | Q25: 0.25 | R25: 0.25 | S25: 0.25 | T25: 0.25 | U25: 0.25 | V25: =SUM(H25:U25) -> 3.5 | W25: =13928250+Z26 -> 14556868 | X25: 14556868
A26: B4 | B26: TECNICO EN SUELOS | C26: 2 | D26: Tecnico 01 | E26: =G26/F26 -> 3043912.3 | F26: =F24 -> 2.1 | G26: =W26/V26 -> 6392215.7 | H26: 1 | I26: 1 | J26: 1 | K26: 1 | L26: 1 | M26: 1 | N26: 1 | O26: 0.5 | P26: 0 | Q26: 0 | R26: 0 | S26: 0 | T26: 0 | U26: 0 | V26: =SUM(H26:U26) -> 7.5 | W26: =47313000+Z26 -> 47941618 | X26: 47941618 | Z26: =Z19/4 -> 628618.01 | AB26: =(G26*H26)*2 -> 12784431 | AC26: =G26*I26 -> 6392215.7 | AD26: =G26*K26 -> 6392215.7 | AE26: =G26*#REF! -> #REF! | AF26: =AE26+AD26+AC26+AB26 -> #REF!
A27: SUBTOTAL PERSONAL TECNICO AUXILIAR | W27: =Z27+Z19 -> 1.0949162e+08 | X27: 1.0949162e+08 | Z27: 106977150 | AA27: =W23+W24+W25+W26 -> 1.0949162e+08
Y28: =Y29/2 -> 1986164.2 | Z28: =W29-Z29 -> 9001272.6
A29: TOTAL COSTOS DEL PERSONAL | W29: =X29+Y39 -> 2.6581258e+08 | X29: 2.6184025e+08 | Y29: =W29-X29 -> 3972328.5 | Z29: 256811310 | AA29: 2.6184025e+08
A32: COSTOS DE INSUMOS, ADMINISTRACION Y OTROS COSTOS (*)
A33: ITEM | B33: CONCEPTO | C33: CANTIDAD | D33: UNIDAD | G33: COSTO TOTAL MENSUAL | H33: DEDICACIÓN | W33: VALOR | Y33: =W29+W41 -> 3.1033819e+08 | AB33: =W29+W41 -> 3.1033819e+08
H34: 1 | I34: 2 | J34: 3 | K34: 4 | L34: 5 | M34: 6 | N34: =M34+1 -> 7 | O34: =N34+1 -> 8 | P34: =O34+1 -> 9 | Q34: =P34+1 -> 10 | R34: =Q34+1 -> 11 | S34: =R34+1 -> 12 | T34: =S34+1 -> 13 | U34: =T34+1 -> 14 | V34: TOTAL MESES | W34: PARCIAL
A35: C | B35: INSUMOS (OTROS COSTOS)
A36: C1 | B36: VEHICULO DE 1300 -2000 C.C. | C36: 1 | D36: MES | G36: =W36/V36 -> 2086702 | H36: 1 | I36: 1 | J36: 1 | K36: 1 | L36: 1 | M36: 1 | N36: 1 | O36: 1 | P36: 1 | Q36: 0 | R36: 0 | S36: 0 | T36: 0 | U36: 0 | V36: 9 | W36: =16530000+Z45 -> 18780318 | X36: 18780318 | Y36: =W36+W37+W38+W39 -> 44525608
A37: C2 | B37: EDICION DE INFORMES, ESTUDIOS FOTOGRAFICOS, DOCUMENTACION, FOTOCOPIAS, PAPELERIA Y PLOTTEADA DE PLANOS. | C37: 1 | D37: MES | G37: =W37/V37 -> 510737.01 | H37: 1 | I37: 1 | J37: 1 | K37: 1 | L37: 1 | M37: 1 | N37: 1 | O37: 1 | P37: 1 | Q37: 1 | R37: 1 | S37: 1 | T37: 1 | U37: 1 | V37: =SUM(H37:U37) -> 14 | W37: =4900000+Z45 -> 7150318.1 | X37: 7150318.1
A38: C3 | B38: ALQUILER EQUIPOS DE COMPUTO Y DE OFICINA | C38: 1 | D38: MES | G38: =W38/V38 -> 990737.01 | H38: 1 | I38: 1 | J38: 1 | K38: 1 | L38: 1 | M38: 1 | N38: 1 | O38: 1 | P38: 1 | Q38: 1 | R38: 1 | S38: 1 | T38: 1 | U38: 1 | V38: =SUM(H38:U38) -> 14 | W38: =11620000+Z45 -> 13870318 | X38: 13870318 | Y38: =Y39/4 -> 993082.12 | Z38: 35524335 | AB38: =G38*H38 -> 990737.01 | AC38: =G38*I38 -> 990737.01 | AD38: =G38*K38 -> 990737.01 | AE38: =G38*#REF! -> #REF! | AF38: =AE38+AD38+AC38+AB38 -> #REF!
A39: C3 | B39: COMUNICACIONES (telefonía fija o celular, fax, correo, etc.) | C39: 2 | D39: MES | G39: =W39/V39 -> 337475.22 | H39: 1 | I39: 1 | J39: 1 | K39: 1 | L39: 1 | M39: 1 | N39: 1 | O39: 1 | P39: 1 | Q39: 1 | R39: 1 | S39: 1 | T39: 1 | U39: 1 | V39: =SUM(H39:U39) -> 14 | W39: =2474335+Z45 -> 4724653.1 | X39: 4724653.1 | Y39: =Y40/2 -> 3972328.5 | Z39: =W41+Z44 -> 53526880 | AA39: =W41+W29 -> 3.1033819e+08 | AB39: =G39*H39 -> 337475.22 | AC39: =G39*I39 -> 337475.22 | AD39: =G39*K39 -> 337475.22 | AE39: =G39*#REF! -> #REF! | AF39: =AE39+AD39+AC39+AB39 -> #REF!
Y40: =W43-Y41 -> 7944657 | Z40: =W36+W37+W38+W39 -> 44525608
A41: * TOTAL INSUMOS, ADMINISTRACION Y OTROS COSTOS | W41: =X41+Y39 -> 44525608 | X41: 40553279 | Y41: =X29+X41 -> 3.0239353e+08 | Z41: =Z29+Z38 -> 292335645 | AB41: 1030250000 | AC41: =AB41*0.07 -> 72117500
A43: TOTAL COSTOS DIRECTOS | W43: =AA43 -> 3.1033819e+08 | Z43: =W43-Z41 -> 18002545 | AA43: 3.1033819e+08 | AB43: 425420956
A44: IVA 16% | W44: =W43*16% -> 49654110 | Z44: =Z43/2 -> 9001272.6 | AB44: 68067353
A45: TOTAL COSTOS | W45: =W43+W44 -> 3.599923e+08 | Y45: =W41+W29 -> 3.1033819e+08 | Z45: =Z44/4 -> 2250318.1 | AA45: =AA43*16% -> 49654110 | AB45: 3.599923e+08 | AC45: =AB45*16% -> 57598768 | AD45: 589500
AA46: =AA43+AA45 -> 3.599923e+08 | AB46: 92993671 | AD46: =+W45/AD45 -> 610.67396
AA47: =AA46+W44 -> 4.0964641e+08
AB49: 377415225
AB50: =AB49-W45 -> 17422924
G56: =3219*0.06 -> 193.14

Sheet PRESUPUESTO MODIFICADO
A1: GOBERNACION DEL HUILA - DEPARTAMENTO ADMINISTRATIVO DE PLANEACION DEL HUILA
A2: FORMULAR EL PLAN DE ORDENAMIENTO TERRITORIAL PARA EL DEPARTAMENTO DEL HUILA
A4: PROYECTO | B4: OBJETIVO GENERAL | C4: OBJETIVOS ESPECIFICOS | D4: PRODUCTO | E4: INDICADORES | F4: META | G4: ACTIVIDADES | I4: TIEMPO DE EJECUCION (MESES) | J4: MANO DE OBRA CALIFICADA | K4: MANO DE OBRA NO CALIFICADA | L4: TRANSPORTE | M4: MAQUINARIA, EQUIPOS Y SOFTWARE | N4: ESTUDIOS COMPLEMETARIOS | O4: OTROS GASTOS GENERALES | P4: SUBTOTAL | Q4: VALOR TOTAL CAPITULO
A5: FORMULAR EL PLAN DE ORDENAMIENTO TERRITORIAL PARA EL DEPARTAMENTO DEL HUILA | B5: Formular un Plan de Ordenamiento territorial para el departamento del Huila, como una política pública de integración regional y de largo plazo, que permita una eficiente planificación física y socioeconómica del territorio mediante la emisión de directrices a los POT Municipales | C5: A.Atender mediante la formulación del plan de ordenamiento departamental, las nuevas demandas globales en materia ambiental, tecnológica y logística; con el fin consolidar una plataforma territorial para la competitividad regional basada en el fomento de los proyectos regionales de desarrollo económico, potenciando los circuitos económicos existentes para reducir las desigualdades socio-espaciales, aportando a la consolidación de un territorio regional, funcionalmente integrado y conectado en su movilidad y que promueve la conservación de su base natural y estructura ecológica como principal elemento de articulación con los demás municipios del Departamento del Huila. | D5: DOCUMENTO BASE PARA EL ALISTAMIENTO INSTITUCIONAL | E5: DOCUMENTO REALIZADO | F5: 1 | G5: 1 | H5: Elaboración de un Documento de recopilación y análisis de información con sus correspondientes soportes | I5: 3 | J5: =#REF!+#REF!*I5 -> #REF! | K5: =#REF!*I5 -> #REF! | L5: =#REF!*37 -> #REF! | O5: =#REF!+#REF! -> #REF! | P5: =SUM(J5:O5) -> #REF! | Q5: =P5+P6+P7+P8 -> #REF!
G6: 2 | H6: Elaboración de un documento donde se definan los mecanismos y estrategias de comunicación para la inclusión participativa de los diversos actores durante el proceso de formulación del plan de ordenamiento | J6: =#REF!+#REF!*I5 -> #REF! | K6: =#REF!*I5 -> #REF! | O6: =#REF! -> #REF! | P6: =SUM(J6:O6) -> #REF!
G7: 3 | H7: Conformación de la Comisión de Ordenamiento Departamental con su respectivo reglamento | J7: =#REF!+#REF!*I5 -> #REF! | K7: =#REF! -> #REF! | P7: =SUM(J7:O7) -> #REF!
G8: 4 | H8: Preparación de un espacio físico, equipos y recurso humano | J8: =#REF! -> #REF! | M8: =#REF!+#REF! -> #REF! | P8: =SUM(J8:O8) -> #REF!
D9: DOCUMENTO DE DIAGNÓSTICO TERRITORIAL CON SUS RESPECTIVOS SOPORTES | E9: DOCUMENTO REALIZADO | F9: 1 | G9: 1 | H9: Elaboración de un Documento Diagnóstico territorial con su correspondiente escenario actual y tendencial | I9: 8 | J9: =#REF!+#REF!+#REF!+#REF!+#REF!+#REF!+#REF!+#REF!+#REF!+#REF!+#REF!*I9 -> #REF! | K9: =#REF!*I9 -> #REF! | L9: =#REF!*37 -> #REF! | O9: =#REF!+#REF! -> #REF! | P9: =SUM(J9:O9) -> #REF! | Q9: =P9+P10+P11 -> #REF!
G10: 2 | H10: Elaboración de Estudios complementarios | J10: =#REF!*I9 -> #REF! | N10: =#REF! -> #REF! | P10: =SUM(J10:O10) -> #REF! | R10: 2.5599912e+09
G11: 3 | H11: Elaboración de cartografía para los diferentes análisis que se realicen en el proceso de diagnóstico del POD, que deberán seguir los parámetros establecidos por la Infraestructura Colombiana de Datos Espaciales (ICDE). | J11: =#REF!*I9*2 -> #REF! | K11: =#REF!*I9 -> #REF! | O11: =#REF!+#REF! -> #REF! | P11: =SUM(J11:O11) -> #REF!
D12: DOCUMENTO DE FORMULACION TERRITORIAL CON SUS RESPECTIVOS SOPORTES | E12: DOCUMENTO REALIZADO | F12: 1 | G12: 1 | H12: Elaboración del Documento de formulación con su correspondiente modelo de territorio deseado, directrices, estrategias, programas y proyectos | I12: 6 | J12: =#REF!+#REF!+#REF!+#REF!+#REF!+#REF!+#REF!+#REF!+#REF!+#REF!+#REF!+#REF!+#REF!+#REF!+#REF!*I12 -> #REF! | K12: =#REF!+#REF!*I12 -> #REF! | L12: =#REF!*37 -> #REF! | O12: =#REF!+#REF! -> #REF! | P12: =SUM(J12:O12) -> #REF! | Q12: =P12+P13 -> #REF! | S12: }
G13: 2 | H13: Elaboración y estructuración de las cartografías temáticas para el proceso de formulación que deberán seguir los parámetros establecidos por la Infraestructura Colombiana de Datos Espaciales (ICDE). | J13: =#REF!*I12*2 -> #REF! | K13: =#REF!*I12 -> #REF! | O13: =#REF!+#REF! -> #REF! | P13: =SUM(J13:O13) -> #REF!
D14: INSTRUMENTO JURIDICO POR EL CUAL SE ADOPTA EL POD MEDIANTE LA DEFINICIÓN DE SU MARCO NORMATIVO, ESTRUCTURA, CONTENIDOS Y ALCANCES | E14: DOCUMENTO REALIZADO | F14: 1 | G14: 1 | H14: Elaboración del Instrumento jurídico por el cual se adopta el POD mediante la definición de su marco normativo, estructura, contenidos y alcances | I14: 2 | J14: =#REF!+#REF!+#REF!*I14 -> #REF! | O14: =#REF! -> #REF! | P14: =SUM(J14:O14) -> #REF! | Q14: =P14 -> #REF!
C15: B.Preparar a la sociedad para la resolución pacífica de conflictos territoriales y del postconflicto, mediante la creación de estrategias de comunicación, participación y gobernanza como una política de inclusión en los procesos de planeación del desarrollo durante la formulación del Plan de Ordenamiento Departamental. | D15: SOCIALIZACIONES, CAPACITACIONES Y TALLERES PARTICIPATIVOS | E15: CAPACITACIONES REALIZADAS | F15: 12 | G15: 1 | H15: SOCIALIZACIONES, CAPACITACIONES Y TALLERES PARTICIPATIVOS | I15: 4 | J15: =#REF!+#REF!*I15 -> #REF! | K15: =#REF!*I15 -> #REF! | L15: =#REF!*37 -> #REF! | O15: =#REF!+#REF!+#REF! -> #REF! | P15: =SUM(J15:O15) -> #REF! | Q15: =P15 -> #REF!
J16: VALOR PARCIAL SIN IVA | Q16: =SUM(Q5:Q15) -> #REF!
J17: IVA 19% | Q17: =Q16*19% -> #REF!
J18: VALOR TOTAL + IVA | Q18: =Q16+Q17 -> #REF!
J19: VALOR INTERVENTORIA 7% | Q19: =Q18*7% -> #REF!
J20: VALOR TOTAL | Q20: =Q18+Q19 -> #REF!

Sheet PRESUPUESTO MODIFICADO (2)
A1: GOBERNACION DEL HUILA - DEPARTAMENTO ADMINISTRATIVO DE PLANEACION DEL HUILA
A2: FORMULAR EL PLAN DE ORDENAMIENTO TERRITORIAL PARA EL DEPARTAMENTO DEL HUILA
A4: PROYECTO | B4: OBJETIVO GENERAL | C4: OBJETIVOS ESPECIFICOS | D4: PRODUCTO | E4: SUBPRODUCTO | F4: INDICADORES | G4: META | H4: TIEMPO DE EJECUCION (MESES) | I4: MANO DE OBRA CALIFICADA | J4: MANO DE OBRA NO CALIFICADA | K4: TRANSPORTE | L4: MAQUINARIA, EQUIPOS Y SOFTWARE | M4: ESTUDIOS COMPLEMETARIOS | N4: OTROS GASTOS GENERALES | O4: VALOR TOTAL CAPITULO
A5: FORMULAR EL PLAN DE ORDENAMIENTO TERRITORIAL PARA EL DEPARTAMENTO DEL HUILA | B5: Elaborar un instrumento de ordenamiento para el departamento del Huila que permita una eficiente planificación física y socioeconómica del territorio, mediante la emisión de directrices y lineamientos a los para los POT Municipales; estrategias para optimizar las inversiones públicas territoriales, y mecanismos para la participación y la gobernanza para del ordenamiento territorial. | C5: A. Formular los documentos técnicos del plan de ordenamiento departamental del Huila, para atender a las nuevas demandas globales en materia ambiental, tecnológica y logística; con el fin de consolidar una plataforma territorial para la competitividad regional basada en el fomento de los proyectos regionales de desarrollo económico, potenciando los circuitos económicos existentes para reducir las desigualdades socio-espaciales, aportando a la consolidación de un territorio regional, funcionalmente integrado y conectado en su movilidad y que promueve la conservación de su base natural y estructura ecológica como principal elemento de articulación con los demás municipios del Departamento del Huila.. | D5: 1. DOCUMENTO DEL ALISTAMIENTO | E5: 1.1. DOCUMENTO DE RECOPILACIÓN Y ANÁLISIS DE INFORMACIÓN CON SUS CORRESPONDIENTES SOPORTES. | F5: DOCUMENTO REALIZADO | G5: 1 | H5: 3 | I5: =Q5+Q6+Q7+Q8 -> 71500000 | J5: =R5+R6+R7 -> 11550000 | K5: =S5 -> 12950000 | L5: =T8 -> 86000000 | N5: =V5+V6 -> 78000000 | O5: =I5+J5+K5+L5+M5+N5 -> 260000000 | Q5: 23100000 | R5: 4950000 | S5: 12950000 | V5: 43000000 | W5: 84000000 | X5: 260000000
E6: 1.2. DOCUMENTO DE PROPUESTA DE MECANISMOS Y ESTRATEGIAS DE COMUNICACIÓN PARA LA INCLUSIÓN PARTICIPATIVA DE LOS DIVERSOS ACTORES DURANTE EL PROCESO DE FORMULACIÓN DEL PLAN DE ORDENAMIENTO. | Q6: 19800000 | R6: 4950000 | V6: 35000000 | W6: 59750000
E7: 1.3 REGLAMENTO DEL COMITÉ TÉCNICO DE ACOMPAÑAMIENTO AL PROCESO DE ORDENAMIENTO | Q7: 20900000 | R7: 1650000 | W7: 22550000
E8: 1.4 DOCUMENTO DE DETALLE Y AJUSTE AL PLAN DE TRABAJO | Q8: 7700000 | T8: 86000000 | W8: 93700000
D9: 2. DOCUMENTOS Y CARTOGRAFÍA DE DIAGNÓSTICO | E9: 2.1 DOCUMENTOS TÉCNICOS DE ANÁLISIS POR SUSBSISTEMAS, Y DE INDENTIFICACIÓN DE ESCENARIOS ACTUAL Y TENDENCIAL | F9: DOCUMENTO REALIZADO | G9: 1 | H9: 8 | I9: =Q9+Q10+Q11 -> 231275000 | J9: =R9+R11 -> 29200000 | K9: =S9 -> 12950000 | M9: =U10 -> 2.5599912e+09 | N9: =V9+V11 -> 94000000 | O9: =I9+J9+K9+L9+M9+N9 -> 2.9274162e+09 | Q9: 86075000 | R9: 13200000 | S9: 12950000 | V9: 51000000 | W9: 163225000 | X9: 2.9274162e+09
E10: 2.2 DOCUMENTOS Y CARTOGRAFÍA DE ESTUDIOS COMPLEMENTARIOS DE ANÁLISIS DE AMENAZAS DE 16 MUNICIPIOS | P10: 2.5599912e+09 | Q10: 39600000 | U10: 2.5599912e+09 | W10: 2.5995912e+09
E11: 2.3 CARTOGRAFÍA DE ANÁLISIS POR SUBSISTEMAS Y DE INDENTIFICACIÓN DE ESCENARIOS DEL DIAGNÓSTICO | Q11: 1.056e+08 | R11: 16000000 | V11: 43000000 | W11: 164600000
D12: 3. DOCUMENTOS TÉCNICOS DE LA FORMULACIÓN | E12: 3.1. DOCUMENTO DE MODELO Y DIRECTRICES DE ORDENAMIENTO. | F12: DOCUMENTO REALIZADO | G12: 1 | H12: 6 | I12: =Q12+Q15+Q16 -> 212300000 | J12: =R12+R15 -> 21075000 | K12: =S12 -> 12950000 | N12: =V12+V15+V16 -> 129000000 | O12: =I12+J12+K12+L12+M12+N12 -> 375325000 | Q12: 108350000 | R12: 9075000 | S12: 12950000 | V12: 51000000 | W12: 181375000 | X12: 315575000
E13: 3.2. DOCUMENTO DE PROGRAMAS, PROYECTOS, FUENTES DE FINANCIACIACIÓN Y ESTRATEGIAS DE GESTIÓN CON HOJA DE RUTA PARA LA IMPLEMENTACIÓN DEL PLAN.
E14: 3.3. DOCUMENTO DE PROPUESTA DEL SISTEMA SEGUIMIENTO, EVALUACIÓN Y CONTROL DEL POD EN LA ETAPA DE IMPLEMENTACIÓN.
E15: 3.4. CARTOGRAFÍAS TEMÁTICAS PARA EL PROCESO DE FORMULACIÓN QUE DEBERÁN SEGUIR LOS PARÁMETROS ESTABLECIDOS POR LA INFRAESTRUCTURA COLOMBIANA DE DATOS ESPACIALES (ICDE). | Q15: 79200000 | R15: 12000000 | V15: 43000000 | W15: 1.342e+08
E16: 3.5. BORRADOR DE INSTRUMENTO JURIDICO POR EL CUAL SE ADOPTA EL POD MEDIANTE LA DEFINICIÓN DE SU MARCO NORMATIVO, ESTRUCTURA, CONTENIDOS Y ALCANCES. | Q16: 24750000 | V16: 35000000 | W16: 59750000 | X16: 59750000
C17: B. Implementar la estrategia de comunicación, participación, gobernanza y fortalecimiento institucional para todos los actores, preparando a la sociedad para la resolución pacífica de conflictos territoriales y del postconflicto en la formulación del Plan de Ordenamiento Departamental. | D17: 4. DOCUMENTOS DE DESARROLLO Y SEGUIMIENTO A LA IMPLEMENTACIÓIN DE LA ESTRAEGIA DE COMUNICACIÓN ELABORADA EN LA ETAPA DE ALISTAMIENTO (SOCIALIZACIONES, CAPACITACIONES Y TALLERES PARTICIPATIVOS REGIONALES). | E17: 4.1. PIEZAS DE COMUNICACIÓN | F17: NUMERO DE PIEZAS DE COMUNICACIÓN | G17: 12 | H17: 6 | I17: =Q19 -> 31350000 | J17: =R19 -> 6600000 | K17: =S19 -> 12950000 | N17: =V19 -> 102100000 | O17: =I17+J17+K17+L17+M17+N17 -> 153000000
E18: 4.2. TALLERES Y OTROS ESPACIOS DE PARTICIPACIÓN CON LOS CORRESPONDIENTES DOCUMENTOS DE TRAZABILIDAD DEL PROCESO. | F18: NUMERO DE TALLERES REALIZADOS | G18: 12
E19: 4.3. EVENTOS Y ACTIVIDADES PARA EL FORTALECIMIENTO INSTITUCIONAL Y DE LA GOBERNANZA. | F19: NUMERO DE EVENTOS REALIZADOS | G19: 12 | Q19: 31350000 | R19: 6600000 | S19: 12950000 | V19: 102100000 | W19: 153000000 | X19: 153000000
I20: VALOR PARCIAL SIN IVA | O20: =SUM(O5:O18) -> 3.7157412e+09 | Q20: VALOR PARCIAL SIN IVA | X20: 3.7157412e+09
I21: IVA 19% | O21: =O20*19% -> 7.0599083e+08 | Q21: IVA 19% | X21: 7.0599083e+08
I22: VALOR TOTAL + IVA | O22: =O20+O21 -> 4.421732e+09 | Q22: VALOR TOTAL + IVA | X22: 4.421732e+09
I23: VALOR INTERVENTORIA 7% | O23: =O22*7% -> 3.0952124e+08 | Q23: VALOR INTERVENTORIA 7% | X23: 3.0952124e+08
I24: VALOR TOTAL | O24: =O22+O23 -> 4.7312533e+09 | Q24: VALOR TOTAL | X24: 4.7312533e+09

Sheet CADENA DE VALOR
A1: GOBERNACION DEL HUILA - DEPARTAMENTO ADMINISTRATIVO DE PLANEACION DEL HUILA
A2: FORMULAR EL PLAN DE ORDENAMIENTO TERRITORIAL PARA EL DEPARTAMENTO DEL HUILA
A4: PROYECTO | B4: OBJETIVO GENERAL | C4: OBJETIVOS ESPECIFICOS | D4: PRODUCTO | E4: SUBPRODUCTO | F4: ACTIVIDADES | G4: INDICADORES | H4: META | I4: TIEMPO DE EJECUCION (MESES) | J4: MANO DE OBRA CALIFICADA | K4: MANO DE OBRA NO CALIFICADA | L4: TRANSPORTE | M4: MAQUINARIA, EQUIPOS Y SOFTWARE | N4: ESTUDIOS COMPLEMETARIOS | O4: OTROS GASTOS GENERALES | P4: VALOR TOTAL CAPITULO
A5: FORMULAR EL PLAN DE ORDENAMIENTO TERRITORIAL PARA EL DEPARTAMENTO DEL HUILA | B5: ='PRESUPUESTO MODIFICADO (2)'!B5:B19 -> Elaborar un instrumento de ordenamiento para el departamento del Huila que permita una eficiente planificación física y socioeconómica del territorio, mediante la emisión de directrices y lineamientos a los para los POT Municipales; estrategias para optimizar las inversiones públicas territoriales, y mecanismos para la participación y la gobernanza para del ordenamiento territorial. | C5: ='PRESUPUESTO MODIFICADO (2)'!C5:C16 -> A. Formular los documentos técnicos del plan de ordenamiento departamental del Huila, para atender a las nuevas demandas globales en materia ambiental, tecnológica y logística; con el fin de consolidar una plataforma territorial para la competitividad regional basada en el fomento de los proyectos regionales de desarrollo económico, potenciando los circuitos económicos existentes para reducir las desigualdades socio-espaciales, aportando a la consolidación de un territorio regional, funcionalmente integrado y conectado en su movilidad y que promueve la conservación de su base natural y estructura ecológica como principal elemento de articulación con los demás municipios del Departamento del Huila.. | D5: 1. DOCUMENTO DEL ALISTAMIENTO | E5: 1.1. DOCUMENTO DE RECOPILACIÓN Y ANÁLISIS DE INFORMACIÓN CON SUS CORRESPONDIENTES SOPORTES. | F5: • Identificar y recolectar información cartográfica, estadística, técnica y de marco jurídico para el POD de nivel nacional, departamental y municipal • Realizar un balance del estado, calidad y vacíos de información • Sistematizar la información existente y fijar ruta o agenda para consecución de información faltante | G5: DOCUMENTO REALIZADO | H5: 1 | I5: 3 | J5: =R5+R6+R7+R8 -> 71500000 | K5: =S5+S6+S7 -> 11550000 | L5: =T5 -> 12950000 | M5: =U8 -> 86000000 | O5: =W5+W6 -> 78000000 | P5: =J5+K5+L5+M5+N5+O5 -> 260000000 | R5: 23100000 | S5: 4950000 | T5: 12950000 | W5: 43000000 | X5: 84000000 | Y5: 260000000
E6: 1.2. DOCUMENTO DE PROPUESTA DE MECANISMOS Y ESTRATEGIAS DE COMUNICACIÓN PARA LA INCLUSIÓN PARTICIPATIVA DE LOS DIVERSOS ACTORES DURANTE EL PROCESO DE FORMULACIÓN DEL PLAN DE ORDENAMIENTO. | F6: • Identificar y elaborar mapa de actores y escalas de trabajo (Nacional, departamental, subregional, municipal, gremios, organizaciones civiles y comunitarias, relacionadas con el POD). • Identificar los mecanismos y actividades de participación, de armonización y concertación según grupos de actores. • Elaborar matriz de actores teniendo en cuenta: nivel de conocimiento social, cargo, especialidad, expectativa /aspiración, grado de influencia (líder de opinión, consultor, influencia local). • Identificación de actores de acuerdo a las diferentes instancias de participación: nacional, regional, local. • Proponer las instancias o mecanismos, formatos etc.; para la verificación y seguimiento de resultados de los actividades de participación. • Realizar 4 talleres de acercamiento con los principales actores para informar sobre el proceso. | R6: 19800000 | S6: 4950000 | W6: 35000000 | X6: 59750000
E7: 1.3 REGLAMENTO DEL COMITÉ TÉCNICO DE ACOMPAÑAMIENTO AL PROCESO DE ORDENAMIENTO | F7: • Realizar reuniones preliminares con integrantes del comité técnico (CROT ampliada). • Elaborar y adoptar el documento de reglamento del comité técnico. • Definir el plan de acción y el cronograma del comité técnico. • Definir la modalidad de trabajo y periodicidad de los encuentros. • Proponer los mecanismos de conciliación y concertación. | R7: 20900000 | S7: 1650000 | X7: 22550000
E8: 1.4 DOCUMENTO DE DETALLE Y AJUSTE AL PLAN DE TRABAJO | F8: • Revisar y ajustar cronograma con equipo de profesionales del proyecto POD • Ajustar organigrama en relación con los profesionales aportados por la oferta del Programa POT Modernos • Realizar actividad de empalme con profesionales del Programa POT Modernos | R8: 7700000 | U8: 86000000 | X8: 93700000
D9: 2. DOCUMENTOS Y CARTOGRAFÍA DE DIAGNÓSTICO | E9: 2.1 DOCUMENTOS TÉCNICOS DE ANÁLISIS POR SUSBSISTEMAS, Y DE INDENTIFICACIÓN DE ESCENARIOS ACTUAL Y TENDENCIAL | F9: • Identificar los temas estratégicos o hipótesis que orientan el diagnóstico (en los sistemas estructurantes del territorio y en el componente normativo, de gobernanza y participación) • Analizar los modelos de ocupación e impactos de las determinaciones normativas de los POT en la escala supra municipal (áreas de conurbación, suelos rurales y de expansión) • Analizar los subsistemas por cuatro subregiones: Centro, Sur, Oriente y occidente con énfasis en las zonas económicas de cada región. • Compilar y sistematizar la información, identificando las interacciones territoriales entre subregiones y municipios por subsistemas integrados • Identificar escenario actual y tendenciales considerando los modelos de ocupación de los POT, las dinámicas económicas productivas y del sector privado, las políticas y proyectos de nivel nacional y departamental que configuran el estado actual del territorio, las dinámicas del posconflicto y las desiguales socio espaciales (ajustar o complementar de acuerdo a los énfasis que quiera hacer el departamento) • Contrastar o validar el Plan Huila 2050 y demás documentos frente al Plan de Desarrollo del Huila "El Camino es la Educación" identificando vacíos, oportunidades, retos, entre otros. • Identificar y analizar temas y proyectos de nivel nacional que impactan el departamento • Identificar conformación de clúster, cadenas productivas, oportunidades territoriales para la productividad y la competitividad • Vincular dentro de la política pública de Ordenamiento Departamental las directrices de Cambio Climático. | G9: DOCUMENTO REALIZADO | H9: 1 | I9: 8 | J9: =R9+R10+R11 -> 231275000 | K9: =S9+S11 -> 29200000 | L9: =T9 -> 12950000 | N9: =V10 -> 2.5599912e+09 | O9: =W9+W11 -> 94000000 | P9: =J9+K9+L9+M9+N9+O9 -> 2.9274162e+09 | R9: 86075000 | S9: 13200000 | T9: 12950000 | W9: 51000000 | X9: 163225000 | Y9: 2.9274162e+09
E10: 2.2 DOCUMENTOS Y CARTOGRAFÍA DE ESTUDIOS COMPLEMENTARIOS DE ANÁLISIS DE AMENAZAS DE 16 MUNICIPIOS | F10: • Elaborar los estudios de análisis de amenaza para 16 municipios del departamento del Huila: Aipe, Algeciras, Colombia, Hobo, Íquira, La Argentina, La Plata, Nátaga, Neiva, Palermo, Pital, Saladoblanco, Santa María, Tarqui, Teruel y Yaguará, teniendo en cuenta lo establecido en la Ley 1523 de 2012, particularmente en cuanto a los principios de subsidiariedad, complementariedad y lo dispuesto por el artículo 38 en materia de gestión del riesgo; como fortalecimiento del componente de amenazas en las etapas de diagnóstico y formulación del POD. • Sistematización de los resultados de los estudios para armar la capa total del departamento o la porción de departamento estudiada. | Q10: 2.5599912e+09 | R10: 39600000 | V10: 2.5599912e+09 | X10: 2.5995912e+09
E11: 2.3 CARTOGRAFÍA DE ANÁLISIS POR SUBSISTEMAS Y DE INDENTIFICACIÓN DE ESCENARIOS DEL DIAGNÓSTICO | F11: • Elaborar la cartografía de diagnóstico que permita visualizar: El estado actual de los sistemas estructurales del territorio. Los POT de los municipios y su impacto en el modelo de ocupación supramunicipal. La incidencia de los planes de desarrollo en la evolución de los sistemas estructurantes del territorio. Los elementos estructurantes del territorio y su articulación regional. | R11: 1.056e+08 | S11: 16000000 | W11: 43000000 | X11: 164600000
D12: 3. DOCUMENTOS TÉCNICOS DE LA FORMULACIÓN | E12: 3.1. DOCUMENTO DE MODELO Y DIRECTRICES DE ORDENAMIENTO. | F12: • Realizar actividades de prospectiva, participación (ver desarrollo de actividades objetivos 2) • Actualizar la visión del Departamento con los insumos técnicos del diagnóstico y con las actividades de participación y construcción colectiva del modelo descritas en el objetivo 2: (etapa de formulación) • Definir los temas estratégicos para la elaboración del modelo mediante la revisión de apuestas nacionales, departamentales, subregionales y supramunicipales • Realizar ejercicios y metodologías para toma de decisiones para la selección de escenarios por cada uno de los subsistemas • Realizar ejercicios de priorización técnica y/o política de las apuestas o escenarios • Construir el modelo a partir del ejercicio de priorización y el ajuste a la visión • Identificar las estrategias por cada uno de los subsistemas para cumplir con las apuestas trazadas • Elaborar las directrices para incorporar en cada uno de los POT municipales para el desarrollo del modelo de ordenamiento departamental en el largo plazo • Elaborar las recomendaciones al gobierno nacional para la adecuación de planes, programas y proyectos a la escala departamental • Elaborar las recomendaciones de marco jurídico para la adopción del Plan. | G12: DOCUMENTO REALIZADO | H12: 1 | I12: 6 | J12: =R12+R15+R16 -> 212300000 | K12: =S12+S15 -> 21075000 | L12: =T12 -> 12950000 | O12: =W12+W15+W16 -> 129000000 | P12: =J12+K12+L12+M12+N12+O12 -> 375325000 | R12: 108350000 | S12: 9075000 | T12: 12950000 | W12: 51000000 | X12: 181375000 | Y12: 315575000
E13: 3.2. DOCUMENTO DE PROGRAMAS, PROYECTOS, FUENTES DE FINANCIACIACIÓN Y ESTRATEGIAS DE GESTIÓN CON HOJA DE RUTA PARA LA IMPLEMENTACIÓN DEL PLAN. | F13: • Definir programas y proyectos estratégicos regionales que permitan la construcción colectiva de la estructura territorial en las áreas de conurbación, infraestructuras y equipamientos físicos-sociales, asentamientos poblacionales y centros urbanos, que faciliten el desarrollo armónico del territorio. • Identificar el cronograma general de implementación de los programas y proyectos POD para el corto, medianos y largo plazo • Identificar fuentes de financiación, mecanismos asociativos, y estrategias de gestión para la implementación del Plan. Proponer por cada proyecto y programa las fuentes de financiación y mecanismos de gestión. • Elaborar propuesta y recomendaciones para articulación del POD a los instrumentos de planeación y desarrollo en el mediano y largo plazo (POT, Planes de Desarrollo departamental y municipales) • Proponer el mecanismo para la operación del Comité técnico de la CROT durante la implementación del POT, para hacer el respectivo seguimiento y evaluación. • Elaborar la hoja de ruta para la coordinación interinstitucional durante la implementación del POD: propuesta de agenda departamento-nación, departamento-municipios, autoridades ambientales y actores claves de la dinámica regional.
E14: 3.3. DOCUMENTO DE PROPUESTA DEL SISTEMA SEGUIMIENTO, EVALUACIÓN Y CONTROL DEL POD EN LA ETAPA DE IMPLEMENTACIÓN. | F14: • Formular la propuesta del Sistema de Información Geográfica SIG, que defina los requerimientos, recomendaciones, estándares y metodología para organizar y administrar la información espacial estadística y cartográfica producida durante la implementación del POD. Su implementación estará a cargo de la secretaría de planeación una vez haya finalizado el contrato de consultoría; la estructuración de la propuesta deberá ser concordante con la viabilidad técnica de captura de datos por pate del Departamento • Proponer los indicadores de seguimiento a la gestión e implementación del POD y evaluación de resultados a la implementación de las estrategias, programas y proyectos, y su contribución a la construcción del modelo de ordenamiento.
E15: 3.4. CARTOGRAFÍAS TEMÁTICAS PARA EL PROCESO DE FORMULACIÓN QUE DEBERÁN SEGUIR LOS PARÁMETROS ESTABLECIDOS POR LA INFRAESTRUCTURA COLOMBIANA DE DATOS ESPACIALES (ICDE). | F15: • Elaborar la cartografía de formulación que visualice: Los escenarios de uso y ocupación de las áreas de conurbación, Las relaciones funcionales entre centros urbanos y asentamientos poblacionales, Los sistemas estructurantes del modelo de ordenamiento La localización y su relación, de las infraestructuras y equipamientos físico-sociales en la región La estructura ecológica del departamento y su interacción con los demás sistemas estructurantes La proyección espacial entre los planes sectoriales del departamento, los municipios, grupos étnicos, Los programas y proyectos, su localización y relación en las áreas de conurbación, infraestructuras y equipamientos físico-sociales regionales | R15: 79200000 | S15: 12000000 | W15: 43000000 | X15: 1.342e+08
E16: 3.5. BORRADOR DE INSTRUMENTO JURIDICO POR EL CUAL SE ADOPTA EL POD MEDIANTE LA DEFINICIÓN DE SU MARCO NORMATIVO, ESTRUCTURA, CONTENIDOS Y ALCANCES. | F16: • Elaborar un documento que compila los resultados del diagnóstico y la formulación el cual sirve de sustento y es parte integral del instrumento jurídico con su correspondiente cartografía. • Elaborar el borrador del instrumento jurídico de adopción del Plan el cual debe contener como mínimo: Directrices y Orientaciones en Áreas de Conurbación. Recomendaciones al Gobierno nacional Directrices de OT departamental para incorporar en la revisión y/o ajuste de los POT municipales en coordinación con las determinantes de ordenamiento Políticas para la relación entre Asentamientos y Centros Urbanos con el sistema de asentamientos Directrices y Orientaciones para la Localización de Infraestructuras y Equipamientos a escala subregional y departamental Articulación Espacial de Planes Sectoriales La elaboración del programa de ejecución, indicando prioridades, tiempos, fuentes de financiación y responsables de su gestión | R16: 24750000 | W16: 35000000 | X16: 59750000 | Y16: 59750000
C17: ='PRESUPUESTO MODIFICADO (2)'!C17:C19 -> B. Implementar la estrategia de comunicación, participación, gobernanza y fortalecimiento institucional para todos los actores, preparando a la sociedad para la resolución pacífica de conflictos territoriales y del postconflicto en la formulación del Plan de Ordenamiento Departamental. | D17: 4. DOCUMENTOS DE DESARROLLO Y SEGUIMIENTO A LA IMPLEMENTACIÓIN DE LA ESTRATEGIA DE COMUNICACIÓN ELABORADA EN LA ETAPA DE ALISTAMIENTO (SOCIALIZACIONES, CAPACITACIONES Y TALLERES PARTICIPATIVOS REGIONALES). | E17: 4.1. PIEZAS DE COMUNICACIÓN | F17: • Elaborar dos piezas de comunicación de Lanzamiento oficial del proceso para informar sobre la formulación del POD (plegable y video). • Realizar cuatro (4) entrevistas del al director del Planeación para los medios de comunicación donde se informe sobre qué es el POD, y se exponga qué implica para el departamento. • Habilitar un sitio en la página web de la Gobernación del Huila, Secretaria de Planeación con información del proceso; esta información será actualizada con periodicidad quincenal. • Difundir por correo electrónico a diferentes listas de contactos y actores que se hagan presentes en los talleres participativos. • Elaborar una cartilla de las generalidades del POD y un plegable con la metodología de participación, con el fin de facilitar la comunicación y el proceso con la ciudadanía, que será entregado a los asistentes de los talleres participativos. • Se elaborarán boletines de prensa, incluyendo archivo fotográfico y relatoría de los encuentros realizados con la ciudadanía. • Creación Crear de una página en Facebook que permita subir constantemente información, compartir contenido, ya sea links, fotos o videos del POD. • Crear una cuenta con la facilidad de comunicación por chat y redes sociales que permita la comunicación en tiempo real, realizando intercambios de información y dando lugar a debates y comentarios sobre los contenidos. • Crear una cuenta de Twitter para publicar, compartir, intercambiar, información del POD en tiempo real. • Convocatoria para Realizar un concurso de diseño, desarrollo e implementación de video juego interactivo “Construyendo Huilensidad Territorial región HUILA” dirigido a entusiastas de la computación. | G17: NUMERO DE PIEZAS DE COMUNICACIÓN | H17: 12 | I17: 6 | J17: =R19 -> 31350000 | K17: =S19 -> 6600000 | L17: =T19 -> 12950000 | O17: =W19 -> 102100000 | P17: =J17+K17+L17+M17+N17+O17 -> 153000000
E18: 4.2. TALLERES Y OTROS ESPACIOS DE PARTICIPACIÓN CON LOS CORRESPONDIENTES DOCUMENTOS DE TRAZABILIDAD DEL PROCESO. | F18: En la etapa de diagnóstico: • Realizar mínimo 12 talleres participativos regionales y elaborar un documento que sistematiza los aportes recibidos en la etapa de Diagnóstico (sistemas estructurantes y escenarios) (con las temáticas, características y condiciones descritas en el documento técnico). • Realizar comités asesores por temas estratégicos o sistemas estructurantes de ordenamiento mínimo cuatro (4) reuniones de validación o complementación del diagnóstico. • Realizar mínimo cuatro (4) mesas de trabajo con CAM, para identificación de determinantes y discusión de temas estratégicos para el diagnóstico y la formulación. • Realizar cuatro (4) reuniones con la Contraloría y otras instancias para identificar rutas de trabajo en temas de transparencia para el ejercicio del ordenamiento territorial en el departamento y los municipios. • Sistematizar y consolidar soportes de seguimiento a las reuniones y talleres (Fotografías, actas, listados de asistencia, etc). • Ajustar y elaborar los documentos técnicos del diagnóstico (productos del objetivo 1) con los aportes recibidos en los talleres de participación. En la etapa de formulación: • Realizar cinco (5) mesas de trabajo y concertación para la actualización de la visión departamental • Realizar cinco (5) mesas de trabajo y concertación para la construcción del modelo de ordenamiento con los actores municipales y la CAM • Realizar cuatro (4) comités asesores por temáticas o subsistemas (CROT) | G18: NUMERO DE TALLERES REALIZADOS | H18: 12
E19: 4.3. EVENTOS Y ACTIVIDADES PARA EL FORTALECIMIENTO INSTITUCIONAL Y DE LA GOBERNANZA. | F19: • Realizar cuatro (4) talleres de validación para evidenciar el proceso de participación de los ciudadanos en las fases de Diagnóstico y Formulación del POD, logrado en consenso con los diferentes actores involucrados. • Realizar un Diplomado en Ordenamiento Territorial en coordinación con la Universidad Surcolombiana y/o Universidad Corhuila, y/o Universidad Antonio Nariño. • Realizar cuatro (4) foros con participación de panelistas nacionales y expertos y académicos de carácter nacional y regional. | G19: NUMERO DE EVENTOS REALIZADOS | H19: 12 | R19: 31350000 | S19: 6600000 | T19: 12950000 | W19: 102100000 | X19: 153000000 | Y19: 153000000
J20: VALOR PARCIAL SIN IVA | P20: =SUM(P5:P18) -> 3.7157412e+09 | R20: VALOR PARCIAL SIN IVA | Y20: 3.7157412e+09
J21: IVA 19% | P21: =P20*19% -> 7.0599083e+08 | R21: IVA 19% | Y21: 7.0599083e+08
J22: VALOR TOTAL + IVA | P22: =P20+P21 -> 4.421732e+09 | R22: VALOR TOTAL + IVA | Y22: 4.421732e+09
J23: VALOR INTERVENTORIA 7% | P23: =P22*7% -> 3.0952124e+08 | R23: VALOR INTERVENTORIA 7% | Y23: 3.0952124e+08
J24: VALOR TOTAL | P24: =P22+P23 -> 4.7312533e+09 | R24: VALOR TOTAL | Y24: 4.7312533e+09

Sheet ANALISIS UNITARIOS (2)
A1: GOBERNACIÓN DEL HUILA - DEPARTAMENTO ADMINISTRATIVO DE PLANEACIÓN
A2: FORMULACIÓN DEL PLAN DE ORDENAMIENTO TERRITORIAL DEL DEPARTAMENTO DEL HUILA
A3: ANALISIS UNITARIOS
A4: PRODUCTO | B4: INDICADORES | C4: META | D4: ACTIVIDADES | E4: INSUMOS | G4: UNIDAD | H4: CANTIDAD | I4: VALOR UNITARIO | J4: VALOR PARCIAL | K4: Tiempo de ejecucion | L4: VALOR TOTAL | M4: 0.19 | N4: VALOR TOTAL+IVA | O4: CONSOLIDADO
A5: 1. DOCUMENTO DEL ALISTAMIENTO | B5: DOCUMENTO REALIZADO | C5: 1 | D5: 1.1. ELABORAR EL DOCUMENTO DE RECOPILACIÓN Y ANÁLISIS DE INFORMACIÓN CON SUS CORRESPONDIENTES SOPORTES. | E5: MANO DE OBRA CALIFICADA | F5: =#REF! -> #REF! | G5: UND | H5: 1 | I5: =#REF! -> #REF! | J5: =H5*I5 -> #REF! | K5: 3 | L5: =I5*K5 -> #REF! | M5: =L5*M4 -> #REF! | N5: =L5+M5 -> #REF! | O5: =SUM(N5:N13) -> #REF!
F6: =#REF! -> #REF! | G6: UND | H6: 1 | I6: =#REF! -> #REF! | J6: =H6*I6 -> #REF! | K6: 1 | L6: =H6*I6*K6 -> #REF! | M6: =L6*M4 -> #REF! | N6: =L6+M6 -> #REF!
E7: MANO DE OBRA NO CALIFICADA | F7: =#REF! -> #REF! | G7: UND | H7: 2 | I7: =#REF! -> #REF! | J7: =H7*I7 -> #REF! | K7: 3 | L7: =H7*I7*K7 -> #REF! | M7: =L7*M$4 -> #REF! | N7: =L7+M7 -> #REF!
E8: TRANSPORTE | F8: =#REF! -> #REF! | G8: UND | H8: 37 | I8: =#REF! -> #REF! | J8: =H8*I8 -> #REF! | K8: 1 | L8: =H8*I8*K8 -> #REF! | M8: =L8*M$4 -> #REF! | N8: =L8+M8 -> #REF!
E9: OTROS GASTOS GENERALES | F9: Registros Fotograficos, impresos y medios magneticos | G9: UND | H9: 1 | I9: =#REF! -> #REF! | J9: =H9*I9 -> #REF! | K9: 1 | L9: =H9*I9*K9 -> #REF! | M9: =L9*M$4 -> #REF! | N9: =L9+M9 -> #REF!
F10: Adquisicion de equipo de computo (con especificaciones tecnicas especiales para almacenamiento) | G10: UND | H10: 1 | I10: =#REF! -> #REF! | J10: =H10*I10 -> #REF! | K10: 1 | L10: =H10*I10*K10 -> #REF! | M10: =L10*M$4 -> #REF! | N10: =L10+M10 -> #REF!
F11: Copias Físicas Planes de Ordenamiento (Acuerdos municipales vigentes, documentos tecnicos y cartograficos) | G11: UND | H11: 37 | I11: =#REF! -> #REF! | J11: =H11*I11 -> #REF! | K11: 1 | L11: =H11*I11*K11 -> #REF! | M11: =L11*M$4 -> #REF! | N11: =L11+M11 -> #REF!
F12: Copias fisicas de los Planes de Desarrollo (Acuerdos municipales vigentes y documentos tecnicos) | G12: UND | H12: 37 | I12: =#REF! -> #REF! | J12: =H12*I12 -> #REF! | K12: 1 | L12: =H12*I12*K12 -> #REF! | M12: =L12*M$4 -> #REF! | N12: =L12+M12 -> #REF!
F13: Copias fisicas de otros documentos que se requieran para la consolidacion de informacion | G13: UND | H13: 1 | I13: =#REF! -> #REF! | J13: =H13*I13 -> #REF! | K13: 1 | L13: =H13*I13*K13 -> #REF! | M13: =L13*M$4 -> #REF! | N13: =L13+M13 -> #REF!
D14: 1.2. REALIZAR EL DOCUMENTO DE PROPUESTA DE MECANISMOS Y ESTRATEGIAS DE COMUNICACIÓN PARA LA INCLUSIÓN PARTICIPATIVA DE LOS DIVERSOS ACTORES DURANTE EL PROCESO DE FORMULACIÓN DEL PLAN DE ORDENAMIENTO. | E14: MANO DE OBRA CALIFICADA | F14: =#REF! -> #REF! | G14: UND | H14: 1 | I14: =#REF! -> #REF! | J14: =H14*I14 -> #REF! | K14: 2.5 | L14: =J14*K14 -> #REF! | M14: =L14*M$4 -> #REF! | N14: =L14+M14 -> #REF! | O14: =SUM(N14:N20) -> #REF!
F15: =#REF! -> #REF! | G15: UND | H15: 1 | I15: =#REF! -> #REF! | J15: =H15*I15 -> #REF! | K15: 1 | L15: =H15*I15*K15 -> #REF! | M15: =L15*M$4 -> #REF! | N15: =L15+M15 -> #REF!
E16: MANO DE OBRA NO CALIFICADA | F16: =#REF! -> #REF! | G16: UND | H16: 1 | I16: =#REF! -> #REF! | J16: =H16*I16 -> #REF! | K16: 3 | L16: =H16*I16*K16 -> #REF! | M16: =L16*M$4 -> #REF! | N16: =L16+M16 -> #REF!
E17: TRANSPORTE | F17: =#REF! -> #REF! | G17: UND | H17: 2 | I17: =#REF! -> #REF! | J17: =H17*I17 -> #REF! | K17: 2 | L17: =H17*I17*K17 -> #REF! | M17: =L17*M$4 -> #REF! | N17: =L17+M17 -> #REF!
E18: OTROS GASTOS GENERALES | F18: Adquisición, procesamiento y publicación de información | G18: UND | H18: 1 | I18: =#REF! -> #REF! | J18: =H18*I18 -> #REF! | K18: 1 | L18: =H18*I18*K18 -> #REF! | M18: =L18*M$4 -> #REF! | N18: =L18+M18 -> #REF!
F19: Registros Fotograficos, impresos y medios magneticos | G19: UND | H19: 1 | I19: =#REF! -> #REF! | J19: =H19*I19 -> #REF! | K19: 1 | L19: =H19*I19*K19 -> #REF! | M19: =L19*M$4 -> #REF! | N19: =L19+M19 -> #REF!
F20: Talleres regionales | G20: UND | H20: 3 | I20: =#REF! -> #REF! | J20: =H20*I20 -> #REF! | K20: 1 | L20: =H20*I20*K20 -> #REF! | M20: =L20*M$4 -> #REF! | N20: =L20+M20 -> #REF!
D21: 1.3 REALIZAR EL DOCUMENTO DE DETALLE Y AJUSTE AL PLAN DE TRABAJO | E21: MANO DE OBRA CALIFICADA | F21: Experto Urbano-Regional | G21: UND | H21: 1 | I21: =#REF! -> #REF! | J21: =H21*I21 -> #REF! | K21: 3 | L21: =H21*I21*K21 -> #REF! | M21: =L21*M$4 -> #REF! | N21: =L21+M21 -> #REF! | O21: =SUM(N21:N22) -> #REF!
E22: MANO DE OBRA NO CALIFICADA | F22: Asistente tecnico y operativos | G22: UND | H22: 1 | I22: =#REF! -> #REF! | J22: =H22*I22 -> #REF! | K22: 3 | L22: =H22*I22*K22 -> #REF! | M22: =L22*M$4 -> #REF! | N22: =L22+M22 -> #REF!
A23: 2. DOCUMENTOS Y CARTOGRAFÍA DE DIAGNÓSTICO | B23: DOCUMENTO REALIZADO | C23: 1 | D23: 2.1 ELABORAR LOS DOCUMENTOS TÉCNICOS DE ANÁLISIS POR SUSBSISTEMAS, Y DE INDENTIFICACIÓN DE ESCENARIOS ACTUAL Y TENDENCIAL | E23: MANO DE OBRA CALIFICADA | F23: Experto Urbano-Regional | G23: UND | H23: 1 | I23: =#REF! -> #REF! | J23: =H23*I23 -> #REF! | K23: 1 | L23: =H23*I23*K23 -> #REF! | M23: =L23*M$4 -> #REF! | N23: =L23+M23 -> #REF! | O23: =SUM(N23:N37) -> #REF!
F24: Arquitecto Urbanista con experiencia en Planificación/Gestion | G24: UND | H24: 1 | I24: =#REF! -> #REF! | J24: =H24*I24 -> #REF! | K24: 1 | L24: =H24*I24*K24 -> #REF! | M24: =L24*M$4 -> #REF! | N24: =L24+M24 -> #REF!
F25: Experto Economista | G25: UND | H25: 1 | I25: =#REF! -> #REF! | J25: =H25*I25 -> #REF! | K25: 1 | L25: =H25*I25*K25 -> #REF! | M25: =L25*M$4 -> #REF! | N25: =L25+M25 -> #REF!
F26: Experto SIG | G26: UND | H26: 1 | I26: =#REF! -> #REF! | J26: =H26*I26 -> #REF! | K26: 1 | L26: =H26*I26*K26 -> #REF! | M26: =L26*M$4 -> #REF! | N26: =L26+M26 -> #REF!
F27: =#REF! -> #REF! | G27: UND | H27: 1 | I27: =#REF! -> #REF! | J27: =H27*I27 -> #REF! | K27: 8 | L27: =H27*I27*K27 -> #REF! | M27: =L27*M$4 -> #REF! | N27: =L27+M27 -> #REF!
F28: Ecologo experto en servicios ecosistemicos | G28: UND | H28: 1 | I28: =#REF! -> #REF! | J28: =H28*I28 -> #REF! | K28: 1 | L28: =H28*I28*K28 -> #REF! | M28: =L28*M$4 -> #REF! | N28: =L28+M28 -> #REF!
F29: Economista | G29: UND | H29: 1 | I29: =#REF! -> #REF! | J29: =H29*I29 -> #REF! | K29: 1 | L29: =H29*I29*K29 -> #REF! | M29: =L29*M$4 -> #REF! | N29: =L29+M29 -> #REF!
F30: =#REF! -> #REF! | G30: UND | H30: 1 | I30: =#REF! -> #REF! | J30: =H30*I30 -> #REF! | K30: 1 | L30: =H30*I30*K30 -> #REF! | M30: =L30*M$4 -> #REF! | N30: =L30+M30 -> #REF!
F31: Especialista Social | G31: UND | H31: 1 | I31: =#REF! -> #REF! | J31: =H31*I31 -> #REF! | K31: 1 | L31: =H31*I31*K31 -> #REF! | M31: =L31*M$4 -> #REF! | N31: =L31+M31 -> #REF!
F32: Ingeniero Agrónomo/Agricola/experto desarrollo rural | G32: UND | H32: 1 | I32: =#REF! -> #REF! | J32: =H32*I32 -> #REF! | K32: 1 | L32: =H32*I32*K32 -> #REF! | M32: =L32*M$4 -> #REF! | N32: =L32+M32 -> #REF!
F33: Ingeniero Ambiental | G33: UND | H33: 1 | I33: =#REF! -> #REF! | J33: =H33*I33 -> #REF! | K33: 1 | L33: =H33*I33*K33 -> #REF! | M33: =L33*M$4 -> #REF! | N33: =L33+M33 -> #REF!
F34: Ingeniero de Vías y Transito y/o Experto en Movilidad | G34: UND | H34: 1 | I34: =#REF! -> #REF! | J34: =H34*I34 -> #REF! | K34: 1 | L34: =H34*I34*K34 -> #REF! | M34: =L34*M$4 -> #REF! | N34: =L34+M34 -> #REF!
F35: Trabajadora Social | G35: UND | H35: 1 | I35: =#REF! -> #REF! | J35: =H35*I35 -> #REF! | K35: 1 | L35: =H35*I35*K35 -> #REF! | M35: =L35*M$4 -> #REF! | N35: =L35+M35 -> #REF!
E36: MANO DE OBRA NO CALIFICADA | F36: Asistente tecnico y operativos | G36: UND | H36: 1 | I36: =#REF! -> #REF! | J36: =H36*I36 -> #REF! | K36: 8 | L36: =H36*I36*K36 -> #REF! | M36: =L36*M$4 -> #REF! | N36: =L36+M36 -> #REF!
E37: OTROS GASTOS GENERALES | F37: Impresión y publicación de Cartillas | G37: UND | H37: 1200 | I37: =#REF! -> #REF! | J37: =H37*I37 -> #REF! | K37: 1 | L37: =H37*I37*K37 -> #REF! | M37: =L37*M$4 -> #REF! | N37: =L37+M37 -> #REF!
D38: 2.2 REALIZAR LOS ESTUDIOS BASICOS DE CONFORMIDAD CON EL DECRETO 1807 DE 2014 CON SUS CORRESPONDIENTES DOCUMENTOS Y CARTOGRAFIA, PARA 16 MUNICIPIOS DEL DPTO DEL HUILA | E38: Estudios para los fenómenos de inundación, avenidas torrenciales y movimientos en masa para el municipio de AIPE | F38: Estudios para los fenómenos de inundación, avenidas torrenciales y movimientos en masa para el municipio de AIPE | G38: GL | H38: 1 | I38: ='[3]PRESUPUESTO RESUMEN '!$E$5 -> 2.0753462e+08 | J38: =H38*I38 -> 2.0753462e+08 | K38: 1 | L38: =J38*K38 -> 2.0753462e+08 | M38: =L38*M$4 -> 39431577 | N38: =L38+M38 -> 2.4696619e+08 | O38: =SUM(N38:N52) -> 2.5810832e+09
E39: Estudios para los fenómenos de inundación, avenidas torrenciales y movimientos en masa para el municipio de ALGECIRAS | F39: Estudios para los fenómenos de inundación, avenidas torrenciales y movimientos en masa para el municipio de ALGECIRAS | G39: GL | H39: 1 | I39: ='[3]PRESUPUESTO RESUMEN '!$E$6 -> 2.0232256e+08 | J39: =H39*I39 -> 2.0232256e+08 | K39: 1 | L39: =J39*K39 -> 2.0232256e+08 | M39: =L39*M$4 -> 38441287 | N39: =L39+M39 -> 2.4076385e+08
E40: Estudios para los fenómenos de inundación, avenidas torrenciales y movimientos en masa para el municipio de COLOMBIA | F40: Estudios para los fenómenos de inundación, avenidas torrenciales y movimientos en masa para el municipio de COLOMBIA | G40: GL | H40: 1 | I40: ='[3]PRESUPUESTO RESUMEN '!$E$7 -> 1.6840894e+08 | J40: =H40*I40 -> 1.6840894e+08 | K40: 1 | L40: =J40*K40 -> 1.6840894e+08 | M40: =L40*M$4 -> 31997698 | N40: =L40+M40 -> 2.0040663e+08
E41: Estudios para los fenómenos de inundación, avenidas torrenciales y movimientos en masa para el municipio de HOBO | F41: Estudios para los fenómenos de inundación, avenidas torrenciales y movimientos en masa para el municipio de HOBO | G41: GL | H41: 1 | I41: ='[3]PRESUPUESTO RESUMEN '!$E$8 -> 53404421 | J41: =H41*I41 -> 53404421 | K41: 1 | L41: =J41*K41 -> 53404421 | M41: =L41*M$4 -> 10146840 | N41: =L41+M41 -> 63551261
E42: Estudios para los fenómenos de inundación, avenidas torrenciales y movimientos en masa para el municipio de ÍQUIRA | F42: Estudios para los fenómenos de inundación, avenidas torrenciales y movimientos en masa para el municipio de ÍQUIRA | G42: GL | H42: 1 | I42: ='[3]PRESUPUESTO RESUMEN '!$E$9 -> 37805050 | J42: =H42*I42 -> 37805050 | K42: 1 | L42: =J42*K42 -> 37805050 | M42: =L42*M$4 -> 7182959.5 | N42: =L42+M42 -> 44988009
E43: Estudios para los fenómenos de inundación, avenidas torrenciales y movimientos en masa para el municipio de LA PLATA | F43: Estudios para los fenómenos de inundación, avenidas torrenciales y movimientos en masa para el municipio de LA PLATA | G43: GL | H43: 1 | I43: ='[3]PRESUPUESTO RESUMEN '!$E$10 -> 86180209 | J43: =H43*I43 -> 86180209 | K43: 1 | L43: =J43*K43 -> 86180209 | M43: =L43*M$4 -> 16374240 | N43: =L43+M43 -> 1.0255445e+08
E44: Estudios para los fenómenos de inundación, avenidas torrenciales y movimientos en masa para el municipio de NÁTAGA | F44: Estudios para los fenómenos de inundación, avenidas torrenciales y movimientos en masa para el municipio de NÁTAGA | G44: GL | H44: 1 | I44: ='[3]PRESUPUESTO RESUMEN '!$E$11 -> 52355341 | J44: =H44*I44 -> 52355341 | K44: 1 | L44: =J44*K44 -> 52355341 | M44: =L44*M$4 -> 9947514.7 | N44: =L44+M44 -> 62302855
E45: Estudios para los fenómenos de inundación, avenidas torrenciales y movimientos en masa para el municipio de NEIVA | F45: Estudios para los fenómenos de inundación, avenidas torrenciales y movimientos en masa para el municipio de NEIVA | G45: GL | H45: 1 | I45: ='[3]PRESUPUESTO RESUMEN '!$E$12 -> 6.901637e+08 | J45: =H45*I45 -> 6.901637e+08 | K45: 1 | L45: =J45*K45 -> 6.901637e+08 | M45: =L45*M$4 -> 1.311311e+08 | N45: =L45+M45 -> 8.212948e+08
E46: Estudios para los fenómenos de inundación, avenidas torrenciales y movimientos en masa para el municipio de PALERMO | F46: Estudios para los fenómenos de inundación, avenidas torrenciales y movimientos en masa para el municipio de PALERMO | G46: GL | H46: 1 | I46: ='[3]PRESUPUESTO RESUMEN '!$E$13 -> 2.3316794e+08 | J46: =H46*I46 -> 2.3316794e+08 | K46: 1 | L46: =J46*K46 -> 2.3316794e+08 | M46: =L46*M$4 -> 44301908 | N46: =L46+M46 -> 2.7746984e+08
E47: Estudios para los fenómenos de inundación, avenidas torrenciales y movimientos en masa para el municipio de PITAL | F47: Estudios para los fenómenos de inundación, avenidas torrenciales y movimientos en masa para el municipio de PITAL | G47: GL | H47: 1 | I47: ='[3]PRESUPUESTO RESUMEN '!$E$14 -> 62185060 | J47: =H47*I47 -> 62185060 | K47: 1 | L47: =J47*K47 -> 62185060 | M47: =L47*M$4 -> 11815161 | N47: =L47+M47 -> 74000221
E48: Estudios para los fenómenos de inundación, avenidas torrenciales y movimientos en masa para el municipio de SALADOBLANCO | F48: Estudios para los fenómenos de inundación, avenidas torrenciales y movimientos en masa para el municipio de SALADOBLANCO | G48: GL | H48: 1 | I48: ='[3]PRESUPUESTO RESUMEN '!$E$15 -> 87088974 | J48: =H48*I48 -> 87088974 | K48: 1 | L48: =J48*K48 -> 87088974 | M48: =L48*M$4 -> 16546905 | N48: =L48+M48 -> 1.0363588e+08
E49: Estudios para los fenómenos de inundación, avenidas torrenciales y movimientos en masa para el municipio de SANTA MARÍA | F49: Estudios para los fenómenos de inundación, avenidas torrenciales y movimientos en masa para el municipio de SANTA MARÍA | G49: GL | H49: 1 | I49: ='[3]PRESUPUESTO RESUMEN '!$E$16 -> 64943857 | J49: =H49*I49 -> 64943857 | K49: 1 | L49: =J49*K49 -> 64943857 | M49: =L49*M$4 -> 12339333 | N49: =L49+M49 -> 77283190
E50: Estudios para los fenómenos de inundación, avenidas torrenciales y movimientos en masa para el municipio de TARQUI | F50: Estudios para los fenómenos de inundación, avenidas torrenciales y movimientos en masa para el municipio de TARQUI | G50: GL | H50: 1 | I50: ='[3]PRESUPUESTO RESUMEN '!$E$17 -> 54097804 | J50: =H50*I50 -> 54097804 | K50: 1 | L50: =J50*K50 -> 54097804 | M50: =L50*M$4 -> 10278583 | N50: =L50+M50 -> 64376387
E51: Estudios para los fenómenos de inundación, avenidas torrenciales y movimientos en masa para el municipio de TERUEL | F51: Estudios para los fenómenos de inundación, avenidas torrenciales y movimientos en masa para el municipio de TERUEL | G51: GL | H51: 1 | I51: ='[3]PRESUPUESTO RESUMEN '!$E$18 -> 80261199 | J51: =H51*I51 -> 80261199 | K51: 1 | L51: =J51*K51 -> 80261199 | M51: =L51*M$4 -> 15249628 | N51: =L51+M51 -> 95510826
E52: Estudios para los fenómenos de inundación, avenidas torrenciales y movimientos en masa para el municipio de YAGUARÁ | F52: Estudios para los fenómenos de inundación, avenidas torrenciales y movimientos en masa para el municipio de YAGUARÁ | G52: GL | H52: 1 | I52: ='[3]PRESUPUESTO RESUMEN '!$E$19 -> 89057823 | J52: =H52*I52 -> 89057823 | K52: 1 | L52: =J52*K52 -> 89057823 | M52: =L52*M$4 -> 16920986 | N52: =L52+M52 -> 1.0597881e+08
D53: 2.3 ELABORAR LA CARTOGRAFÍA DE ANÁLISIS POR SUBSISTEMAS Y DE INDENTIFICACIÓN DE ESCENARIOS DEL DIAGNÓSTICO | E53: MANO DE OBRA CALIFICADA | F53: =#REF! -> #REF! | G53: UND | H53: 1 | I53: =#REF! -> #REF! | J53: =H53*I53 -> #REF! | K53: 8 | L53: =H53*I53*K53 -> #REF! | M53: =L53*M$4 -> #REF! | N53: =L53+M53 -> #REF! | O53: =SUM(N53:N56) -> #REF!
E54: MANO DE OBRA NO CALIFICADA | F54: =#REF! -> #REF! | G54: UND | H54: 1 | I54: =#REF! -> #REF! | J54: =H54*I54 -> #REF! | K54: 8 | L54: =H54*I54*K54 -> #REF! | M54: =L54*M$4 -> #REF! | N54: =L54+M54 -> #REF!
E55: MAQUINARIA, EQUIPOS Y SOFTWARE | F55: Adquisición de Licencia del software ArcGIS | G55: UND | H55: 2 | I55: =#REF! -> #REF! | J55: =H55*I55 -> #REF! | K55: 1 | L55: =H55*I55*K55 -> #REF! | M55: =L55*M$4 -> #REF! | N55: =L55+M55 -> #REF!
E56: OTROS GASTOS GENERALES | F56: Cartografia e Imágenes Satelitales | G56: UND | H56: 4 | I56: =#REF! -> #REF! | J56: =H56*I56 -> #REF! | K56: 1 | L56: =H56*I56*K56 -> #REF! | M56: =L56*M$4 -> #REF! | N56: =L56+M56 -> #REF!
A57: 3. DOCUMENTOS TÉCNICOS DE LA FORMULACIÓN | B57: DOCUMENTO REALIZADO | C57: 1 | D57: 3.1. ELABORAR EL DOCUMENTO DE MODELO Y DIRECTRICES DE ORDENAMIENTO. | E57: MANO DE OBRA CALIFICADA | F57: Experto SIG | G57: UND | H57: 1 | I57: =#REF! -> #REF! | J57: =H57*I57 -> #REF! | K57: 6 | L57: =H57*I57*K57 -> #REF! | M57: =L57*M$4 -> #REF! | N57: =L57+M57 -> #REF! | O57: =SUM(N57:N64) -> #REF!
F58: Abogado Especialista en Derecho Urbano | G58: UND | H58: 1 | I58: =#REF! -> #REF! | J58: =H58*I58 -> #REF! | K58: 2 | L58: =H58*I58*K58 -> #REF! | M58: =L58*M$4 -> #REF! | N58: =L58+M58 -> #REF!
F59: Arquitecto Urbanista con experiencia en Planificación/Gestion | G59: UND | H59: 1 | I59: =#REF! -> #REF! | J59: =H59*I59 -> #REF! | K59: 1 | L59: =H59*I59*K59 -> #REF! | M59: =L59*M$4 -> #REF! | N59: =L59+M59 -> #REF!
F60: Experto Urbano-Regional | G60: UND | H60: 1 | I60: =#REF! -> #REF! | J60: =H60*I60 -> #REF! | K60: 1 | L60: =H60*I60*K60 -> #REF! | M60: =L60*M$4 -> #REF! | N60: =L60+M60 -> #REF!
F61: Administrador publico | G61: UND | H61: 1 | I61: =#REF! -> #REF! | J61: =H61*I61 -> #REF! | K61: 3 | L61: =H61*I61*K61 -> #REF! | M61: =L61*M$4 -> #REF! | N61: =L61+M61 -> #REF!
F62: =#REF! -> #REF! | G62: UND | H62: 1 | I62: =#REF! -> #REF! | J62: =H62*I62 -> #REF! | K62: 1 | L62: =H62*I62*K62 -> #REF! | M62: =L62*M$4 -> #REF! | N62: =L62+M62 -> #REF!
E63: MANO DE OBRA NO CALIFICADA | F63: Asistente tecnico y operativos | G63: UND | H63: 1 | I63: =#REF! -> #REF! | J63: =H63*I63 -> #REF! | K63: 6 | L63: =H63*I63*K63 -> #REF! | M63: =L63*M$4 -> #REF! | N63: =L63+M63 -> #REF!
E64: OTROS GASTOS GENERALES | F64: Impresión documentos tecnicos y cartograficos | G64: UND | H64: 1 | I64: =#REF! -> #REF! | J64: =H64*I64 -> #REF! | K64: 1 | L64: =H64*I64*K64 -> #REF! | M64: =L64*M$4 -> #REF! | N64: =L64+M64 -> #REF!
D65: 3.2. REALIZAR EL DOCUMENTO DE PROGRAMAS, PROYECTOS, FUENTES DE FINANCIACIACIÓN Y ESTRATEGIAS DE GESTIÓN CON HOJA DE RUTA PARA LA IMPLEMENTACIÓN DEL PLAN. | E65: MANO DE OBRA CALIFICADA | F65: =#REF! -> #REF! | G65: UND | H65: 1 | I65: =#REF! -> #REF! | J65: =H65*I65 -> #REF! | K65: 6 | L65: =H65*I65*K65 -> #REF! | M65: =L65*M$4 -> #REF! | N65: =L65+M65 -> #REF! | O65: =SUM(N65:N68) -> #REF!
F66: Arquitecto | G66: UND | H66: 2 | I66: =#REF! -> #REF! | J66: =H66*I66 -> #REF! | K66: 6 | L66: =H66*I66*K66 -> #REF! | M66: =L66*M$4 -> #REF! | N66: =L66+M66 -> #REF!
E67: MANO DE OBRA NO CALIFICADA | F67: Asistente tecnico y operativos | G67: UND | H67: 1 | I67: =#REF! -> #REF! | J67: =H67*I67 -> #REF! | K67: 6 | L67: =H67*I67*K67 -> #REF! | M67: =L67*M$4 -> #REF! | N67: =L67+M67 -> #REF!
E68: OTROS GASTOS GENERALES | F68: Impresión documentos tecnicos y cartograficos | G68: UND | H68: 1 | I68: =#REF! -> #REF! | J68: =H68*I68 -> #REF! | K68: 1 | L68: =H68*I68*K68 -> #REF! | M68: =L68*M$4 -> #REF! | N68: =L68+M68 -> #REF!
D69: 3.3. FORMULAR EL DOCUMENTO DE PROPUESTA DEL SISTEMA SEGUIMIENTO, EVALUACIÓN Y CONTROL DEL POD EN LA ETAPA DE IMPLEMENTACIÓN. | E69: MANO DE OBRA CALIFICADA | F69: Ingeniero de Sistemas TIC e innovacion para Ordenamiento territorial | G69: UND | H69: 1 | I69: =#REF! -> #REF! | J69: =H69*I69 -> #REF! | K69: 6 | L69: =H69*I69*K69 -> #REF! | M69: =L69*M$4 -> #REF! | N69: =L69+M69 -> #REF! | O69: =SUM(N69:N73) -> #REF!
F70: Especialista en SIG | G70: UND | H70: 1 | I70: =#REF! -> #REF! | J70: =H70*I70 -> #REF! | K70: 1 | L70: =H70*I70*K70 -> #REF! | M70: =L70*M$4 -> #REF! | N70: =L70+M70 -> #REF!
F71: Experto Urbano-Regional | G71: UND | H71: 1 | I71: =#REF! -> #REF! | J71: =H71*I71 -> #REF! | K71: 1 | L71: =H71*I71*K71 -> #REF! | M71: =L71*M$4 -> #REF! | N71: =L71+M71 -> #REF!
F72: Arquitecto Urbanista con experiencia en Planificación/Gestion | G72: UND | H72: 1 | I72: =#REF! -> #REF! | J72: =H72*I72 -> #REF! | K72: 1 | L72: =H72*I72*K72 -> #REF! | M72: =L72*M$4 -> #REF! | N72: =L72+M72 -> #REF!
E73: MANO DE OBRA NO CALIFICADA | F73: Asistente tecnico y operativos | G73: UND | H73: 1 | I73: =#REF! -> #REF! | J73: =H73*I73 -> #REF! | K73: 6 | L73: =H73*I73*K73 -> #REF! | M73: =L73*M$4 -> #REF! | N73: =L73+M73 -> #REF!
D74: 3.4. ELABORAR LAS CARTOGRAFÍAS TEMÁTICAS PARA EL PROCESO DE FORMULACIÓN QUE DEBERÁN SEGUIR LOS PARÁMETROS ESTABLECIDOS POR LA INFRAESTRUCTURA COLOMBIANA DE DATOS ESPACIALES (ICDE). | E74: MANO DE OBRA CALIFICADA | F74: =#REF! -> #REF! | G74: UND | H74: 1 | I74: =#REF! -> #REF! | J74: =H74*I74 -> #REF! | K74: 6 | L74: =H74*I74*K74 -> #REF! | M74: =L74*M$4 -> #REF! | N74: =L74+M74 -> #REF! | O74: =SUM(N74:N76) -> #REF!
F75: =#REF! -> #REF! | G75: UND | H75: 1 | I75: =#REF! -> #REF! | J75: =H75*I75 -> #REF! | K75: 1 | L75: =H75*I75*K75 -> #REF! | M75: =L75*M$4 -> #REF! | N75: =L75+M75 -> #REF!
E76: MANO DE OBRA NO CALIFICADA | F76: =#REF! -> #REF! | G76: UND | H76: 1 | I76: =#REF! -> #REF! | J76: =H76*I76 -> #REF! | K76: 6 | L76: =H76*I76*K76 -> #REF! | M76: =L76*M$4 -> #REF! | N76: =L76+M76 -> #REF!
D77: 3.5. REALIZAR EL BORRADOR DE INSTRUMENTO JURIDICO POR EL CUAL SE ADOPTA EL POD MEDIANTE LA DEFINICIÓN DE SU MARCO NORMATIVO, ESTRUCTURA, CONTENIDOS Y ALCANCES. | E77: MANO DE OBRA CALIFICADA | F77: =#REF! -> #REF! | G77: UND | H77: 1 | I77: =#REF! -> #REF! | J77: =H77*I77 -> #REF! | K77: 1 | L77: =H77*I77*K77 -> #REF! | M77: =L77*M$4 -> #REF! | N77: =L77+M77 -> #REF! | O77: =SUM(N77:N80) -> #REF!
F78: =#REF! -> #REF! | G78: UND | H78: 1 | I78: =#REF! -> #REF! | J78: =H78*I78 -> #REF! | K78: 6 | L78: =H78*I78*K78 -> #REF! | M78: =L78*M$4 -> #REF! | N78: =L78+M78 -> #REF!
E79: MANO DE OBRA NO CALIFICADA | F79: Asistente tecnico y operativos | G79: UND | H79: 1 | I79: =#REF! -> #REF! | J79: =H79*I79 -> #REF! | K79: 6 | L79: =H79*I79*K79 -> #REF! | M79: =L79*M$4 -> #REF! | N79: =L79+M79 -> #REF!
E80: OTROS GASTOS GENERALES | F80: Impresión documentos tecnicos y cartograficos | G80: UND | H80: 1 | I80: =#REF! -> #REF! | J80: =H80*I80 -> #REF! | K80: 1 | L80: =H80*I80*K80 -> #REF! | M80: =L80*M$4 -> #REF! | N80: =L80+M80 -> #REF!
A81: 4. DOCUMENTOS DE DESARROLLO Y SEGUIMIENTO A LA IMPLEMENTACIÓIN DE LA ESTRATEGIA DE COMUNICACIÓN ELABORADA EN LA ETAPA DE ALISTAMIENTO (SOCIALIZACIONES, CAPACITACIONES Y TALLERES PARTICIPATIVOS REGIONALES). | B81: NUMERO DE PIEZAS DE COMUNICACIÓN | C81: 12 | D81: 4.1. PIEZAS DE COMUNICACIÓN | E81: MANO DE OBRA CALIFICADA | F81: =#REF! -> #REF! | G81: UND | H81: 1 | I81: =#REF! -> #REF! | J81: =H81*I81 -> #REF! | K81: 4 | L81: =H81*I81*K81 -> #REF! | M81: =L81*M$4 -> #REF! | N81: =L81+M81 -> #REF! | O81: =SUM(N81:N83) -> #REF!
E82: MANO DE OBRA NO CALIFICADA | F82: Asistente tecnico y operativos | G82: UND | H82: 1 | I82: =#REF! -> #REF! | J82: =H82*I82 -> #REF! | K82: 4 | L82: =H82*I82*K82 -> #REF! | M82: =L82*M$4 -> #REF! | N82: =L82+M82 -> #REF!
E83: OTROS GASTOS GENERALES | F83: Registros Fotograficos, impresos y medios magneticos | G83: UND | H83: 0.5 | I83: =#REF! -> #REF! | J83: =H83*I83 -> #REF! | K83: 4 | L83: =H83*I83*K83 -> #REF! | M83: =L83*M$4 -> #REF! | N83: =L83+M83 -> #REF!
B84: NUMERO DE TALLERES REALIZADOS | C84: 12 | D84: 4.2. REALIZAR TALLERES Y OTROS ESPACIOS DE PARTICIPACIÓN CON LOS CORRESPONDIENTES DOCUMENTOS DE TRAZABILIDAD DEL PROCESO. | E84: MANO DE OBRA CALIFICADA | F84: =#REF! -> #REF! | G84: UND | H84: 1 | I84: =#REF! -> #REF! | J84: =H84*I84 -> #REF! | K84: 4 | L84: =H84*I84*K84 -> #REF! | M84: =L84*M$4 -> #REF! | N84: =L84+M84 -> #REF! | O84: =SUM(N84:N88) -> #REF!
F85: =#REF! -> #REF! | G85: UND | H85: 1 | I85: =#REF! -> #REF! | J85: =H85*I85 -> #REF! | K85: 1 | L85: =H85*I85*K85 -> #REF! | M85: =L85*M$4 -> #REF! | N85: =L85+M85 -> #REF!
F86: =#REF! -> #REF! | G86: UND | H86: 1 | I86: =#REF! -> #REF! | J86: =H86*I86 -> #REF! | K86: 1 | L86: =H86*I86*K86 -> #REF! | M86: =L86*M$4 -> #REF! | N86: =L86+M86 -> #REF!
E87: MANO DE OBRA NO CALIFICADA | F87: Asistente tecnico y operativos | G87: UND | H87: 1 | I87: =#REF! -> #REF! | J87: =H87*I87 -> #REF! | K87: 4 | L87: =H87*I87*K87 -> #REF! | M87: =L87*M$4 -> #REF! | N87: =L87+M87 -> #REF!
E88: OTROS GASTOS GENERALES | F88: Registros Fotograficos, impresos y medios magneticos | G88: UND | H88: 2 | I88: =#REF! -> #REF! | J88: =H88*I88 -> #REF! | K88: 1 | L88: =H88*I88*K88 -> #REF! | M88: =L88*M$4 -> #REF! | N88: =L88+M88 -> #REF!
B89: NUMERO DE EVENTOS REALIZADOS | C89: 12 | D89: 4.3. REALIZAR EVENTOS Y ACTIVIDADES PARA EL FORTALECIMIENTO INSTITUCIONAL Y DE LA GOBERNANZA. | E89: MANO DE OBRA CALIFICADA | F89: =#REF! -> #REF! | G89: UND | H89: 1 | I89: =#REF! -> #REF! | J89: =H89*I89 -> #REF! | K89: 4 | L89: =H89*I89*K89 -> #REF! | M89: =L89*M$4 -> #REF! | N89: =L89+M89 -> #REF! | O89: =SUM(N89:N91) -> #REF!
E90: MANO DE OBRA NO CALIFICADA | F90: Asistente tecnico y operativos | G90: UND | H90: 1 | I90: =#REF! -> #REF! | J90: =H90*I90 -> #REF! | K90: 4 | L90: =H90*I90*K90 -> #REF! | M90: =L90*M$4 -> #REF! | N90: =L90+M90 -> #REF!
E91: OTROS GASTOS GENERALES | F91: Registros Fotograficos, impresos y medios magneticos | G91: UND | H91: 0.5 | I91: =#REF! -> #REF! | J91: =H91*I91 -> #REF! | K91: 4 | L91: =H91*I91*K91 -> #REF! | M91: =L91*M$4 -> #REF! | N91: =L91+M91 -> #REF!
F92: VALOR PARCIAL + IVA | O92: =SUM(O5:O91) -> #REF!
F93: VALOR INTERVENTORIA 7% | O93: =O92*7% -> #REF!
F94: VALOR TOTAL | O94: =O92+O93 -> #REF!

Sheet ANALISIS UNITARIOS (3)
A1: GOBERNACIÓN DEL HUILA - DEPARTAMENTO ADMINISTRATIVO DE PLANEACIÓN
A2: PROYECTO: FORMULACIÓN DEL PLAN DE ORDENAMIENTO TERRITORIAL DEL DEPARTAMENTO DEL HUILA
A3: ANALISIS DE PRECIOS UNITARIOS
A4: ACTIVIDAD 1. DOCUMENTO DE ALISTAMIENTO
A5: A. MANO DE OBRA CALIFICADA
A6: DESCRIPCION | B6: UNIDAD | C6: CANTIDAD | D6: DEDICACION | E6: FACTOR MULTIPLICADOR | F6: SUELDO Y/O PAGO MENSUAL | G6: VALOR UNITARIO | H6: VALOR PARCIAL | I6: Tiempo de ejecucion | J6: VALOR TOTAL | K6: 0.19 | L6: VALOR TOTAL+IVA
A7: =#REF! -> #REF! | B7: Persona | C7: 1 | D7: =#REF! -> #REF! | E7: =#REF! -> #REF! | F7: =#REF! -> #REF! | G7: =#REF! -> #REF! | H7: =C7*G7 -> #REF! | I7: 3 | J7: =C7*G7*I7 -> #REF! | K7: =J7*K$6 -> #REF! | L7: =J7+K7 -> #REF!
A8: =#REF! -> #REF! | B8: Persona | C8: 1 | D8: =#REF! -> #REF! | E8: =#REF! -> #REF! | F8: =#REF! -> #REF! | G8: =#REF! -> #REF! | H8: =C8*G8 -> #REF! | I8: 1 | J8: =G8*I8 -> #REF! | K8: =J8*K$6 -> #REF! | L8: =J8+K8 -> #REF!
A9: =#REF! -> #REF! | B9: Persona | C9: 1 | D9: =#REF! -> #REF! | E9: =#REF! -> #REF! | F9: =#REF! -> #REF! | G9: =#REF! -> #REF! | H9: =C9*G9 -> #REF! | I9: 1 | J9: =G9*I9 -> #REF! | K9: =J9*K$6 -> #REF! | L9: =J9+K9 -> #REF!
A10: =#REF! -> #REF! | B10: Persona | C10: 1 | D10: =#REF! -> #REF! | E10: =#REF! -> #REF! | F10: =#REF! -> #REF! | G10: =#REF! -> #REF! | H10: =C10*G10 -> #REF! | I10: 1 | J10: =G10*I10 -> #REF! | K10: =J10*K$6 -> #REF! | L10: =J10+K10 -> #REF!
A11: =#REF! -> #REF! | B11: Persona | C11: 1 | G11: =#REF! -> #REF! | H11: =C11*G11 -> #REF! | I11: 2.5 | J11: =H11*I11 -> #REF! | K11: =J11*K$6 -> #REF! | L11: =J11+K11 -> #REF!
A12: =#REF! -> #REF! | B12: Persona | C12: 1 | G12: =#REF! -> #REF! | H12: =C12*G12 -> #REF! | I12: 1 | J12: =C12*G12*I12 -> #REF! | K12: =J12*K$6 -> #REF! | L12: =J12+K12 -> #REF!
A13: =#REF! -> #REF! | B13: Persona | C13: 1 | G13: =#REF! -> #REF! | H13: =C13*G13 -> #REF! | I13: 1 | J13: =C13*G13*I13 -> #REF! | K13: =J13*K6 -> #REF! | L13: =J13+K13 -> #REF!
I14: TOTAL MANO DE OBRA CALIFICADA | L14: =SUM(L7:L13) -> #REF!
A15: B. MANO DE OBRA NO CALIFICADA
A16: DESCRIPCION | B16: UNIDAD | C16: CANTIDAD | D16: DEDICACION | E16: FACTOR MULTIPLICADOR | F16: SUELDO Y/O PAGO MENSUAL | G16: VALOR UNITARIO | H16: VALOR PARCIAL | I16: Tiempo de ejecucion | J16: VALOR TOTAL | K16: 0.19 | L16: VALOR TOTAL+IVA
A17: =#REF! -> #REF! | B17: Persona | C17: 4 | G17: =#REF! -> #REF! | H17: =C17*G17 -> #REF! | I17: 3 | J17: =C17*G17*I17 -> #REF! | K17: =J17*K$6 -> #REF! | L17: =J17+K17 -> #REF!
I18: TOTAL MANO DE OBRA NO CALIFICADA | L18: =SUM(L17) -> #REF!
A19: C. TRANSPORTE
A20: DESCRIPCION | B20: UNIDAD | C20: CANTIDAD | G20: VALOR UNITARIO | H20: VALOR PARCIAL | I20: Tiempo de ejecucion | J20: VALOR TOTAL | K20: 0.19 | L20: VALOR TOTAL+IVA
A21: =#REF! -> #REF! | B21: viajes | C21: 41 | G21: =#REF! -> #REF! | H21: =C21*G21 -> #REF! | I21: 1 | J21: =C21*G21*I21 -> #REF! | K21: =J21*K$6 -> #REF! | L21: =J21+K21 -> #REF!
I22: TOTAL TRANSPORTE | L22: =SUM(L21) -> #REF!
A23: D. OTROS GASTOS GENERALES
A24: DESCRIPCION | B24: UNIDAD | C24: CANTIDAD | G24: VALOR UNITARIO | H24: VALOR PARCIAL | I24: Tiempo de ejecucion | J24: VALOR TOTAL | K24: 0.19 | L24: VALOR TOTAL+IVA
A25: Registros Fotograficos, impresos y medios magneticos | B25: GL | C25: 1 | G25: =#REF! -> #REF! | H25: =C25*G25 -> #REF! | I25: 1 | J25: =C25*G25*I25 -> #REF! | K25: =J25*K$6 -> #REF! | L25: =J25+K25 -> #REF!
A26: Adquisición, procesamiento y publicación de información | B26: GL | C26: 1 | G26: =#REF! -> #REF! | H26: =C26*G26 -> #REF! | I26: 1 | J26: =C26*G26*I26 -> #REF! | K26: =J26*K$6 -> #REF! | L26: =J26+K26 -> #REF!
A27: Registros Fotograficos, impresos y medios magneticos | B27: GL | C27: 1 | G27: =#REF! -> #REF! | H27: =C27*G27 -> #REF! | I27: 1 | J27: =C27*G27*I27 -> #REF! | K27: =J27*K$6 -> #REF! | L27: =J27+K27 -> #REF!
A28: Talleres regionales | B28: UND | C28: 3 | G28: =#REF! -> #REF! | H28: =C28*G28 -> #REF! | I28: 1 | J28: =C28*G28*I28 -> #REF! | K28: =J28*K$6 -> #REF! | L28: =J28+K28 -> #REF!
A29: Adquisicion de equipo de computo (con especificaciones tecnicas especiales para almacenamiento) | B29: UND | C29: 1 | G29: =#REF! -> #REF! | H29: =C29*G29 -> #REF! | I29: 1 | J29: =C29*G29*I29 -> #REF! | K29: =J29*K$6 -> #REF! | L29: =J29+K29 -> #REF!
A30: Copias Físicas Planes de Ordenamiento (Acuerdos municipales vigentes, documentos tecnicos y cartograficos) | B30: GL | C30: 37 | G30: =#REF! -> #REF! | H30: =C30*G30 -> #REF! | I30: 1 | J30: =C30*G30*I30 -> #REF! | K30: =J30*K$6 -> #REF! | L30: =J30+K30 -> #REF!
A31: Copias fisicas de los Planes de Desarrollo (Acuerdos municipales vigentes y documentos tecnicos) | B31: GL | C31: 37 | G31: =#REF! -> #REF! | H31: =C31*G31 -> #REF! | I31: 1 | J31: =C31*G31*I31 -> #REF! | K31: =J31*K$6 -> #REF! | L31: =J31+K31 -> #REF!
A32: Copias fisicas de otros documentos que se requieran para la consolidacion de informacion | B32: GL | C32: 1 | G32: =#REF! -> #REF! | H32: =C32*G32 -> #REF! | I32: 1 | J32: =C32*G32*I32 -> #REF! | K32: =J32*K$6 -> #REF! | L32: =J32+K32 -> #REF!
I33: TOTAL OTROS GASTOS GENERALES | L33: =SUM(L25:L32) -> #REF!
L35: =L33+L22+L18+L14 -> #REF!

Sheet FACTOR MULTIP 
A1: FACTOR MULTIPLICADOR
A3: DESCRIPCION | H3: PARTICIPACION | L3: PORCENTAJE
A4: A. SUELDOS | L4: =+L5 -> 1
A5: a. SALARIO BÁSICO | L5: 1
A6: B. PRESTACIONES SOCIALES | L6: =SUM(L7:O13) -> 0.614133
A7: a. PRIMA ANUAL | L7: 0.0833
A8: b. CESANTIAS | L8: 0.0833
A9: c. INTERESES CESANTIAS (1% de las Cesantias) | L9: =L8*1% -> 0.000833
A10: d. VACACIONES | L10: 0.0417
A11: e. SEGURIDAD SOCIAL (%Salud, %Pension, %Riesgos) | L11: 0.355
A12: f. SUBSIDIO FAMILIAR | L12: 0.04
A13: g. DOTACION | L13: 0.01
A14: C. COSTOS DE PERFECCIONAMIENTO (IMPUESTOS Y POLIZAS) | L14: =SUM(L15:O20) -> 0.115
A15: a. ESTAMPILLA PRODESARROLLO DEPARTAMENTAL | L15: 0.02
A16: b. ESTAMPILLA PROCULTURA | L16: 0.015
A17: c. ESTAMPILLA PROUNIVERSIDAD | L17: 0.005
A18: d. ESTAMPILLA PRODEPORTE | L18: 0.015
A19: e. POLIZAS | L19: 0.05
A20: j. RETEICA | L20: 0.01
A21: D. OTROS IMPUESTOS | L21: =SUM(L22:O23) -> 0.1
A22: a. IMPUESTOS BANCARIOS Y COSTOS FIANCIEROS | L22: 0.03
A23: b. RETENCION EN LA FUENTE | L23: 0.07
A24: E. GASTOS GENERALES | L24: =SUM(L25:O27) -> 0.0709
A25: a. COSTO DE PERSONAL NO FACTURABLE | L25: 0.0209
A26: b. ASESORIA LEGAL Y TRIBUTARIA | L26: 0.03
A27: b. CONSUMIBLES CAFETERIA Y MANTENIMIENTO DE OFICINA | L27: 0.02
A28: F. HONORARIOS | L28: 0.06
A34: FACTOR MULTIPLICADOR | H34: =L28+L24+L21+L14+L6+L4 -> 1.960033 | L34: =ROUND(H34,2) -> 1.96

Sheet FACTOR MULTIPLICADOR
A2: GOBERNACIÓN DEL HUILA
A4: FACTOR MULTIPLICADOR EMPRESAS DE CONSULTORIA
C6: CONCEPTO | I6: PORCENTAJE
A7: 1. | B7: Salarios y Prestaciones Sociales de Personal Facturable
G8: MESES DE TRABAJO
A9: 1.1. | B9: Salarios | I9: 1
A10: 1.2. | B10: Prima anual (legal) | E10: 1 | F10: ÷ 12 = | G10: +FC[-4]*FC[-3] | I10: =1/12 -> 0.083333333
A11: 1.3. | B11: Cesantía | E11: 1 | F11: ÷ 12 = | G11: +FC[-4]*FC[-3] | I11: =1/12 -> 0.083333333
A12: 1.4. | B12: Intereses de cesantía | E12: 0.01 | F12: x 1.3. = | G12: +FC[-4]*FC[-3] | I12: 0.01
A13: 1.5. | B13: Vacaciones | I13: =+I11/2 -> 0.041666667
A14: 1.6. | B14: Seguridad Social (salud + pensión) | I14: 0.285
A15: 1.7. | B15: Caja de Compensación Familiar | I15: 0.04
A16: 1.8. | B16: ARP | I16: 0.025
A17: 1.9. | B17: Sena | I17: 0.02
A18: 1.10. | B18: ICBF | I18: 0.03
A19: 1.11. | B19: Otros (Auxilios varios, prestaciones extralegales, Incapacidades no cubertas) | I19: 0.01
A20: 1.12. | B20: Dotación | I20: 0.05
F21: Sub-total | I21: =SUM(I9:I20) -> 1.6783333
A23: 2. | B23: Gastos Directos
A25: 2.1. | B25: Arriendo oficina | I25: 0.015
A26: 2.2. | B26: Administración edificio | I26: 0.004
A27: 3.2. | B27: Servicios públicos | I27: 0.005
F28: Sub-total | I28: =SUM(I25:I27) -> 0.024
A30: 3. | B30: Gastos Generales
A31: 3.1. | B31: Preparación de Propuesta | I31: 0.015
A32: 3.3. | B32: Equipos y mantenimiento Oficina (Aseo) | I32: 0.02
A33: 3.7. | B33: Papelería y útiles de oficina | I33: 0.01
A34: 3.8. | B34: Personal Administrativo no facturado | I34: 0.01
A35: 3.11. | B35: Licenciamiento de software | I35: 0.01
F36: Sub-total | I36: =SUM(I31:I35) -> 0.065
A38: 4. | B38: Costos Directos no Reembolsables
A40: 4.1 | B40: Poliza de Calidad | I40: 0.0053
A41: 4.2 | B41: Póliza Cumplimiento | I41: 0.0099
A42: 4.3 | B42: Póliza Salarios y prestaciones Sociales | I42: 0.0265
A43: 4.4 | B43: Retefuente | I43: 0.1
A44: 4.5 | B44: ReteICA | I44: 0.011
F45: Sub-total | I45: =SUM(I40:I44) -> 0.1527
A48: 5. | B48: Honorarios (Utilidad) | F48: Sub-total | I48: 0.05
A51: T O T A L | I51: =SUM(I48,I45,I36,I28,I21) -> 1.9700333

Sheet CADENA DE VALOR-ACTIVIDADES (2
A1: GOBERNACION DEL HUILA - DEPARTAMENTO ADMINISTRATIVO DE PLANEACION DEL HUILA
A2: FORMULAR EL PLAN DE ORDENAMIENTO TERRITORIAL PARA EL DEPARTAMENTO DEL HUILA
A4: PROYECTO | B4: OBJETIVO GENERAL | C4: OBJETIVOS ESPECIFICOS | D4: PRODUCTO | E4: INDICADORES | F4: META | G4: TIEMPO DE EJECUCION (MESES) | H4: SUBPRODUCTO | I4: ACTIVIDADES | J4: MANO DE OBRA CALIFICADA | K4: MANO DE OBRA NO CALIFICADA | L4: TRANSPORTE | M4: MAQUINARIA, EQUIPOS Y SOFTWARE | N4: ESTUDIOS COMPLEMETARIOS | O4: OTROS GASTOS GENERALES | P4: SUBTOTAL | Q4: VALOR TOTAL CAPITULO | R4: MANO DE OBRA CALIFICADA | S4: MANO DE OBRA NO CALIFICADA | T4: TRANSPORTE | U4: MAQUINARIA, EQUIPOS Y SOFTWARE | V4: ESTUDIOS COMPLEMETARIOS | W4: OTROS GASTOS GENERALES | Y4: SUBTOTAL
A5: FORMULAR EL PLAN DE ORDENAMIENTO TERRITORIAL PARA EL DEPARTAMENTO DEL HUILA | B5: ='PRESUPUESTO MODIFICADO (2)'!B5:B19 -> Elaborar un instrumento de ordenamiento para el departamento del Huila que permita una eficiente planificación física y socioeconómica del territorio, mediante la emisión de directrices y lineamientos a los para los POT Municipales; estrategias para optimizar las inversiones públicas territoriales, y mecanismos para la participación y la gobernanza para del ordenamiento territorial. | C5: ='PRESUPUESTO MODIFICADO (2)'!C5:C16 -> A. Formular los documentos técnicos del plan de ordenamiento departamental del Huila, para atender a las nuevas demandas globales en materia ambiental, tecnológica y logística; con el fin de consolidar una plataforma territorial para la competitividad regional basada en el fomento de los proyectos regionales de desarrollo económico, potenciando los circuitos económicos existentes para reducir las desigualdades socio-espaciales, aportando a la consolidación de un territorio regional, funcionalmente integrado y conectado en su movilidad y que promueve la conservación de su base natural y estructura ecológica como principal elemento de articulación con los demás municipios del Departamento del Huila.. | D5: 1. DOCUMENTO DEL ALISTAMIENTO | E5: DOCUMENTO REALIZADO | F5: 1 | G5: 3 | H5: 1.1. DOCUMENTO DE RECOPILACIÓN Y ANÁLISIS DE INFORMACIÓN CON SUS CORRESPONDIENTES SOPORTES. | I5: • Identificar y recolectar información cartográfica, estadística, técnica y de marco jurídico para el POD de nivel nacional, departamental y municipal • Realizar un balance del estado, calidad y vacíos de información • Sistematizar la información existente y fijar ruta o agenda para consecución de información faltante | J5: =#REF!*G5+Z5 -> #REF! | K5: =#REF!*G5 -> #REF! | L5: =#REF!*37 -> #REF! | O5: =#REF! -> #REF! | P5: =SUM(J5:O5) -> #REF! | Q5: =SUM(P5:P8) -> #REF! | R5: =+J5*0.19+J5 -> #REF! | S5: =+K5*0.19+K5 -> #REF! | T5: =+L5*0.19+L5 -> #REF! | U5: =+M5*0.19+M5 -> 0 | V5: =+N5*0.19+N5 -> 0 | W5: =+O5*0.19+O5 -> #REF! | X5: =SUM(R5:W5) -> #REF! | Y5: =P5*0.19+P5 -> #REF! | Z5: 3492500 | AA5: 23100000 | AB5: 4950000 | AC5: 12950000 | AF5: 43000000 | AG5: 84000000 | AH5: 260000000
H6: 1.2. DOCUMENTO DE PROPUESTA DE MECANISMOS Y ESTRATEGIAS DE COMUNICACIÓN PARA LA INCLUSIÓN PARTICIPATIVA DE LOS DIVERSOS ACTORES DURANTE EL PROCESO DE FORMULACIÓN DEL PLAN DE ORDENAMIENTO. | I6: • Identificar y elaborar mapa de actores y escalas de trabajo (Nacional, departamental, subregional, municipal, gremios, organizaciones civiles y comunitarias, relacionadas con el POD). • Identificar los mecanismos y actividades de participación, de armonización y concertación según grupos de actores. • Elaborar matriz de actores teniendo en cuenta: nivel de conocimiento social, cargo, especialidad, expectativa /aspiración, grado de influencia (líder de opinión, consultor, influencia local). • Identificación de actores de acuerdo a las diferentes instancias de participación: nacional, regional, local. • Proponer las instancias o mecanismos, formatos etc.; para la verificación y seguimiento de resultados de los actividades de participación. • Realizar 4 talleres de acercamiento con los principales actores para informar sobre el proceso. | J6: =#REF!+#REF!*G5 -> #REF! | K6: =#REF!*G5 -> #REF! | L6: =#REF!*4 -> #REF! | O6: =#REF!+#REF! -> #REF! | P6: =SUM(J6:O6) -> #REF! | R6: =+J6*0.19+J6 -> #REF! | S6: =+K6*0.19+K6 -> #REF! | T6: =+L6*0.19+L6 -> #REF! | U6: =+M6*0.19+M6 -> 0 | V6: =+N6*0.19+N6 -> 0 | W6: =+O6*0.19+O6 -> #REF! | X6: =+P6*0.19+P6 -> #REF! | Y6: =P6*0.19+P6 -> #REF! | Z6: =AH5-Q5 -> #REF! | AA6: 19800000 | AB6: 4950000 | AF6: 35000000 | AG6: 59750000
H7: 1.3 REGLAMENTO DEL COMITÉ TÉCNICO DE ACOMPAÑAMIENTO AL PROCESO DE ORDENAMIENTO | I7: • Realizar reuniones preliminares con integrantes del comité técnico (CROT ampliada). • Elaborar y adoptar el documento de reglamento del comité técnico. • Definir el plan de acción y el cronograma del comité técnico. • Definir la modalidad de trabajo y periodicidad de los encuentros. • Proponer los mecanismos de conciliación y concertación. | J7: =#REF!+#REF!*G5 -> #REF! | K7: =#REF!*G5 -> #REF! | O7: =#REF! -> #REF! | P7: =SUM(J7:O7) -> #REF! | R7: =+J7*0.19+J7 -> #REF! | S7: =+K7*0.19+K7 -> #REF! | T7: =+L7*0.19+L7 -> 0 | U7: =+M7*0.19+M7 -> 0 | V7: =+N7*0.19+N7 -> 0 | W7: =+O7*0.19+O7 -> #REF! | X7: =+P7*0.19+P7 -> #REF! | Y7: =P7*0.19+P7 -> #REF! | AA7: 20900000 | AB7: 1650000 | AG7: 22550000
H8: 1.4 DOCUMENTO DE DETALLE Y AJUSTE AL PLAN DE TRABAJO | I8: • Revisar y ajustar cronograma con equipo de profesionales del proyecto POD • Ajustar organigrama en relación con los profesionales aportados por la oferta del Programa POT Modernos • Realizar actividad de empalme con profesionales del Programa POT Modernos | J8: =#REF!*G5 -> #REF! | K8: =#REF!*G5 -> #REF! | P8: =SUM(J8:O8) -> #REF! | R8: =+J8*0.19+J8 -> #REF! | S8: =+K8*0.19+K8 -> #REF! | T8: =+L8*0.19+L8 -> 0 | U8: =+M8*0.19+M8 -> 0 | V8: =+N8*0.19+N8 -> 0 | W8: =+O8*0.19+O8 -> 0 | X8: =+P8*0.19+P8 -> #REF! | Y8: =P8*0.19+P8 -> #REF! | AA8: 7700000 | AD8: 86000000 | AG8: 93700000
D9: 2. DOCUMENTOS Y CARTOGRAFÍA DE DIAGNÓSTICO | E9: DOCUMENTO REALIZADO | F9: 1 | G9: 8 | H9: 2.1 DOCUMENTOS TÉCNICOS DE ANÁLISIS POR SUSBSISTEMAS, Y DE INDENTIFICACIÓN DE ESCENARIOS ACTUAL Y TENDENCIAL | I9: • Identificar los temas estratégicos o hipótesis que orientan el diagnóstico (en los sistemas estructurantes del territorio y en el componente normativo, de gobernanza y participación) • Analizar los modelos de ocupación e impactos de las determinaciones normativas de los POT en la escala supra municipal (áreas de conurbación, suelos rurales y de expansión) • Analizar los subsistemas por cuatro subregiones: Centro, Sur, Oriente y occidente con énfasis en las zonas económicas de cada región. • Compilar y sistematizar la información, identificando las interacciones territoriales entre subregiones y municipios por subsistemas integrados • Identificar escenario actual y tendenciales considerando los modelos de ocupación de los POT, las dinámicas económicas productivas y del sector privado, las políticas y proyectos de nivel nacional y departamental que configuran el estado actual del territorio, las dinámicas del posconflicto y las desiguales socio espaciales (ajustar o complementar de acuerdo a los énfasis que quiera hacer el departamento) • Contrastar o validar el Plan Huila 2050 y demás documentos frente al Plan de Desarrollo del Huila "El Camino es la Educación" identificando vacíos, oportunidades, retos, entre otros. • Identificar y analizar temas y proyectos de nivel nacional que impactan el departamento • Identificar conformación de clúster, cadenas productivas, oportunidades territoriales para la productividad y la competitividad • Vincular dentro de la política pública de Ordenamiento Departamental las directrices de Cambio Climático. | J9: =#REF!+#REF!+#REF!+#REF!+#REF!+#REF!+#REF!+#REF!+#REF!+#REF!+#REF!+#REF!+#REF!*G9 -> #REF! | K9: =#REF!*G9 -> #REF! | O9: =#REF! -> #REF! | P9: =SUM(J9:O9) -> #REF! | Q9: =SUM(P9:P11) -> #REF! | R9: =+J9*0.19+J9 -> #REF! | S9: =+K9*0.19+K9 -> #REF! | T9: =+L9*0.19+L9 -> 0 | U9: =+M9*0.19+M9 -> 0 | V9: =+N9*0.19+N9 -> 0 | W9: =+O9*0.19+O9 -> #REF! | X9: =+P9*0.19+P9 -> #REF! | Y9: =P9*0.19+P9 -> #REF! | Z9: =AH9-Q9 -> #REF! | AA9: 86075000 | AB9: 13200000 | AC9: 12950000 | AF9: 51000000 | AG9: 163225000 | AH9: 2.9274162e+09
H10: 2.2 DOCUMENTOS Y CARTOGRAFÍA DE ESTUDIOS COMPLEMENTARIOS DE ANÁLISIS DE AMENAZAS DE 16 MUNICIPIOS | I10: • Elaborar los estudios de análisis de amenaza para 16 municipios del departamento del Huila: Aipe, Algeciras, Colombia, Hobo, Íquira, La Argentina, La Plata, Nátaga, Neiva, Palermo, Pital, Saladoblanco, Santa María, Tarqui, Teruel y Yaguará, teniendo en cuenta lo establecido en la Ley 1523 de 2012, particularmente en cuanto a los principios de subsidiariedad, complementariedad y lo dispuesto por el artículo 38 en materia de gestión del riesgo; como fortalecimiento del componente de amenazas en las etapas de diagnóstico y formulación del POD. • Sistematización de los resultados de los estudios para armar la capa total del departamento o la porción de departamento estudiada. | J10: =#REF!*G9 -> #REF! | N10: ='[4]VALOR TOTAL 2809'!$H$57 -> 2.5599912e+09 | P10: =SUM(J10:O10) -> #REF! | R10: =+J10*0.19+J10 -> #REF! | S10: =+K10*0.19+K10 -> 0 | T10: =+L10*0.19+L10 -> 0 | U10: =+M10*0.19+M10 -> 0 | V10: =+N10*0.19+N10 -> 3.0463895e+09 | W10: =+O10*0.19+O10 -> 0 | X10: =+P10*0.19+P10 -> #REF! | Y10: =P10*0.19+P10 -> #REF! | Z10: 21920000 | AA10: 39600000 | AE10: 2.5599912e+09 | AG10: 2.5995912e+09
H11: 2.3 CARTOGRAFÍA DE ANÁLISIS POR SUBSISTEMAS Y DE INDENTIFICACIÓN DE ESCENARIOS DEL DIAGNÓSTICO | I11: • Elaborar la cartografía de diagnóstico que permita visualizar: El estado actual de los sistemas estructurales del territorio. Los POT de los municipios y su impacto en el modelo de ocupación supramunicipal. La incidencia de los planes de desarrollo en la evolución de los sistemas estructurantes del territorio. Los elementos estructurantes del territorio y su articulación regional. | J11: =#REF!*G9 -> #REF! | K11: =#REF!*G9 -> #REF! | M11: =#REF! -> #REF! | O11: =Z10 -> 21920000 | P11: =SUM(J11:O11) -> #REF! | R11: =+J11*0.19+J11 -> #REF! | S11: =+K11*0.19+K11 -> #REF! | T11: =+L11*0.19+L11 -> 0 | U11: =+M11*0.19+M11 -> #REF! | V11: =+N11*0.19+N11 -> 0 | W11: =+O11*0.19+O11 -> 26084800 | X11: =+P11*0.19+P11 -> #REF! | Y11: =P11*0.19+P11 -> #REF! | AA11: 1.056e+08 | AB11: 16000000 | AF11: 43000000 | AG11: 164600000
D12: 3. DOCUMENTOS TÉCNICOS DE LA FORMULACIÓN | E12: DOCUMENTO REALIZADO | F12: 1 | G12: 6 | H12: 3.1. DOCUMENTO DE MODELO Y DIRECTRICES DE ORDENAMIENTO. | I12: • Realizar actividades de prospectiva, participación (ver desarrollo de actividades objetivos 2) • Actualizar la visión del Departamento con los insumos técnicos del diagnóstico y con las actividades de participación y construcción colectiva del modelo descritas en el objetivo 2: (etapa de formulación) • Definir los temas estratégicos para la elaboración del modelo mediante la revisión de apuestas nacionales, departamentales, subregionales y supramunicipales • Realizar ejercicios y metodologías para toma de decisiones para la selección de escenarios por cada uno de los subsistemas • Realizar ejercicios de priorización técnica y/o política de las apuestas o escenarios • Construir el modelo a partir del ejercicio de priorización y el ajuste a la visión • Identificar las estrategias por cada uno de los subsistemas para cumplir con las apuestas trazadas • Elaborar las directrices para incorporar en cada uno de los POT municipales para el desarrollo del modelo de ordenamiento departamental en el largo plazo • Elaborar las recomendaciones al gobierno nacional para la adecuación de planes, programas y proyectos a la escala departamental • Elaborar las recomendaciones de marco jurídico para la adopción del Plan. | J12: =#REF!+#REF!+#REF!+#REF!+#REF!*G12 -> #REF! | K12: =#REF!*G12 -> #REF! | O12: 15000000 | P12: =SUM(J12:O12) -> #REF! | Q12: =SUM(P12:P16) -> #REF! | R12: =+J12*0.19+J12 -> #REF! | S12: =+K12*0.19+K12 -> #REF! | T12: =+L12*0.19+L12 -> 0 | U12: =+M12*0.19+M12 -> 0 | V12: =+N12*0.19+N12 -> 0 | W12: =+O12*0.19+O12 -> 17850000 | X12: =+P12*0.19+P12 -> #REF! | Y12: =P12*0.19+P12 -> #REF! | AA12: 108350000 | AB12: 9075000 | AC12: 12950000 | AF12: 51000000 | AG12: 181375000 | AH12: 315575000
H13: 3.2. DOCUMENTO DE PROGRAMAS, PROYECTOS, FUENTES DE FINANCIACIACIÓN Y ESTRATEGIAS DE GESTIÓN CON HOJA DE RUTA PARA LA IMPLEMENTACIÓN DEL PLAN. | I13: • Definir programas y proyectos estratégicos regionales que permitan la construcción colectiva de la estructura territorial en las áreas de conurbación, infraestructuras y equipamientos físicos-sociales, asentamientos poblacionales y centros urbanos, que faciliten el desarrollo armónico del territorio. • Identificar el cronograma general de implementación de los programas y proyectos POD para el corto, medianos y largo plazo • Identificar fuentes de financiación, mecanismos asociativos, y estrategias de gestión para la implementación del Plan. Proponer por cada proyecto y programa las fuentes de financiación y mecanismos de gestión. • Elaborar propuesta y recomendaciones para articulación del POD a los instrumentos de planeación y desarrollo en el mediano y largo plazo (POT, Planes de Desarrollo departamental y municipales) • Proponer el mecanismo para la operación del Comité técnico de la CROT durante la implementación del POT, para hacer el respectivo seguimiento y evaluación. • Elaborar la hoja de ruta para la coordinación interinstitucional durante la implementación del POD: propuesta de agenda departamento-nación, departamento-municipios, autoridades ambientales y actores claves de la dinámica regional. | J13: =62012500-Z13 -> 61585000 | K13: =#REF!*G12 -> #REF! | O13: 15000000 | P13: =SUM(J13:O13) -> #REF! | R13: =+J13*0.19+J13 -> 73286150 | S13: =+K13*0.19+K13 -> #REF! | T13: =+L13*0.19+L13 -> 0 | U13: =+M13*0.19+M13 -> 0 | V13: =+N13*0.19+N13 -> 0 | W13: =+O13*0.19+O13 -> 17850000 | X13: =+P13*0.19+P13 -> #REF! | Y13: =P13*0.19+P13 -> #REF! | Z13: 427500
H14: 3.3. DOCUMENTO DE PROPUESTA DEL SISTEMA SEGUIMIENTO, EVALUACIÓN Y CONTROL DEL POD EN LA ETAPA DE IMPLEMENTACIÓN. | I14: • Formular la propuesta del Sistema de Información Geográfica SIG, que defina los requerimientos, recomendaciones, estándares y metodología para organizar y administrar la información espacial estadística y cartográfica producida durante la implementación del POD. Su implementación estará a cargo de la secretaría de planeación una vez haya finalizado el contrato de consultoría; la estructuración de la propuesta deberá ser concordante con la viabilidad técnica de captura de datos por pate del Departamento • Proponer los indicadores de seguimiento a la gestión e implementación del POD y evaluación de resultados a la implementación de las estrategias, programas y proyectos, y su contribución a la construcción del modelo de ordenamiento. | J14: =#REF!+#REF!+#REF!+#REF!*G12 -> #REF! | K14: =#REF!*G12 -> #REF! | P14: =SUM(J14:O14) -> #REF! | R14: =+J14*0.19+J14 -> #REF! | S14: =+K14*0.19+K14 -> #REF! | T14: =+L14*0.19+L14 -> 0 | U14: =+M14*0.19+M14 -> 0 | V14: =+N14*0.19+N14 -> 0 | W14: =+O14*0.19+O14 -> 0 | X14: =+P14*0.19+P14 -> #REF! | Y14: =P14*0.19+P14 -> #REF! | Z14: =AI14-Q12 -> #REF! | AI14: =AH12+AH16 -> 375325000
H15: 3.4. CARTOGRAFÍAS TEMÁTICAS PARA EL PROCESO DE FORMULACIÓN QUE DEBERÁN SEGUIR LOS PARÁMETROS ESTABLECIDOS POR LA INFRAESTRUCTURA COLOMBIANA DE DATOS ESPACIALES (ICDE). | I15: • Elaborar la cartografía de formulación que visualice: Los escenarios de uso y ocupación de las áreas de conurbación, Las relaciones funcionales entre centros urbanos y asentamientos poblacionales, Los sistemas estructurantes del modelo de ordenamiento La localización y su relación, de las infraestructuras y equipamientos físico-sociales en la región La estructura ecológica del departamento y su interacción con los demás sistemas estructurantes La proyección espacial entre los planes sectoriales del departamento, los municipios, grupos étnicos, Los programas y proyectos, su localización y relación en las áreas de conurbación, infraestructuras y equipamientos físico-sociales regionales | J15: =#REF!+#REF!*G12 -> #REF! | K15: =#REF!*G12 -> #REF! | P15: =SUM(J15:O15) -> #REF! | R15: =+J15*0.19+J15 -> #REF! | S15: =+K15*0.19+K15 -> #REF! | T15: =+L15*0.19+L15 -> 0 | U15: =+M15*0.19+M15 -> 0 | V15: =+N15*0.19+N15 -> 0 | W15: =+O15*0.19+O15 -> 0 | X15: =+P15*0.19+P15 -> #REF! | Y15: =P15*0.19+P15 -> #REF! | AA15: 79200000 | AB15: 12000000 | AF15: 43000000 | AG15: 1.342e+08
H16: 3.5. BORRADOR DE INSTRUMENTO JURIDICO POR EL CUAL SE ADOPTA EL POD MEDIANTE LA DEFINICIÓN DE SU MARCO NORMATIVO, ESTRUCTURA, CONTENIDOS Y ALCANCES. | I16: • Elaborar un documento que compila los resultados del diagnóstico y la formulación el cual sirve de sustento y es parte integral del instrumento jurídico con su correspondiente cartografía. • Elaborar el borrador del instrumento jurídico de adopción del Plan el cual debe contener como mínimo: Directrices y Orientaciones en Áreas de Conurbación. Recomendaciones al Gobierno nacional Directrices de OT departamental para incorporar en la revisión y/o ajuste de los POT municipales en coordinación con las determinantes de ordenamiento Políticas para la relación entre Asentamientos y Centros Urbanos con el sistema de asentamientos Directrices y Orientaciones para la Localización de Infraestructuras y Equipamientos a escala subregional y departamental Articulación Espacial de Planes Sectoriales La elaboración del programa de ejecución, indicando prioridades, tiempos, fuentes de financiación y responsables de su gestión | J16: =#REF!+#REF!*G12 -> #REF! | K16: =#REF!*G12 -> #REF! | O16: 15000000 | P16: =SUM(J16:O16) -> #REF! | R16: =+J16*0.19+J16 -> #REF! | S16: =+K16*0.19+K16 -> #REF! | T16: =+L16*0.19+L16 -> 0 | U16: =+M16*0.19+M16 -> 0 | V16: =+N16*0.19+N16 -> 0 | W16: =+O16*0.19+O16 -> 17850000 | X16: =+P16*0.19+P16 -> #REF! | Y16: =P16*0.19+P16 -> #REF! | AA16: 24750000 | AF16: 35000000 | AG16: 59750000 | AH16: 59750000
C17: ='PRESUPUESTO MODIFICADO (2)'!C17:C19 -> B. Implementar la estrategia de comunicación, participación, gobernanza y fortalecimiento institucional para todos los actores, preparando a la sociedad para la resolución pacífica de conflictos territoriales y del postconflicto en la formulación del Plan de Ordenamiento Departamental. | D17: 4. DOCUMENTOS DE DESARROLLO Y SEGUIMIENTO A LA IMPLEMENTACIÓIN DE LA ESTRATEGIA DE COMUNICACIÓN ELABORADA EN LA ETAPA DE ALISTAMIENTO (SOCIALIZACIONES, CAPACITACIONES Y TALLERES PARTICIPATIVOS REGIONALES). | E17: NUMERO DE PIEZAS DE COMUNICACIÓN | F17: 12 | G17: 4 | H17: 4.1. PIEZAS DE COMUNICACIÓN | I17: • Elaborar dos piezas de comunicación de Lanzamiento oficial del proceso para informar sobre la formulación del POD (plegable y video). • Realizar cuatro (4) entrevistas del al director del Planeación para los medios de comunicación donde se informe sobre qué es el POD, y se exponga qué implica para el departamento. • Habilitar un sitio en la página web de la Gobernación del Huila, Secretaria de Planeación con información del proceso; esta información será actualizada con periodicidad quincenal. • Difundir por correo electrónico a diferentes listas de contactos y actores que se hagan presentes en los talleres participativos. • Elaborar una cartilla de las generalidades del POD y un plegable con la metodología de participación, con el fin de facilitar la comunicación y el proceso con la ciudadanía, que será entregado a los asistentes de los talleres participativos. • Se elaborarán boletines de prensa, incluyendo archivo fotográfico y relatoría de los encuentros realizados con la ciudadanía. • Creación Crear de una página en Facebook que permita subir constantemente información, compartir contenido, ya sea links, fotos o videos del POD. • Crear una cuenta con la facilidad de comunicación por chat y redes sociales que permita la comunicación en tiempo real, realizando intercambios de información y dando lugar a debates y comentarios sobre los contenidos. • Crear una cuenta de Twitter para publicar, compartir, intercambiar, información del POD en tiempo real. • Convocatoria para Realizar un concurso de diseño, desarrollo e implementación de video juego interactivo “Construyendo Huilensidad Territorial región HUILA” dirigido a entusiastas de la computación. | J17: 26400000 | K17: =#REF!*G17 -> #REF! | O17: 20000000 | P17: =SUM(J17:O17) -> #REF! | Q17: =SUM(P17:P19) -> #REF! | R17: =+J17*0.19+J17 -> 31416000 | S17: =+K17*0.19+K17 -> #REF! | T17: =+L17*0.19+L17 -> 0 | U17: =+M17*0.19+M17 -> 0 | V17: =+N17*0.19+N17 -> 0 | W17: =+O17*0.19+O17 -> 23800000 | X17: =+P17*0.19+P17 -> #REF! | Y17: =P17*0.19+P17 -> #REF! | Z17: 26400000
E18: NUMERO DE TALLERES REALIZADOS | F18: 12 | H18: 4.2. TALLERES Y OTROS ESPACIOS DE PARTICIPACIÓN CON LOS CORRESPONDIENTES DOCUMENTOS DE TRAZABILIDAD DEL PROCESO. | I18: En la etapa de diagnóstico: • Realizar mínimo 12 talleres participativos regionales y elaborar un documento que sistematiza los aportes recibidos en la etapa de Diagnóstico (sistemas estructurantes y escenarios) (con las temáticas, características y condiciones descritas en el documento técnico). • Realizar comités asesores por temas estratégicos o sistemas estructurantes de ordenamiento mínimo cuatro (4) reuniones de validación o complementación del diagnóstico. • Realizar mínimo cuatro (4) mesas de trabajo con CAM, para identificación de determinantes y discusión de temas estratégicos para el diagnóstico y la formulación. • Realizar cuatro (4) reuniones con la Contraloría y otras instancias para identificar rutas de trabajo en temas de transparencia para el ejercicio del ordenamiento territorial en el departamento y los municipios. • Sistematizar y consolidar soportes de seguimiento a las reuniones y talleres (Fotografías, actas, listados de asistencia, etc). • Ajustar y elaborar los documentos técnicos del diagnóstico (productos del objetivo 1) con los aportes recibidos en los talleres de participación. En la etapa de formulación: • Realizar cinco (5) mesas de trabajo y concertación para la actualización de la visión departamental • Realizar cinco (5) mesas de trabajo y concertación para la construcción del modelo de ordenamiento con los actores municipales y la CAM • Realizar cuatro (4) comités asesores por temáticas o subsistemas (CROT) | J18: =#REF!+#REF!+#REF!*G17 -> #REF! | K18: =#REF!*G17 -> #REF! | O18: 10000000 | P18: =SUM(J18:O18) -> #REF! | R18: =+J18*0.19+J18 -> #REF! | S18: =+K18*0.19+K18 -> #REF! | T18: =+L18*0.19+L18 -> 0 | U18: =+M18*0.19+M18 -> 0 | V18: =+N18*0.19+N18 -> 0 | W18: =+O18*0.19+O18 -> 11900000 | X18: =+P18*0.19+P18 -> #REF! | Y18: =P18*0.19+P18 -> #REF! | Z18: =AH19-Q17 -> #REF!
E19: NUMERO DE EVENTOS REALIZADOS | F19: 12 | H19: 4.3. EVENTOS Y ACTIVIDADES PARA EL FORTALECIMIENTO INSTITUCIONAL Y DE LA GOBERNANZA. | I19: • Realizar cuatro (4) talleres de validación para evidenciar el proceso de participación de los ciudadanos en las fases de Diagnóstico y Formulación del POD, logrado en consenso con los diferentes actores involucrados. • Realizar un Diplomado en Ordenamiento Territorial en coordinación con la Universidad Surcolombiana y/o Universidad Corhuila, y/o Universidad Antonio Nariño. • Realizar cuatro (4) foros con participación de panelistas nacionales y expertos y académicos de carácter nacional y regional. | J19: 24130000 | K19: =#REF!*G17 -> #REF! | O19: 20000000 | P19: =SUM(J19:O19) -> #REF! | R19: =+J19*0.19+J19 -> 28714700 | S19: =+K19*0.19+K19 -> #REF! | T19: =+L19*0.19+L19 -> 0 | U19: =+M19*0.19+M19 -> 0 | V19: =+N19*0.19+N19 -> 0 | W19: =+O19*0.19+O19 -> 23800000 | X19: =+P19*0.19+P19 -> #REF! | Y19: =P19*0.19+P19 -> #REF! | Z19: 2270000 | AA19: 31350000 | AB19: 6600000 | AC19: 12950000 | AF19: 102100000 | AG19: 153000000 | AH19: 153000000
J20: VALOR PARCIAL SIN IVA | Q20: =SUM(Q5:Q19) -> #REF! | X20: =SUM(X5:X19) -> #REF! | Y20: =SUM(Y5:Y19) -> #REF! | Z20: 26400000 | AA20: VALOR PARCIAL SIN IVA | AH20: 3.7157412e+09
J21: IVA 19% | Q21: =Q20*19% -> #REF! | Y21: =P21*0.19+P21 -> 0 | AA21: IVA 19% | AH21: 7.0599083e+08
J22: VALOR TOTAL + IVA | Q22: =Q20+Q21 -> #REF! | Y22: =P22*0.19+P22 -> 0 | AA22: VALOR TOTAL + IVA | AH22: 4.421732e+09
J23: VALOR INTERVENTORIA 7% | Q23: =Q22*7% -> #REF! | X23: =Q23 -> #REF! | Y23: =Q23 -> #REF! | AA23: VALOR INTERVENTORIA 7% | AH23: 3.0952124e+08
J24: VALOR TOTAL | Q24: =Q22+Q23 -> #REF! | X24: =X20+X23 -> #REF! | Y24: =Y20+Y23 -> #REF! | AA24: VALOR TOTAL | AH24: 4.7312533e+09

Sheet PRESUPUESTO FINAL (3)
A1: COMPONENTE 1
A2: PROYECTO: FORTALECIMIENTO DEL ORDENAMIENTO TERRITORIAL PARA LA CONSTRUCCION DE VISION REGIONAL EN EL DEPARTAMENTO DEL HUILA
A4: COMPONENTE | B4: CAPITULO | C4: ITEM | D4: ACTIVIDAD | E4: TIEMPO DE EJECUCION (MESES) | F4: MANO DE OBRA CALIFICADA | G4: MANO DE OBRA NO CALIFICADA | H4: TRANSPORTE | I4: MAQUINARIA, EQUIPOS Y SOFTWARE | J4: ESTUDIOS COMPLEMETARIOS | K4: OTROS GASTOS GENERALES | L4: SUBTOTAL | M4: VALOR TOTAL CAPITULO
A5: 1 | B5: ALISTAMIENTO INSTITUCIONAL | C5: 1 | D5: Determinar la ESTRUCTURA INSTITUCIONAL y articulación de los municipios para la recopilación de información secundaria como insumo para la formulación del plan. | E5: 2 | F5: =#REF! -> #REF! | G5: =#REF!*2 -> #REF! | H5: =#REF!*15 -> #REF! | L5: =SUM(F5:K5) -> #REF! | M5: =SUM(L5:L9) -> #REF!
C6: 2 | D6: Incentivar la PARTICIPACIÓN de actores públicos (asamblea, concejos, CAM, alcaldías) y privados en los procesos de planeación territorial. | F6: =#REF! -> #REF! | L6: =SUM(F6:K6) -> #REF!
C7: 3 | D7: Fortalecer el Sistema de Información Geográfica del Huila – SIR - SIGDEHU y demás métodos de difusión virtual. | F7: =#REF!*2 -> #REF! | G7: =#REF!*2 -> #REF! | I7: =#REF! -> #REF! | L7: =SUM(F7:K7) -> #REF!
C8: 4 | D8: Analizar la conveniencia de las diferentes alternativas de asociación que brinda la Ley Orgánica de Ordenamiento Territorial (Ley 1454 de 2011). | F8: =#REF! -> #REF! | K8: =#REF!*4 -> #REF! | L8: =SUM(F8:K8) -> #REF!
C9: 5 | D9: Definir mecanismos de gestión y financiación para el POD y/o esquemas asociativos que se requieran para la implementación del plan en el marco de las normas vigentes (Ley 1454 de 2011). | F9: =#REF!*E5 -> #REF! | L9: =SUM(F9:K9) -> #REF!
B10: DIAGNÓSTICO TERRITORIAL | C10: 1 | D10: Analizar el territorio e identificar los elementos estructurantes del ordenamiento territorial, identificando el estado actual de ordenamiento. | E10: 3 | F10: =#REF!+#REF!*E10 -> #REF! | L10: =SUM(F10:K10) -> #REF! | M10: =SUM(L10:L20) -> #REF!
C11: 2 | D11: Realizar de manera dinámica el diagnostico, de modo que se cuente con los elementos básicos para entender la forma cómo ha evolucionado el departamento en cada uno de los aspectos identificados como elementos estructurales. | F11: =#REF!*E10 -> #REF! | G11: =#REF!*4 -> #REF! | H11: =#REF!*10 -> #REF! | K11: =#REF!*4+#REF! -> #REF! | L11: =SUM(F11:K11) -> #REF!
C12: 3 | D12: Análisis de la problemática minera-energética en el territorio. | F12: =#REF!+#REF!*4 -> #REF! | G12: =#REF!*2 -> #REF! | L12: =SUM(F12:K12) -> #REF!
C13: 4 | D13: Identificación del Subsistema Ambiental Biofísico. | F13: =#REF!+#REF!+#REF! -> #REF! | G13: =#REF!*2 -> #REF! | J13: =#REF! -> #REF! | L13: =SUM(F13:K13) -> #REF!
C14: 5 | D14: Identificación del Subsistema Productivo-competitivo. | F14: =#REF!+#REF!+#REF!+#REF!*2 -> #REF! | G14: =#REF!*2 -> #REF! | J14: =#REF! -> #REF! | L14: =SUM(F14:K14) -> #REF!
C15: 6 | D15: Identificación del Subsistema Socio Cultural. | F15: =#REF!+#REF!*2 -> #REF! | L15: =SUM(F15:K15) -> #REF!
C16: 7 | D16: Identificación del Subsistema Poblacional. | F16: =#REF!+#REF!+#REF!*2 -> #REF! | J16: =#REF! -> #REF! | L16: =SUM(F16:K16) -> #REF!
C17: 8 | D17: Identificación del Subsistema de Asentamientos Poblaciones. | F17: =#REF!*2 -> #REF! | L17: =SUM(F17:K17) -> #REF!
C18: 9 | D18: Identificación del Subsistema Infraestructura. | F18: =#REF!*2 -> #REF! | L18: =SUM(F18:K18) -> #REF!
C19: 10 | D19: Identificación del Elemento Transversal Riesgo Natural y Cambio Climático. | F19: =#REF!+#REF!+#REF!+#REF!*2 -> #REF! | G19: =#REF!*2 -> #REF! | L19: =SUM(F19:K19) -> #REF!
C20: 11 | D20: Identificación del Subsistema de movilidad y comunicaciones. | F20: =#REF!+#REF!*2 -> #REF! | H20: =#REF!*5 -> #REF! | L20: =SUM(F20:K20) -> #REF!
B21: FORMULACION | C21: 1 | D21: Elaboración de directrices y orientaciones con el fin de determinar los escenarios de uso y ocupación del espacio, especialmente en áreas de conurbación, relacionadas con: | E21: 6 | M21: =SUM(L21:L38) -> #REF!
C22: 1.1 | D22: La conservación y protección del medio ambiente, la biodiversidad y los recursos naturales, de modo que se busque garantizar la protección de los recursos naturales y, en particular, áreas protegidas, ecosistemas estratégicos y sus servicios ecosistémicos asociados y conservación de la estructura ecológica departamental. | F22: =#REF!+#REF!+#REF!*5 -> #REF! | H22: =#REF!*4 -> #REF! | J22: =#REF! -> #REF! | L22: =SUM(F22:K22) -> #REF!
C23: 1.2 | D23: La gestión del riesgo de desastres, así como acciones para la adaptación al cambio climático. La identificación de áreas de amenazas de origen socio-natural, tecnológico, biosanitario o humanos no intencional, que generen riesgo para la localización de asentamientos humanos y para el desarrollo de infraestructuras, servicios y equipamientos regionales y la orientación de medidas de planificación y la definición de proyectos de mitigación que permitan controlar y/o reducir el riesgo existente y que eviten la generación de nuevo riesgo. | F23: =#REF!+#REF!+#REF!*5 -> #REF! | L23: =SUM(F23:K23) -> #REF!
C24: 1.3 | D24: La conservación, preservación y uso de las áreas e inmuebles consideradas como patrimonio cultural de la Nación y de los departamentos, incluyendo, entre otros, los sitios históricos y arqueológicos y las construcciones o restos de ellas que hayan sido declarados como bienes de interés cultural. | F24: =#REF!*3 -> #REF! | G24: =#REF!*3 -> #REF! | K24: =#REF! -> #REF! | L24: =SUM(F24:K24) -> #REF!
C25: 1.4 | D25: La definición y delimitación de las categorías de protección y desarrollo restringido del suelo rural, patrones de suburbanización, la delimitación de las unidades de planificación rural y el sistema de centros poblados rurales. | F25: =#REF!+#REF!*5 -> #REF! | H25: =#REF!*4 -> #REF! | K25: =#REF! -> #REF! | L25: =SUM(F25:K25) -> #REF!
C26: 1.5 | D26: El desarrollo rural con enfoque territorial sustentado en el ordenamiento productivo agropecuario, el ordenamiento social de la propiedad rural, y de las áreas para la producción agropecuaria y el aprovechamiento sostenible de los recursos naturales. | F26: =#REF!*5+#REF! -> #REF! | L26: =SUM(F26:K26) -> #REF!
C27: 2 | D27: Políticas de asentamientos poblacionales y centros urbanos, de tal manera que facilite el desarrollo de su territorio, particularmente con relación a los siguientes temas:
C28: 2.1 | D28: Políticas de gestión del riesgo de desastres que incorporen el riesgo de desastre como condicionante para el uso y ocupación del territorio y como determinante del ordenamiento territorial departamental, en búsqueda de garantizar su desarrollo seguro. | F28: =#REF!+#REF!*5 -> #REF! | L28: =SUM(F28:K28) -> #REF!
C29: 2.2 | D29: Políticas de mediano y largo plazo y orientaciones dirigidas a los municipios en su jurisdicción que les permitan identificar acciones prioritarias en materia de adaptación al cambio climático. | F29: =#REF!+#REF!*5 -> #REF! | K29: =#REF! -> #REF! | L29: =SUM(F29:K29) -> #REF!
C30: 2.3 | D30: Conservación, preservación y uso de las áreas e inmuebles consideradas como patrimonio cultural de la Nación y de los departamentos, incluyendo, entre otros, los sitios históricos y arqueológicos y las construcciones o restos de ellas que hayan sido declarados como bienes de interés cultural. | F30: =#REF!*3 -> #REF! | G30: =#REF!*3 -> #REF! | L30: =SUM(F30:K30) -> #REF!
C31: 2.4 | D31: Ordenamiento del suelo rural, rural suburbano y centros poblados rurales. | F31: =#REF!+#REF!*5 -> #REF! | H31: =#REF!*5 -> #REF! | K31: =#REF! -> #REF! | L31: =SUM(F31:K31) -> #REF!
C32: 3 | D32: Directrices y orientaciones para la localización de la infraestructura física-social de manera que se aprovechen las ventajas competitivas regionales y se promueva la equidad en el desarrollo departamental y municipal, con respecto a:
C33: 3.1 | D33: Las infraestructuras básicas relativas a la red vial nacional y regional, puertos y aeropuertos, así como los sistemas de comunicación entre municipios y su articulación con los diferentes sistemas regionales de transporte. | F33: =#REF!+#REF!*5 -> #REF! | G33: =#REF!*2 -> #REF! | L33: =SUM(F33:K33) -> #REF!
C34: 3.2 | D34: Los corredores viales suburbanos. | F34: =#REF!*5 -> #REF! | L34: =SUM(F34:K34) -> #REF!
C35: 3.3 | D35: Los sistemas de abastecimiento de agua, saneamiento y suministro de energía. Así mismo deberán señalarse las áreas para la realización de actividades referidas al manejo, tratamiento y/o disposición final de residuos sólidos o líquidos, tales como rellenos sanitarios, estaciones de transferencia, plantas incineradoras de residuos, plantas de tratamiento de aguas residuales, y/o estaciones de bombeo necesarias para resolver los requerimientos propios de varios municipios y que se definan de conformidad con la normativa vigente. | F35: =#REF!*5 -> #REF! | L35: =SUM(F35:K35) -> #REF!
C36: 3.4 | D36: Los equipamientos de escala regional y departamental que puedan ser localizados en el suelo rural de los municipios. | F36: =#REF!*5 -> #REF! | H36: =#REF!*4 -> #REF! | L36: =SUM(F36:K36) -> #REF!
C37: 4 | D37: Integración y orientación del POD, en la proyección espacial de los planes sectoriales departamentales con los planes de los municipios y de los grupos étnicos. | F37: =#REF!+#REF!*5 -> #REF! | K37: =#REF!*4 -> #REF! | L37: =SUM(F37:K37) -> #REF!
C38: 5 | D38: Programa de ejecución del POD, estableciendo cronograma para el corto, mediano y largo plazo | F38: =#REF!+#REF!+#REF!*3+#REF! -> #REF! | L38: =SUM(F38:K38) -> #REF!
B39: CARTOGRAFÍA | C39: 1 | D39: Elaboración de cartografía para los diferentes análisis que se realicen en el proceso de diagnóstico, formulación, aprobación e implementación de los POD. | E39: 2 | F39: =#REF!+#REF!*2 -> #REF! | G39: =#REF!*4*2 -> #REF! | I39: =#REF!*2 -> #REF! | J39: =#REF! -> #REF! | K39: =#REF! -> #REF! | L39: =SUM(F39:K39) -> #REF! | M39: =SUM(L39:L40) -> #REF!
C40: 2 | D40: Elaboración y estructuración de las cartografías temáticas que deberán seguir los parámetros establecidos por la Infraestructura Colombiana de Datos Espaciales (ICDE). | F40: =#REF!+#REF!*2 -> #REF! | G40: =#REF!*4*2 -> #REF! | I40: =#REF!*2 -> #REF! | J40: =#REF! -> #REF! | K40: =#REF! -> #REF! | L40: =SUM(F40:K40) -> #REF!
B41: CONFORMACION Y PUESTA EN MARCHA DE LA CROT | C41: 1 | D41: Instalación y puesta en operación su CROT Departamental. | E41: 2 | F41: =#REF!*2 -> #REF! | G41: =#REF!*2 -> #REF! | K41: =#REF! -> #REF! | L41: =SUM(F41:K41) -> #REF! | M41: =SUM(L41) -> #REF!
E42: =SUM(E5:E41) -> 15 | F42: =SUM(F5:F41) -> #REF! | G42: =SUM(G5:G41) -> #REF! | H42: =SUM(H5:H41) -> #REF! | I42: =SUM(I5:I41) -> #REF! | J42: =SUM(J5:J41) -> #REF! | K42: =SUM(K5:K41) -> #REF! | M42: =SUM(M5:M41) -> #REF!
M44: =SUM(F42:K42) -> #REF!

Sheet PROGRAMACION (2)
A1: GOBERNACION DEL HUILA
A2: DEPARTAMENTO ADMINISTRATIVO DE PLANEACION
A3: ='PRESUPUESTO FINAL (3)'!A2:K2 -> PROYECTO: FORTALECIMIENTO DEL ORDENAMIENTO TERRITORIAL PARA LA CONSTRUCCION DE VISION REGIONAL EN EL DEPARTAMENTO DEL HUILA
C5: PROGRAMACION GENERAL | I5: ='PRESUPUESTO FINAL (3)'!A3 -> 0
B6: ITEM | C6: ACTIVIDAD | D6: Inversion por actividad | E6: Porcentaje de Inversion | F6: % Inversion acumulada | G6: PERIODO 1 | L6: PERIODO 2 | Q6: PERIODO 3 | V6: PERIODO 4 | AA6: PERIODO 5 | AF6: PERIODO 6
G7: MES 1 | H7: MES 2 | I7: MES 3 | J7: MES 4 | K7: MES 5 | L7: MES 6 | M7: MES 7 | N7: MES 8 | O7: MES 9 | P7: MES 10 | Q7: MES 11 | R7: MES 12 | S7: MES 13 | T7: MES 14 | U7: MES 15 | V7: MES 16 | W7: MES 17 | X7: MES 18 | Y7: MES 19 | Z7: MES 20 | AA7: MES 21 | AB7: MES 22 | AC7: MES 23 | AD7: MES 24 | AE7: MES 25 | AF7: MES 26 | AG7: MES 27 | AH7: MES 28 | AI7: MES 29 | AJ7: MES 30
B8: ='[5]PPTO GENERAL PIGOANZA'!B7 -> 1
C9: ELABORACION DEL DIAGNOSTICO ESTRATEGICO | D9: =SUM('PRESUPUESTO FINAL (3)'!#REF!)*'FM (2)'!C12 -> #REF! | E9: =D9/$D$58 -> #REF! | F9: =E9 -> #REF!
C11: Ambiental y Biofisico
C13: Productivo
C15: Socio-cultural y asentamientos poblacionales y relaciones funcionales
C17: Infraestructura y servicios
C19: Riesgo natural y cambio climatico
B20: 2
C21: VISION PARA ORDENAR EL TERRITORIO | D21: =SUM('PRESUPUESTO FINAL (3)'!#REF!)*'FM (2)'!C12 -> #REF! | E21: =D21/$D$58 -> #REF! | F21: =F9+E21 -> #REF!
B23: 3
C24: ESCENARIOS DE ORDENAMIENTO TERRITORIAL | D24: =SUM('PRESUPUESTO FINAL (3)'!#REF!)*'FM (2)'!C12 -> #REF! | E24: =D24/$D$58 -> #REF! | F24: =F21+E24 -> #REF!
B26: 4
C27: MODELO DE TERRITORIO DESEADO | D27: =SUM('PRESUPUESTO FINAL (3)'!#REF!)*'FM (2)'!C12 -> #REF! | E27: =D27/$D$58 -> #REF! | F27: =F24+E27 -> #REF!
C29: Estructura ecologica principal
C31: Sistemas estructurantes
C33: Caracterizacion de subregiones
B34: 5
C35: DIRECTRICES DE ORDENAMIENTO TERRITORIAL | D35: =SUM('PRESUPUESTO FINAL (3)'!#REF!)*'FM (2)'!C12 -> #REF! | E35: =D35/$D$58 -> #REF! | F35: =F27+E35 -> #REF!
C37: Ambiental y Biofisico
C39: Productivo
C41: Socio-cultural y asentamientos poblacionales y relaciones funcionales
C43: Infraestructura y servicios
C45: Riesgo natural y cambio climatico
B46: 6 | C46: ESTRATEGIAS DE IMPLEMENTACION
D47: =SUM('PRESUPUESTO FINAL (3)'!#REF!)*'FM (2)'!C12 -> #REF! | E47: =D47/$D$58 -> #REF! | F47: =F35+E47 -> #REF!
B49: 7 | C49: INSTRUMENTOS DE GESTION, SEGUIMIENTO Y EVALUACION
D50: =SUM('PRESUPUESTO FINAL (3)'!#REF!)*'FM (2)'!C12 -> #REF! | E50: =D50/$D$58 -> #REF! | F50: =F47+E50 -> #REF!
B52: 8 | C52: CONSULTORIAS ESPECIALIZADAS Y LOGISTICA
D53: =SUM('PRESUPUESTO FINAL (3)'!#REF!)*'FM (2)'!C12 -> #REF! | E53: =D53/$D$58 -> #REF! | F53: =F50+E53 -> #REF!
B55: 9 | C55: ASESORIA PARA FORMULACION A MUNICIPIOS
E56: =D56/$D$58 -> #REF! | F56: =F53+E56 -> #REF!
C58: TOTAL | D58: =SUM(D9:D57) -> #REF!

Sheet INTERVENTORIA (2)
A2: DESGLOSE DE INTERVENTORIA
A3: ='PRESUPUESTO FINAL (3)'!A3 -> 0
A4: CARGO/OFICIO | E4: CANTIDAD MES | F4: SUELDO Y/O JORNAL MENSUAL | G4: DEDICACION MES | H4: VALOR PARCIAL
A5: COSTO DIRECTO PERSONAL
A6: ARQUITECTO experto en planificación y ordenamiento territorial | E6: 15 | F6: 4500000 | G6: 0.5 | H6: =+E6*F6*G6 -> 33750000
A7: INGENIERO AMBIENTAL EXPERTO EN GESTION DEL RIESGO | E7: =+E6 -> 15 | F7: 4500000 | G7: 0.5 | H7: =+E7*F7*G7 -> 33750000
A8: INGENIERO ESP. SISTEMAS INFORMACION GEOGRAFICA | E8: =+E7 -> 15 | F8: 3500000 | G8: 0.3 | H8: =+E8*F8*G8 -> 15750000
E9: SUBTOTAL COSTO DE PERSONAL | H9: =SUM(H6:H8) -> 83250000
E10: FACTOR MULTIPLICADOR | H10: 2.18
E11: TOTAL COSTO DE PERSONAL | H11: =+H9*H10 -> 181485000
A13: CARGO/OFICIO | E13: UNIDAD | F13: VALOR DEL MES | G13: No. MESES | H13: VALOR PARCIAL
A14: OTROS COSTOS DIRECTOS
A15: COSTOS DE ALQUILER DE EQUIPOS
A16: Transporte | E16: Mes | F16: 4000000 | G16: 9 | H16: =+F16*G16 -> 36000000
E17: SUBTOTAL OTROS COSTOS DIRECTOS | H17: =SUM(H16:H16) -> 36000000
E19: TOTAL COSTOS DIRECTOS | H19: =+H11+H17 -> 217485000
E20: IVA 16% | H20: =+H19*0.16 -> 34797600
E21: COSTO TOTAL | H21: =+H20+H19 -> 252282600
A27: ____________________________________

Sheet FM (2)
A1: ='PRESUPUESTO FINAL (3)'!A2:K2 -> PROYECTO: FORTALECIMIENTO DEL ORDENAMIENTO TERRITORIAL PARA LA CONSTRUCCION DE VISION REGIONAL EN EL DEPARTAMENTO DEL HUILA
A2: ANALISIS APROXIMADO DEL FACTOR MULTIPLICADOR APLICABLE A COSTOS DE PERSONAL
A3: ITEM | B3: DESCRIPCION | C3: %
A4: A. | B4: SALARIO | C4: 1
A5: B. | B5: GASTOS DEL CONSULTOR | C5: =SUM(C6:C9) -> 0.07
B6: Mobiliario de oficina en obra, incluye dotacion y pago servicios publicos | C6: 0.03
B7: Papeleria y utiles de oficina | C7: 0.02
B8: Edicion y elaboracion de informes | C8: 0.01
B9: Fotocopias | C9: 0.01
A10: C. | B10: IMPREVISTOS | C10: 0.03
B11: TOTAL | C11: =C4+C5+C10 -> 1.1
B12: FACTOR MULTIPLICADOR ESTIMADO -FM. | C12: 1.1

Sheet PUBLICACION INFORMACION (2)
A2: DISCRIMINACION DE ITEMS GLOBALES
A3: NEIVA, 7 de Enero de 2014
A4: ADQUISICION, PROCESAMIENTO Y PUBLICACION DE LA INFORMACION -ITEM 7-
A5: ACTIVIDAD | E5: UNIDAD | F5: CANTIDAD | G5: VLR UNITARIO | H5: SUBTOTAL
A6: Registros Fotograficos, impresos y medios magneticos | E6: Glb | F6: 1 | G6: 5000000 | H6: =+F6*G6 -> 5000000
A7: Copias Físicas Planes de Ordenamiento (Acuerdos municipales vigentes) | E7: Und | F7: 37 | G7: 100000 | H7: =+F7*G7 -> 3700000
A8: Revisión de Planes de Desarrollo (Acuerdos municipales vigentes) | E8: Und | F8: 37 | G8: 100000 | H8: =+F8*G8 -> 3700000
A9: Impresión y Publicación - Ejemplares en Cartillas | E9: Und | F9: 1200 | G9: 5500 | H9: =+F9*G9 -> 6600000
E10: SUBTOTAL COSTO DE LOGISTICA | H10: =SUM(H6:H9) -> 19000000
